Workbook
Name \z: #REF!
Name \z: #REF!
Name Arial: #REF!
Name Arial: #REF!
Name Arial: #REF!
Name Arial: #REF!
Name Arial: #REF!
Name Aut_original: #REF!
Name Aut_original: #REF!
Name Aut_resumo: #REF!
Name Aut_resumo: #REF!
Name CC: éformula
Name CC: éformula
Name CC: éformula
Name CC: éformula
Name COMP: #REF!
Name COMP: #REF!
Name COT.3: #REF!
Name COT.3: #REF!
Name COT.4: #REF!
Name COT.4: #REF!
Name CRONOGRAMA: #REF!
Name CRONOGRAMA: #REF!
Name CRONOGRAMA: #REF!
Name DDDDD: #REF!
Name DEZEMBRO2021: #REF!
Name ff: #REF!
Name ff: #REF!
Name flavio: #REF!
Name flavio: #REF!
Name formato.formula: CELL(48,INDIRECT("rc",FALSE))
Name formatoformula: éformula
Name formatoformula: éformula
Name formatoformula: éformula
Name formatoformula: éformula
Name formatoformula: éformula
Name GGGG: #REF!
Name GGGG: #REF!
Name HHH: #REF!
Name HHH: #REF!
Name iiiiiiiiiiii: #REF!
Name iiiiiiiiiiii: #REF!
Name JR_PAGE_ANCHOR_0_1: #REF!
Name JR_PAGE_ANCHOR_0_1: #REF!
Name JR_PAGE_ANCHOR_0_1: #REF!
Name KKKKKK: #REF!
Name LLLLL: #REF!
Name ORÇAMENTO: #REF!
Name peso: #REF!
Name Print: #REF!
Name Print: #REF!
Name Print_Area: ATESTADOS!$A$9:$J$23
Name Print_Area: 'Cronograma Físico-Financeiro'!$A$1:$BY$148
Name Print_Area: 'MEMORIA CALCULO'!$B$2:$Q$955
Name Print_Area: 'Plan. Orçamentária'!$D$1:$L$316
Name Print_Area: RESUMO!$A$1:$E$46
Name Print_Area_MI: #REF!
Name Print_Area_MI: #REF!
Name Print_Titles: ATESTADOS!$1:$12
Name Print_Titles: 'Cronograma Físico-Financeiro'!$A:$E

Sheet RESUMO
A1: Dados da Obra
A2: Objeto | B2: ='Plan. Orçamentária'!E2 -> AMPLIAÇÃO DO CEI RITA DE CÁSSIA GOMES DENIG
A3: Local | B3: ='Plan. Orçamentária'!E3 -> RUA DR. LOURENÇO DE SÁ ALBUQUERQUE, 70 - JARDIM BRASIL - ATIBAIA SP
A4: Base | B4: ='Plan. Orçamentária'!E4 -> SINAPI - MAR.2025, CDHU - FEV.2025 (197), SIURB EDIFICAÇÕES - JAN. 2025, SIURB INFRAESTRUTURA URBANA - JAN. 2025, FDE -JAN.2025, SICRO NOVO - JAN. 2025 - TODOS ONERADOS
B5: ='Plan. Orçamentária'!E5 -> LEIS SOCIAIS SINAPI - 115,54% - CDHU 128,23% - FDE 122% - SIURB EDIF - 156,70%
A6: BDI | B6: ='Plan. Orçamentária'!E6 -> 0.2247 | C6: ='Plan. Orçamentária'!F6 -> ONERADO
A7: BDI FDE | B7: 0.23
B8: RESUMO
E10: CONTRATADO - ORIGINAL
E11: =E48 -> 1484077.4
A13: Item | B13: Descrição dos Serviços | E13: Preço Total | G13: % TOTAL | H13: % PARCIAL
A15: SERVIÇOS PRELIMINARES | E15: =SUM(E16:E18) -> 335278.26 | G15: =IFERROR(E15/$E$11,0) -> 0.2259
A16: 1 | B16: =IF(A16<>0,INDEX('Plan. Orçamentária'!$D$1:$M$306,MATCH(A16,'Plan. Orçamentária'!$D$1:$D$306,0),2),0) -> EQUIPE TÉCNICA | E16: =IF(A16<>0,INDEX('Plan. Orçamentária'!$D$1:$M$2000,MATCH(A16,'Plan. Orçamentária'!$D$1:$D$2000,0),9),0) -> 107793.84 | G16: =IFERROR(E16/$E$11,0) -> 0.0726 | H16: =IFERROR(E16/$E$15,0) -> 0.322
A17: 2 | B17: =IF(A17<>0,INDEX('Plan. Orçamentária'!$D$1:$M$306,MATCH(A17,'Plan. Orçamentária'!$D$1:$D$306,0),2),0) -> CANTEIRO DE OBRAS | E17: =IF(A17<>0,INDEX('Plan. Orçamentária'!$D$1:$M$2000,MATCH(A17,'Plan. Orçamentária'!$D$1:$D$2000,0),9),0) -> 95159.28 | G17: =IFERROR(E17/$E$11,0) -> 0.0641 | H17: =IFERROR(E17/$E$15,0) -> 0.284
A18: 3 | B18: =IF(A18<>0,INDEX('Plan. Orçamentária'!$D$1:$M$306,MATCH(A18,'Plan. Orçamentária'!$D$1:$D$306,0),2),0) -> INFRAESTRUTURA | E18: =IF(A18<>0,INDEX('Plan. Orçamentária'!$D$1:$M$2000,MATCH(A18,'Plan. Orçamentária'!$D$1:$D$2000,0),9),0) -> 132325.14 | G18: =IFERROR(E18/$E$11,0) -> 0.0892 | H18: =IFERROR(E18/$E$15,0) -> 0.395
A19: BLOCO AMPLIAÇÃO | E19: =SUM(E20:E37) -> 941304.41 | G19: =IFERROR(E19/$E$11,0) -> 0.6343
A20: 4 | B20: =IF(A20<>0,INDEX('Plan. Orçamentária'!$D$1:$M$306,MATCH(A20,'Plan. Orçamentária'!$D$1:$D$306,0),2),0) -> FUNDAÇÃO | E20: =IF(A20<>0,INDEX('Plan. Orçamentária'!$D$1:$M$2000,MATCH(A20,'Plan. Orçamentária'!$D$1:$D$2000,0),9),0) -> 162876.03 | G20: =IFERROR(E20/$E$11,0) -> 0.1097 | H20: =IFERROR(E20/$E$19,0) -> 0.173
A21: 5 | B21: =IF(A21<>0,INDEX('Plan. Orçamentária'!$D$1:$M$306,MATCH(A21,'Plan. Orçamentária'!$D$1:$D$306,0),2),0) -> ESTRUTURAS | E21: =IF(A21<>0,INDEX('Plan. Orçamentária'!$D$1:$M$2000,MATCH(A21,'Plan. Orçamentária'!$D$1:$D$2000,0),9),0) -> 290546.82 | G21: =IFERROR(E21/$E$11,0) -> 0.1958 | H21: =IFERROR(E21/$E$19,0) -> 0.309
A22: 6 | B22: =IF(A22<>0,INDEX('Plan. Orçamentária'!$D$1:$M$306,MATCH(A22,'Plan. Orçamentária'!$D$1:$D$306,0),2),0) -> COBERTURA NOVA | E22: =IF(A22<>0,INDEX('Plan. Orçamentária'!$D$1:$M$2000,MATCH(A22,'Plan. Orçamentária'!$D$1:$D$2000,0),9),0) -> 75241.18 | G22: =IFERROR(E22/$E$11,0) -> 0.0507 | H22: =IFERROR(E22/$E$19,0) -> 0.08
A23: 7 | B23: =IF(A23<>0,INDEX('Plan. Orçamentária'!$D$1:$M$306,MATCH(A23,'Plan. Orçamentária'!$D$1:$D$306,0),2),0) -> IMPERMEABILIZAÇÕES | E23: =IF(A23<>0,INDEX('Plan. Orçamentária'!$D$1:$M$2000,MATCH(A23,'Plan. Orçamentária'!$D$1:$D$2000,0),9),0) -> 72331.2 | G23: =IFERROR(E23/$E$11,0) -> 0.0487 | H23: =IFERROR(E23/$E$19,0) -> 0.077
A24: 8 | B24: =IF(A24<>0,INDEX('Plan. Orçamentária'!$D$1:$M$306,MATCH(A24,'Plan. Orçamentária'!$D$1:$D$306,0),2),0) -> FECHAMENTOS EM ALVENARIA | E24: =IF(A24<>0,INDEX('Plan. Orçamentária'!$D$1:$M$2000,MATCH(A24,'Plan. Orçamentária'!$D$1:$D$2000,0),9),0) -> 65554.81 | G24: =IFERROR(E24/$E$11,0) -> 0.0442 | H24: =IFERROR(E24/$E$19,0) -> 0.07
A25: 9 | B25: =IF(A25<>0,INDEX('Plan. Orçamentária'!$D$1:$M$306,MATCH(A25,'Plan. Orçamentária'!$D$1:$D$306,0),2),0) -> INSTALAÇÕES ELÉTRICAS | E25: =IF(A25<>0,INDEX('Plan. Orçamentária'!$D$1:$M$2000,MATCH(A25,'Plan. Orçamentária'!$D$1:$D$2000,0),9),0) -> 35569.91 | G25: =IFERROR(E25/$E$11,0) -> 0.024 | H25: =IFERROR(E25/$E$19,0) -> 0.038
A26: 10 | B26: =IF(A26<>0,INDEX('Plan. Orçamentária'!$D$1:$M$306,MATCH(A26,'Plan. Orçamentária'!$D$1:$D$306,0),2),0) -> CLIMATIZAÇÃO | E26: =IF(A26<>0,INDEX('Plan. Orçamentária'!$D$1:$M$2000,MATCH(A26,'Plan. Orçamentária'!$D$1:$D$2000,0),9),0) -> 6263.1 | G26: =IFERROR(E26/$E$11,0) -> 0.0042 | H26: =IFERROR(E26/$E$19,0) -> 0.007
A27: 11 | B27: =IF(A27<>0,INDEX('Plan. Orçamentária'!$D$1:$M$306,MATCH(A27,'Plan. Orçamentária'!$D$1:$D$306,0),2),0) -> REDE DE DADOS | E27: =IF(A27<>0,INDEX('Plan. Orçamentária'!$D$1:$M$2000,MATCH(A27,'Plan. Orçamentária'!$D$1:$D$2000,0),9),0) -> 19567.93 | G27: =IFERROR(E27/$E$11,0) -> 0.0132 | H27: =IFERROR(E27/$E$19,0) -> 0.021
A28: 12 | B28: =IF(A28<>0,INDEX('Plan. Orçamentária'!$D$1:$M$306,MATCH(A28,'Plan. Orçamentária'!$D$1:$D$306,0),2),0) -> SPDA | E28: =IF(A28<>0,INDEX('Plan. Orçamentária'!$D$1:$M$2000,MATCH(A28,'Plan. Orçamentária'!$D$1:$D$2000,0),9),0) -> 15503.22 | G28: =IFERROR(E28/$E$11,0) -> 0.0104 | H28: =IFERROR(E28/$E$19,0) -> 0.016
A29: 13 | B29: =IF(A29<>0,INDEX('Plan. Orçamentária'!$D$1:$M$306,MATCH(A29,'Plan. Orçamentária'!$D$1:$D$306,0),2),0) -> ENERGIA SOLAR | E29: =IF(A29<>0,INDEX('Plan. Orçamentária'!$D$1:$M$2000,MATCH(A29,'Plan. Orçamentária'!$D$1:$D$2000,0),9),0) -> 50000.19 | G29: =IFERROR(E29/$E$11,0) -> 0.0337 | H29: =IFERROR(E29/$E$19,0) -> 0.053
A30: 14 | B30: =IF(A30<>0,INDEX('Plan. Orçamentária'!$D$1:$M$306,MATCH(A30,'Plan. Orçamentária'!$D$1:$D$306,0),2),0) -> INSTALAÇÕES HIDRÁULICAS - REDE DE ÁGUA FRIA | E30: =IF(A30<>0,INDEX('Plan. Orçamentária'!$D$1:$M$2000,MATCH(A30,'Plan. Orçamentária'!$D$1:$D$2000,0),9),0) -> 8406.61 | G30: =IFERROR(E30/$E$11,0) -> 0.0057 | H30: =IFERROR(E30/$E$19,0) -> 0.009
A31: 15 | B31: =IF(A31<>0,INDEX('Plan. Orçamentária'!$D$1:$M$306,MATCH(A31,'Plan. Orçamentária'!$D$1:$D$306,0),2),0) -> INSTALAÇÕES HIDRÁULICAS - REDE DE ESGOTO | E31: =IF(A31<>0,INDEX('Plan. Orçamentária'!$D$1:$M$2000,MATCH(A31,'Plan. Orçamentária'!$D$1:$D$2000,0),9),0) -> 13273.51 | G31: =IFERROR(E31/$E$11,0) -> 0.0089 | H31: =IFERROR(E31/$E$19,0) -> 0.014
... A37: 21 | B37: =IF(A37<>0,INDEX('Plan. Orçamentária'!$D$1:$M$306,MATCH(A37,'Plan. Orçamentária'!$D$1:$D$306,0),2),0) -> LIMPEZA FINAL | E37: =IF(A37<>0,INDEX('Plan. Orçamentária'!$D$1:$M$2000,MATCH(A37,'Plan. Orçamentária'!$D$1:$D$2000,0),9),0) -> 809.2 | G37: =IFERROR(E37/$E$11,0) -> 0.0005 | H37: =IFERROR(E37/$E$19,0) -> 0.001
A38: IMPLANTAÇÃO | E38: =SUM(E39:E46) -> 207494.69 | G38: =IFERROR(E38/$E$11,0) -> 0.1398
A39: 22 | B39: =IF(A39<>0,INDEX('Plan. Orçamentária'!$D$1:$M$306,MATCH(A39,'Plan. Orçamentária'!$D$1:$D$306,0),2),0) -> INSTALAÇÕES ELÉTRICAS | E39: =IF(A39<>0,INDEX('Plan. Orçamentária'!$D$1:$M$2000,MATCH(A39,'Plan. Orçamentária'!$D$1:$D$2000,0),9),0) -> 12528.6 | G39: =IFERROR(E39/$E$11,0) -> 0.0084 | H39: =IFERROR(E39/$E$38,0) -> 0.06
A40: 23 | B40: =IF(A40<>0,INDEX('Plan. Orçamentária'!$D$1:$M$306,MATCH(A40,'Plan. Orçamentária'!$D$1:$D$306,0),2),0) -> SPDA | E40: =IF(A40<>0,INDEX('Plan. Orçamentária'!$D$1:$M$2000,MATCH(A40,'Plan. Orçamentária'!$D$1:$D$2000,0),9),0) -> 2699.56 | G40: =IFERROR(E40/$E$11,0) -> 0.0018 | H40: =IFERROR(E40/$E$38,0) -> 0.013
A41: 24 | B41: =IF(A41<>0,INDEX('Plan. Orçamentária'!$D$1:$M$306,MATCH(A41,'Plan. Orçamentária'!$D$1:$D$306,0),2),0) -> PASSEIOS | E41: =IF(A41<>0,INDEX('Plan. Orçamentária'!$D$1:$M$2000,MATCH(A41,'Plan. Orçamentária'!$D$1:$D$2000,0),9),0) -> 7190.27 | G41: =IFERROR(E41/$E$11,0) -> 0.0048 | H41: =IFERROR(E41/$E$38,0) -> 0.035
A42: 25 | B42: =IF(A42<>0,INDEX('Plan. Orçamentária'!$D$1:$M$306,MATCH(A42,'Plan. Orçamentária'!$D$1:$D$306,0),2),0) -> PAISAGISMO | E42: =IF(A42<>0,INDEX('Plan. Orçamentária'!$D$1:$M$2000,MATCH(A42,'Plan. Orçamentária'!$D$1:$D$2000,0),9),0) -> 18569.44 | G42: =IFERROR(E42/$E$11,0) -> 0.0125 | H42: =IFERROR(E42/$E$38,0) -> 0.089
A43: 26 | B43: =IF(A43<>0,INDEX('Plan. Orçamentária'!$D$1:$M$306,MATCH(A43,'Plan. Orçamentária'!$D$1:$D$306,0),2),0) -> PLAYGROUND | E43: =IF(A43<>0,INDEX('Plan. Orçamentária'!$D$1:$M$2000,MATCH(A43,'Plan. Orçamentária'!$D$1:$D$2000,0),9),0) -> 103590.2 | G43: =IFERROR(E43/$E$11,0) -> 0.0698 | H43: =IFERROR(E43/$E$38,0) -> 0.499
A44: 27 | B44: =IF(A44<>0,INDEX('Plan. Orçamentária'!$D$1:$M$306,MATCH(A44,'Plan. Orçamentária'!$D$1:$D$306,0),2),0) -> CORRIMÃO | E44: =IF(A44<>0,INDEX('Plan. Orçamentária'!$D$1:$M$2000,MATCH(A44,'Plan. Orçamentária'!$D$1:$D$2000,0),9),0) -> 58335.21 | G44: =IFERROR(E44/$E$11,0) -> 0.0393 | H44: =IFERROR(E44/$E$38,0) -> 0.281
A45: 28 | B45: =IF(A45<>0,INDEX('Plan. Orçamentária'!$D$1:$M$306,MATCH(A45,'Plan. Orçamentária'!$D$1:$D$306,0),2),0) -> PORTÃO | E45: =IF(A45<>0,INDEX('Plan. Orçamentária'!$D$1:$M$2000,MATCH(A45,'Plan. Orçamentária'!$D$1:$D$2000,0),9),0) -> 3203.66 | G45: =IFERROR(E45/$E$11,0) -> 0.0022 | H45: =IFERROR(E45/$E$38,0) -> 0.015
A46: 29 | B46: =IF(A46<>0,INDEX('Plan. Orçamentária'!$D$1:$M$306,MATCH(A46,'Plan. Orçamentária'!$D$1:$D$306,0),2),0) -> LIMPEZA FINAL | E46: =IF(A46<>0,INDEX('Plan. Orçamentária'!$D$1:$M$2000,MATCH(A46,'Plan. Orçamentária'!$D$1:$D$2000,0),9),0) -> 1377.75 | G46: =IFERROR(E46/$E$11,0) -> 0.0009 | H46: =IFERROR(E46/$E$38,0) -> 0.007
E48: =SUMIF(A16:A46,">0,9",E16:E46) -> 1484077.4
A50: =TODAY() -> 45782
B55: ARQº MARLON LIMA
B56: ARQUITETO E URBANISTA
B57: CAU / SP A96639-8

Sheet Plan. Orçamentária
D1: Dados da Obra | Q1: RESUMO | T1: ESCOLHIDO
D2: Objeto | E2: AMPLIAÇÃO DO CEI RITA DE CÁSSIA GOMES DENIG | R2: DESONERADO | S2: ONERADO | T2: =F6 -> ONERADO
D3: Local | E3: RUA DR. LOURENÇO DE SÁ ALBUQUERQUE, 70 - JARDIM BRASIL - ATIBAIA SP | Q3: BDI Geral | R3: =BDI!G27 -> 0.2882 | S3: =BDI!G26 -> 0.2247 | T3: =IF($T$2="Onerado",S3,R3) -> 0.2247
D4: Base | E4: SINAPI - MAR.2025, CDHU - FEV.2025 (197), SIURB EDIFICAÇÕES - JAN. 2025, SIURB INFRAESTRUTURA URBANA - JAN. 2025, FDE -JAN.2025, SICRO NOVO - JAN. 2025 - TODOS ONERADOS | Q4: BDI Diferen. | R4: 0 | S4: 0 | T4: =IF($T$2="Desonerado",R4,S4) -> 0
E5: LEIS SOCIAIS SINAPI - 115,54% - CDHU 128,23% - FDE 122% - SIURB EDIF - 156,70% | Q5: Valor Global | R5: 0 | S5: 0 | T5: x
D6: BDI | E6: =T3 -> 0.2247 | F6: ONERADO | Q6: Diferença | R6: 0
D7: BDI FDE | E7: 0.23
D8: PLANILHA ORÇAMENTÁRIA | Q8: TABELAS DE CUSTOS COM BDI INCLUÍDO | T8: ESCOLHIDO
Q9: SICRO | R9: 0.3432 | S9: 0.267 | T9: 0.3432 | U9: (Só temos Onerada)
I10: CONTRATADO - ORIGINAL | T10: 0
I11: VALOR GLOBAL | L11: =L307 -> 1484077.4 | Q11: DER/SP | R11: 0.4179 | S11: 0.35 | T11: 0.4179
T12: 0
D13: Item | E13: Fonte | F13: Código | G13: Descrição dos Serviços | H13: Unid. | I13: Quant. | J13: Custo Unitário | K13: Preço Unitário | L13: Preço Total | Q13: FDE | R13: 0.195 | T13: =R13 -> 0.195 | U13: (Só temos Desonerada)
Q14: SABESP | R14: 0.3481 | S14: 0.28 | T14: 0.3481 | U14: (Só temos Onerada)
E15: SERVIÇOS PRELIMINARES
A16: =LEFT(D16,1) -> 1 | B16: =D16 -> 1 | C16: =IF(D16="",0,B16) -> 1 | D16: 1 | E16: EQUIPE TÉCNICA | K16: SUBTOTAL | L16: =SUMIF(C17:C306,D16,L17:L306) -> 107793.84 | O16: =IFERROR(L16/$L$11,0) -> 0.0726
A17: =LEFT(D17,1) -> 1 | B17: =B16 -> 1 | C17: =IF(D17="",0,B17) -> 1 | D17: =(D16*1000)+1 -> 1001 | E17: SINAPI | F17: 90778 | G17: =IF($E17="SINAPI",VLOOKUP($F17,'SINAPI_ONERADO-03.25'!$B$14:$E$10000,2,FALSE),IF($E17="CDHU",VLOOKUP($F17,'CDHU_Onerado-02.25 (197)'!$A$9:$F$4114,2,FALSE),IF($E17="FDE",VLOOKUP($F17,'FDE-01.25'!$A$3:$D$4000,2,FALSE),IF($E17="SIURB (E)",VLOOKUP($F17,'EDIF SEM Des JAN25'!$A$3:$D$3000,2,FALSE),IF($E17="SIURB (I)",VLOOKUP($F17,'INFRA SEM Des JAN25'!$A$2:$D$1000,2,FALSE),IF($E17="SICRO NOVO",VLOOKUP($F17,'SICRO.DNIT ONERADA 01.25'!$A$4:$D$7000,2,FALSE),0)))))) -> ENGENHEIRO CIVIL DE OBRA PLENO COM ENCARGOS COMPLEMENTARES | H17: =IF($E17="SINAPI",VLOOKUP($F17,'SINAPI_ONERADO-03.25'!$B$2:$E$10000,3,FALSE),IF($E17="CDHU",VLOOKUP($F17,'CDHU_Onerado-02.25 (197)'!$A$9:$F$4114,3,FALSE),IF($E17="FDE",VLOOKUP($F17,'FDE-01.25'!$A$3:$D$4000,3,FALSE),IF($E17="SIURB (E)",VLOOKUP($F17,'EDIF SEM Des JAN25'!$A$3:$D$3000,3,FALSE),IF($E17="SIURB (I)",VLOOKUP($F17,'INFRA SEM Des JAN25'!$A$2:$D$1000,3,FALSE),IF($E17="SICRO NOVO",VLOOKUP($F17,'SICRO.DNIT ONERADA 01.25'!$A$4:$D$7000,3,FALSE),0)))))) -> H | I17: =IF(D17<>0,INDEX('MEMORIA CALCULO'!$A$1:$Q$2429,MATCH(D17,'MEMORIA CALCULO'!$A$1:$A$2429,0),17),0) -> 264 | J17: =IF($E17="SINAPI",VLOOKUP($F17,'SINAPI_ONERADO-03.25'!$B$14:$E$10000,4,FALSE),IF($E17="CDHU",VLOOKUP($F17,'CDHU_Onerado-02.25 (197)'!$A$9:$F$4114,6,FALSE),IF($E17="FDE",VLOOKUP($F17,'FDE-01.25'!$A$3:$E$4000,5,FALSE),IF($E17="SIURB (E)",VLOOKUP($F17,'EDIF SEM Des JAN25'!$A$3:$D$3000,4,FALSE),IF($E17="SIURB (I)",VLOOKUP($F17,'INFRA SEM Des JAN25'!$A$2:$D$1000,4,FALSE),IF($E17="SICRO NOVO",VLOOKUP($F17,'SICRO.DNIT ONERADA 01.25'!$A$4:$D$7000,4,FALSE),0)))))) -> 132.73 | K17: =J17*(1+IF(N17="x",$T$4,$T$3)) -> 162.55 | L17: =ROUND(ROUND(I17,2)*ROUND(K17,2),2) -> 42913.2 | O17: =IFERROR(L17/$L$11,0) -> 0.0289
A18: =LEFT(D18,1) -> 1 | B18: =B17 -> 1 | C18: =IF(D18="",0,B18) -> 1 | D18: =D17+1 -> 1002 | E18: SINAPI | F18: 90776 | G18: =IF($E18="SINAPI",VLOOKUP($F18,'SINAPI_ONERADO-03.25'!$B$14:$E$10000,2,FALSE),IF($E18="CDHU",VLOOKUP($F18,'CDHU_Onerado-02.25 (197)'!$A$9:$F$4114,2,FALSE),IF($E18="FDE",VLOOKUP($F18,'FDE-01.25'!$A$3:$D$4000,2,FALSE),IF($E18="SIURB (E)",VLOOKUP($F18,'EDIF SEM Des JAN25'!$A$3:$D$3000,2,FALSE),IF($E18="SIURB (I)",VLOOKUP($F18,'INFRA SEM Des JAN25'!$A$2:$D$1000,2,FALSE),IF($E18="SICRO NOVO",VLOOKUP($F18,'SICRO.DNIT ONERADA 01.25'!$A$4:$D$7000,2,FALSE),0)))))) -> ENCARREGADO GERAL COM ENCARGOS COMPLEMENTARES | H18: =IF($E18="SINAPI",VLOOKUP($F18,'SINAPI_ONERADO-03.25'!$B$2:$E$10000,3,FALSE),IF($E18="CDHU",VLOOKUP($F18,'CDHU_Onerado-02.25 (197)'!$A$9:$F$4114,3,FALSE),IF($E18="FDE",VLOOKUP($F18,'FDE-01.25'!$A$3:$D$4000,3,FALSE),IF($E18="SIURB (E)",VLOOKUP($F18,'EDIF SEM Des JAN25'!$A$3:$D$3000,3,FALSE),IF($E18="SIURB (I)",VLOOKUP($F18,'INFRA SEM Des JAN25'!$A$2:$D$1000,3,FALSE),IF($E18="SICRO NOVO",VLOOKUP($F18,'SICRO.DNIT ONERADA 01.25'!$A$4:$D$7000,3,FALSE),0)))))) -> H | I18: =IF(D18<>0,INDEX('MEMORIA CALCULO'!$A$1:$Q$2429,MATCH(D18,'MEMORIA CALCULO'!$A$1:$A$2429,0),17),0) -> 1056 | J18: =IF($E18="SINAPI",VLOOKUP($F18,'SINAPI_ONERADO-03.25'!$B$14:$E$10000,4,FALSE),IF($E18="CDHU",VLOOKUP($F18,'CDHU_Onerado-02.25 (197)'!$A$9:$F$4114,6,FALSE),IF($E18="FDE",VLOOKUP($F18,'FDE-01.25'!$A$3:$E$4000,5,FALSE),IF($E18="SIURB (E)",VLOOKUP($F18,'EDIF SEM Des JAN25'!$A$3:$D$3000,4,FALSE),IF($E18="SIURB (I)",VLOOKUP($F18,'INFRA SEM Des JAN25'!$A$2:$D$1000,4,FALSE),IF($E18="SICRO NOVO",VLOOKUP($F18,'SICRO.DNIT ONERADA 01.25'!$A$4:$D$7000,4,FALSE),0)))))) -> 50.17 | K18: =J18*(1+IF(N18="x",$T$4,$T$3)) -> 61.44 | L18: =ROUND(ROUND(I18,2)*ROUND(K18,2),2) -> 64880.64 | O18: =IFERROR(L18/$L$11,0) -> 0.0437
A20: =LEFT(D20,1) -> 2 | B20: =D20 -> 2 | C20: =IF(D20="",0,B20) -> 2 | D20: =D16+1 -> 2 | E20: CANTEIRO DE OBRAS | K20: SUBTOTAL | L20: =SUMIF(C21:C312,D20,L21:L312) -> 95159.28 | O20: =IFERROR(L20/$L$11,0) -> 0.0641
A21: =LEFT(D21,1) -> 2 | B21: =B20 -> 2 | C21: =IF(D21="",0,B21) -> 2 | D21: =(D20*1000)+1 -> 2001 | E21: CDHU | F21: 02.10.020 | G21: =IF($E21="SINAPI",VLOOKUP($F21,'SINAPI_ONERADO-03.25'!G22:K7574,2,FALSE),IF($E21="CDHU",VLOOKUP($F21,'CDHU_Onerado-02.25 (197)'!$A$9:$F$4114,2,FALSE),IF($E21="FDE",VLOOKUP($F21,'FDE-01.25'!$A$3:$D$4000,2,FALSE),IF($E21="SIURB (E)",VLOOKUP($F21,'EDIF SEM Des JAN25'!$A$3:$D$3000,2,FALSE),IF($E21="SIURB (I)",VLOOKUP($F21,'INFRA SEM Des JAN25'!$A$2:$D$1000,2,FALSE),IF($E21="SICRO NOVO",VLOOKUP($F21,'SICRO.DNIT ONERADA 01.25'!$A$4:$D$7000,2,FALSE),0)))))) -> Locação de obra de edificação | H21: =IF($E21="SINAPI",VLOOKUP($F21,'SINAPI_ONERADO-03.25'!$G$2:$K$7540,3,FALSE),IF($E21="CDHU",VLOOKUP($F21,'CDHU_Onerado-02.25 (197)'!$A$9:$F$4114,3,FALSE),IF($E21="FDE",VLOOKUP($F21,'FDE-01.25'!$A$3:$D$4000,3,FALSE),IF($E21="SIURB (E)",VLOOKUP($F21,'EDIF SEM Des JAN25'!$A$3:$D$3000,3,FALSE),IF($E21="SIURB (I)",VLOOKUP($F21,'INFRA SEM Des JAN25'!$A$2:$D$1000,3,FALSE),IF($E21="SICRO NOVO",VLOOKUP($F21,'SICRO.DNIT ONERADA 01.25'!$A$4:$D$7000,3,FALSE),0)))))) -> M2 | I21: =IF(D21<>0,INDEX('MEMORIA CALCULO'!$A$1:$Q$2429,MATCH(D21,'MEMORIA CALCULO'!$A$1:$A$2429,0),17),0) -> 428 | J21: =IF($E21="SINAPI",VLOOKUP($F21,'SINAPI_ONERADO-03.25'!$G$2:$K$7540,5,FALSE),IF($E21="CDHU",VLOOKUP($F21,'CDHU_Onerado-02.25 (197)'!$A$9:$F$4114,6,FALSE),IF($E21="FDE",VLOOKUP($F21,'FDE-01.25'!$A$3:$E$4000,5,FALSE),IF($E21="SIURB (E)",VLOOKUP($F21,'EDIF SEM Des JAN25'!$A$3:$D$3000,4,FALSE),IF($E21="SIURB (I)",VLOOKUP($F21,'INFRA SEM Des JAN25'!$A$2:$D$1000,4,FALSE),IF($E21="SICRO NOVO",VLOOKUP($F21,'SICRO.DNIT ONERADA 01.25'!$A$4:$D$7000,4,FALSE),0)))))) -> 17.82 | K21: =J21*(1+IF(N21="x",$T$4,$T$3)) -> 21.82 | L21: =ROUND(ROUND(I21,2)*ROUND(K21,2),2) -> 9338.96 | O21: =IFERROR(L21/$L$11,0) -> 0.0063
A22: =LEFT(D22,1) -> 2 | B22: =B21 -> 2 | C22: =IF(D22="",0,B22) -> 2 | D22: =D21+1 -> 2002 | E22: CDHU | F22: 02.02.150 | G22: =IF($E22="SINAPI",VLOOKUP($F22,'SINAPI_ONERADO-03.25'!G23:K7575,2,FALSE),IF($E22="CDHU",VLOOKUP($F22,'CDHU_Onerado-02.25 (197)'!$A$9:$F$4114,2,FALSE),IF($E22="FDE",VLOOKUP($F22,'FDE-01.25'!$A$3:$D$4000,2,FALSE),IF($E22="SIURB (E)",VLOOKUP($F22,'EDIF SEM Des JAN25'!$A$3:$D$3000,2,FALSE),IF($E22="SIURB (I)",VLOOKUP($F22,'INFRA SEM Des JAN25'!$A$2:$D$1000,2,FALSE),IF($E22="SICRO NOVO",VLOOKUP($F22,'SICRO.DNIT ONERADA 01.25'!$A$4:$D$7000,2,FALSE),0)))))) -> Locação de container tipo depósito - área mínima de 13,80 m² | H22: =IF($E22="SINAPI",VLOOKUP($F22,'SINAPI_ONERADO-03.25'!$G$2:$K$7540,3,FALSE),IF($E22="CDHU",VLOOKUP($F22,'CDHU_Onerado-02.25 (197)'!$A$9:$F$4114,3,FALSE),IF($E22="FDE",VLOOKUP($F22,'FDE-01.25'!$A$3:$D$4000,3,FALSE),IF($E22="SIURB (E)",VLOOKUP($F22,'EDIF SEM Des JAN25'!$A$3:$D$3000,3,FALSE),IF($E22="SIURB (I)",VLOOKUP($F22,'INFRA SEM Des JAN25'!$A$2:$D$1000,3,FALSE),IF($E22="SICRO NOVO",VLOOKUP($F22,'SICRO.DNIT ONERADA 01.25'!$A$4:$D$7000,3,FALSE),0)))))) -> UNMES | I22: =IF(D22<>0,INDEX('MEMORIA CALCULO'!$A$1:$Q$2429,MATCH(D22,'MEMORIA CALCULO'!$A$1:$A$2429,0),17),0) -> 6 | J22: =IF($E22="SINAPI",VLOOKUP($F22,'SINAPI_ONERADO-03.25'!$G$2:$K$7540,5,FALSE),IF($E22="CDHU",VLOOKUP($F22,'CDHU_Onerado-02.25 (197)'!$A$9:$F$4114,6,FALSE),IF($E22="FDE",VLOOKUP($F22,'FDE-01.25'!$A$3:$E$4000,5,FALSE),IF($E22="SIURB (E)",VLOOKUP($F22,'EDIF SEM Des JAN25'!$A$3:$D$3000,4,FALSE),IF($E22="SIURB (I)",VLOOKUP($F22,'INFRA SEM Des JAN25'!$A$2:$D$1000,4,FALSE),IF($E22="SICRO NOVO",VLOOKUP($F22,'SICRO.DNIT ONERADA 01.25'!$A$4:$D$7000,4,FALSE),0)))))) -> 952.59 | K22: =J22*(1+IF(N22="x",$T$4,$T$3)) -> 1166.64 | L22: =ROUND(ROUND(I22,2)*ROUND(K22,2),2) -> 6999.84 | O22: =IFERROR(L22/$L$11,0) -> 0.0047
A23: =LEFT(D23,1) -> 2 | B23: =B22 -> 2 | C23: =IF(D23="",0,B23) -> 2 | D23: =D22+1 -> 2003 | E23: CDHU | F23: 02.02.140 | G23: =IF($E23="SINAPI",VLOOKUP($F23,'SINAPI_ONERADO-03.25'!G24:K7576,2,FALSE),IF($E23="CDHU",VLOOKUP($F23,'CDHU_Onerado-02.25 (197)'!$A$9:$F$4114,2,FALSE),IF($E23="FDE",VLOOKUP($F23,'FDE-01.25'!$A$3:$D$4000,2,FALSE),IF($E23="SIURB (E)",VLOOKUP($F23,'EDIF SEM Des JAN25'!$A$3:$D$3000,2,FALSE),IF($E23="SIURB (I)",VLOOKUP($F23,'INFRA SEM Des JAN25'!$A$2:$D$1000,2,FALSE),IF($E23="SICRO NOVO",VLOOKUP($F23,'SICRO.DNIT ONERADA 01.25'!$A$4:$D$7000,2,FALSE),0)))))) -> Locação de container tipo sanitário com 2 vasos sanitários, 2 lavatórios, 2 mictórios e 4 pontos para chuveiro - área mínima de 13,80 m² | H23: =IF($E23="SINAPI",VLOOKUP($F23,'SINAPI_ONERADO-03.25'!$G$2:$K$7540,3,FALSE),IF($E23="CDHU",VLOOKUP($F23,'CDHU_Onerado-02.25 (197)'!$A$9:$F$4114,3,FALSE),IF($E23="FDE",VLOOKUP($F23,'FDE-01.25'!$A$3:$D$4000,3,FALSE),IF($E23="SIURB (E)",VLOOKUP($F23,'EDIF SEM Des JAN25'!$A$3:$D$3000,3,FALSE),IF($E23="SIURB (I)",VLOOKUP($F23,'INFRA SEM Des JAN25'!$A$2:$D$1000,3,FALSE),IF($E23="SICRO NOVO",VLOOKUP($F23,'SICRO.DNIT ONERADA 01.25'!$A$4:$D$7000,3,FALSE),0)))))) -> UNMES | I23: =IF(D23<>0,INDEX('MEMORIA CALCULO'!$A$1:$Q$2429,MATCH(D23,'MEMORIA CALCULO'!$A$1:$A$2429,0),17),0) -> 6 | J23: =IF($E23="SINAPI",VLOOKUP($F23,'SINAPI_ONERADO-03.25'!$G$2:$K$7540,5,FALSE),IF($E23="CDHU",VLOOKUP($F23,'CDHU_Onerado-02.25 (197)'!$A$9:$F$4114,6,FALSE),IF($E23="FDE",VLOOKUP($F23,'FDE-01.25'!$A$3:$E$4000,5,FALSE),IF($E23="SIURB (E)",VLOOKUP($F23,'EDIF SEM Des JAN25'!$A$3:$D$3000,4,FALSE),IF($E23="SIURB (I)",VLOOKUP($F23,'INFRA SEM Des JAN25'!$A$2:$D$1000,4,FALSE),IF($E23="SICRO NOVO",VLOOKUP($F23,'SICRO.DNIT ONERADA 01.25'!$A$4:$D$7000,4,FALSE),0)))))) -> 1435.92 | K23: =J23*(1+IF(N23="x",$T$4,$T$3)) -> 1758.57 | L23: =ROUND(ROUND(I23,2)*ROUND(K23,2),2) -> 10551.42 | O23: =IFERROR(L23/$L$11,0) -> 0.0071
A24: =LEFT(D24,1) -> 2 | B24: =B23 -> 2 | C24: =IF(D24="",0,B24) -> 2 | D24: =D23+1 -> 2004 | E24: CDHU | F24: 02.02.130 | G24: =IF($E24="SINAPI",VLOOKUP($F24,'SINAPI_ONERADO-03.25'!G25:K7577,2,FALSE),IF($E24="CDHU",VLOOKUP($F24,'CDHU_Onerado-02.25 (197)'!$A$9:$F$4114,2,FALSE),IF($E24="FDE",VLOOKUP($F24,'FDE-01.25'!$A$3:$D$4000,2,FALSE),IF($E24="SIURB (E)",VLOOKUP($F24,'EDIF SEM Des JAN25'!$A$3:$D$3000,2,FALSE),IF($E24="SIURB (I)",VLOOKUP($F24,'INFRA SEM Des JAN25'!$A$2:$D$1000,2,FALSE),IF($E24="SICRO NOVO",VLOOKUP($F24,'SICRO.DNIT ONERADA 01.25'!$A$4:$D$7000,2,FALSE),0)))))) -> Locação de container tipo escritório com 1 vaso sanitário, 1 lavatório e 1 ponto para chuveiro - área mínima de 13,80 m² | H24: =IF($E24="SINAPI",VLOOKUP($F24,'SINAPI_ONERADO-03.25'!$G$2:$K$7540,3,FALSE),IF($E24="CDHU",VLOOKUP($F24,'CDHU_Onerado-02.25 (197)'!$A$9:$F$4114,3,FALSE),IF($E24="FDE",VLOOKUP($F24,'FDE-01.25'!$A$3:$D$4000,3,FALSE),IF($E24="SIURB (E)",VLOOKUP($F24,'EDIF SEM Des JAN25'!$A$3:$D$3000,3,FALSE),IF($E24="SIURB (I)",VLOOKUP($F24,'INFRA SEM Des JAN25'!$A$2:$D$1000,3,FALSE),IF($E24="SICRO NOVO",VLOOKUP($F24,'SICRO.DNIT ONERADA 01.25'!$A$4:$D$7000,3,FALSE),0)))))) -> UNMES | I24: =IF(D24<>0,INDEX('MEMORIA CALCULO'!$A$1:$Q$2429,MATCH(D24,'MEMORIA CALCULO'!$A$1:$A$2429,0),17),0) -> 12 | J24: =IF($E24="SINAPI",VLOOKUP($F24,'SINAPI_ONERADO-03.25'!$G$2:$K$7540,5,FALSE),IF($E24="CDHU",VLOOKUP($F24,'CDHU_Onerado-02.25 (197)'!$A$9:$F$4114,6,FALSE),IF($E24="FDE",VLOOKUP($F24,'FDE-01.25'!$A$3:$E$4000,5,FALSE),IF($E24="SIURB (E)",VLOOKUP($F24,'EDIF SEM Des JAN25'!$A$3:$D$3000,4,FALSE),IF($E24="SIURB (I)",VLOOKUP($F24,'INFRA SEM Des JAN25'!$A$2:$D$1000,4,FALSE),IF($E24="SICRO NOVO",VLOOKUP($F24,'SICRO.DNIT ONERADA 01.25'!$A$4:$D$7000,4,FALSE),0)))))) -> 1556.92 | K24: =J24*(1+IF(N24="x",$T$4,$T$3)) -> 1906.76 | L24: =ROUND(ROUND(I24,2)*ROUND(K24,2),2) -> 22881.12 | O24: =IFERROR(L24/$L$11,0) -> 0.0154
A25: =LEFT(D25,1) -> 2 | B25: =B24 -> 2 | C25: =IF(D25="",0,B25) -> 2 | D25: =D24+1 -> 2005 | E25: SINAPI | F25: 98459 | G25: =IF($E25="SINAPI",VLOOKUP($F25,'SINAPI_ONERADO-03.25'!$B$14:$E$10000,2,FALSE),IF($E25="CDHU",VLOOKUP($F25,'CDHU_Onerado-02.25 (197)'!$A$9:$F$4114,2,FALSE),IF($E25="FDE",VLOOKUP($F25,'FDE-01.25'!$A$3:$D$4000,2,FALSE),IF($E25="SIURB (E)",VLOOKUP($F25,'EDIF SEM Des JAN25'!$A$3:$D$3000,2,FALSE),IF($E25="SIURB (I)",VLOOKUP($F25,'INFRA SEM Des JAN25'!$A$2:$D$1000,2,FALSE),IF($E25="SICRO NOVO",VLOOKUP($F25,'SICRO.DNIT ONERADA 01.25'!$A$4:$D$7000,2,FALSE),0)))))) -> TAPUME COM TELHA METÁLICA. AF_03/2024 | H25: =IF($E25="SINAPI",VLOOKUP($F25,'SINAPI_ONERADO-03.25'!$B$2:$E$10000,3,FALSE),IF($E25="CDHU",VLOOKUP($F25,'CDHU_Onerado-02.25 (197)'!$A$9:$F$4114,3,FALSE),IF($E25="FDE",VLOOKUP($F25,'FDE-01.25'!$A$3:$D$4000,3,FALSE),IF($E25="SIURB (E)",VLOOKUP($F25,'EDIF SEM Des JAN25'!$A$3:$D$3000,3,FALSE),IF($E25="SIURB (I)",VLOOKUP($F25,'INFRA SEM Des JAN25'!$A$2:$D$1000,3,FALSE),IF($E25="SICRO NOVO",VLOOKUP($F25,'SICRO.DNIT ONERADA 01.25'!$A$4:$D$7000,3,FALSE),0)))))) -> M2 | I25: =IF(D25<>0,INDEX('MEMORIA CALCULO'!$A$1:$Q$2429,MATCH(D25,'MEMORIA CALCULO'!$A$1:$A$2429,0),17),0) -> 182.6 | J25: =IF($E25="SINAPI",VLOOKUP($F25,'SINAPI_ONERADO-03.25'!$B$14:$E$10000,4,FALSE),IF($E25="CDHU",VLOOKUP($F25,'CDHU_Onerado-02.25 (197)'!$A$9:$F$4114,6,FALSE),IF($E25="FDE",VLOOKUP($F25,'FDE-01.25'!$A$3:$E$4000,5,FALSE),IF($E25="SIURB (E)",VLOOKUP($F25,'EDIF SEM Des JAN25'!$A$3:$D$3000,4,FALSE),IF($E25="SIURB (I)",VLOOKUP($F25,'INFRA SEM Des JAN25'!$A$2:$D$1000,4,FALSE),IF($E25="SICRO NOVO",VLOOKUP($F25,'SICRO.DNIT ONERADA 01.25'!$A$4:$D$7000,4,FALSE),0)))))) -> 95.12 | K25: =J25*(1+IF(N25="x",$T$4,$T$3)) -> 116.49 | L25: =ROUND(ROUND(I25,2)*ROUND(K25,2),2) -> 21271.07 | O25: =IFERROR(L25/$L$11,0) -> 0.0143
A26: =LEFT(D26,1) -> 2 | B26: =B25 -> 2 | C26: =IF(D26="",0,B26) -> 2 | D26: =D25+1 -> 2006 | E26: SIURB (E) | F26: 1005007 | G26: =IF($E26="SINAPI",VLOOKUP($F26,'SINAPI_ONERADO-03.25'!G27:K7579,2,FALSE),IF($E26="CDHU",VLOOKUP($F26,'CDHU_Onerado-02.25 (197)'!$A$9:$F$4114,2,FALSE),IF($E26="FDE",VLOOKUP($F26,'FDE-01.25'!$A$3:$D$4000,2,FALSE),IF($E26="SIURB (E)",VLOOKUP($F26,'EDIF SEM Des JAN25'!$A$3:$D$3000,2,FALSE),IF($E26="SIURB (I)",VLOOKUP($F26,'INFRA SEM Des JAN25'!$A$2:$D$1000,2,FALSE),IF($E26="SICRO NOVO",VLOOKUP($F26,'SICRO.DNIT ONERADA 01.25'!$A$4:$D$7000,2,FALSE),0)))))) -> PORTÃO DE PEDESTRES - 1,15M, PARA TAPUME | H26: =IF($E26="SINAPI",VLOOKUP($F26,'SINAPI_ONERADO-03.25'!$G$2:$K$7540,3,FALSE),IF($E26="CDHU",VLOOKUP($F26,'CDHU_Onerado-02.25 (197)'!$A$9:$F$4114,3,FALSE),IF($E26="FDE",VLOOKUP($F26,'FDE-01.25'!$A$3:$D$4000,3,FALSE),IF($E26="SIURB (E)",VLOOKUP($F26,'EDIF SEM Des JAN25'!$A$3:$D$3000,3,FALSE),IF($E26="SIURB (I)",VLOOKUP($F26,'INFRA SEM Des JAN25'!$A$2:$D$1000,3,FALSE),IF($E26="SICRO NOVO",VLOOKUP($F26,'SICRO.DNIT ONERADA 01.25'!$A$4:$D$7000,3,FALSE),0)))))) -> M2 | I26: =IF(D26<>0,INDEX('MEMORIA CALCULO'!$A$1:$Q$2429,MATCH(D26,'MEMORIA CALCULO'!$A$1:$A$2429,0),17),0) -> 1.89 | J26: =IF($E26="SINAPI",VLOOKUP($F26,'SINAPI_ONERADO-03.25'!$G$2:$K$7540,5,FALSE),IF($E26="CDHU",VLOOKUP($F26,'CDHU_Onerado-02.25 (197)'!$A$9:$F$4114,6,FALSE),IF($E26="FDE",VLOOKUP($F26,'FDE-01.25'!$A$3:$E$4000,5,FALSE),IF($E26="SIURB (E)",VLOOKUP($F26,'EDIF SEM Des JAN25'!$A$3:$D$3000,4,FALSE),IF($E26="SIURB (I)",VLOOKUP($F26,'INFRA SEM Des JAN25'!$A$2:$D$1000,4,FALSE),IF($E26="SICRO NOVO",VLOOKUP($F26,'SICRO.DNIT ONERADA 01.25'!$A$4:$D$7000,4,FALSE),0)))))) -> 277.23 | K26: =J26*(1+IF(N26="x",$T$4,$T$3)) -> 339.52 | L26: =ROUND(ROUND(I26,2)*ROUND(K26,2),2) -> 641.69 | O26: =IFERROR(L26/$L$11,0) -> 0.0004
A27: =LEFT(D27,1) -> 2 | B27: =B26 -> 2 | C27: =IF(D27="",0,B27) -> 2 | D27: =D26+1 -> 2007 | E27: SIURB (E) | F27: 1005006 | G27: =IF($E27="SINAPI",VLOOKUP($F27,'SINAPI_ONERADO-03.25'!G28:K7580,2,FALSE),IF($E27="CDHU",VLOOKUP($F27,'CDHU_Onerado-02.25 (197)'!$A$9:$F$4114,2,FALSE),IF($E27="FDE",VLOOKUP($F27,'FDE-01.25'!$A$3:$D$4000,2,FALSE),IF($E27="SIURB (E)",VLOOKUP($F27,'EDIF SEM Des JAN25'!$A$3:$D$3000,2,FALSE),IF($E27="SIURB (I)",VLOOKUP($F27,'INFRA SEM Des JAN25'!$A$2:$D$1000,2,FALSE),IF($E27="SICRO NOVO",VLOOKUP($F27,'SICRO.DNIT ONERADA 01.25'!$A$4:$D$7000,2,FALSE),0)))))) -> PORTÃO METÁLICO DE OBRA - 5M, PIVOTANTE, 2 FOLHAS, PARA TAPUME | H27: =IF($E27="SINAPI",VLOOKUP($F27,'SINAPI_ONERADO-03.25'!$G$2:$K$7540,3,FALSE),IF($E27="CDHU",VLOOKUP($F27,'CDHU_Onerado-02.25 (197)'!$A$9:$F$4114,3,FALSE),IF($E27="FDE",VLOOKUP($F27,'FDE-01.25'!$A$3:$D$4000,3,FALSE),IF($E27="SIURB (E)",VLOOKUP($F27,'EDIF SEM Des JAN25'!$A$3:$D$3000,3,FALSE),IF($E27="SIURB (I)",VLOOKUP($F27,'INFRA SEM Des JAN25'!$A$2:$D$1000,3,FALSE),IF($E27="SICRO NOVO",VLOOKUP($F27,'SICRO.DNIT ONERADA 01.25'!$A$4:$D$7000,3,FALSE),0)))))) -> M2 | I27: =IF(D27<>0,INDEX('MEMORIA CALCULO'!$A$1:$Q$2429,MATCH(D27,'MEMORIA CALCULO'!$A$1:$A$2429,0),17),0) -> 11 | J27: =IF($E27="SINAPI",VLOOKUP($F27,'SINAPI_ONERADO-03.25'!$G$2:$K$7540,5,FALSE),IF($E27="CDHU",VLOOKUP($F27,'CDHU_Onerado-02.25 (197)'!$A$9:$F$4114,6,FALSE),IF($E27="FDE",VLOOKUP($F27,'FDE-01.25'!$A$3:$E$4000,5,FALSE),IF($E27="SIURB (E)",VLOOKUP($F27,'EDIF SEM Des JAN25'!$A$3:$D$3000,4,FALSE),IF($E27="SIURB (I)",VLOOKUP($F27,'INFRA SEM Des JAN25'!$A$2:$D$1000,4,FALSE),IF($E27="SICRO NOVO",VLOOKUP($F27,'SICRO.DNIT ONERADA 01.25'!$A$4:$D$7000,4,FALSE),0)))))) -> 292.07 | K27: =J27*(1+IF(N27="x",$T$4,$T$3)) -> 357.7 | L27: =ROUND(ROUND(I27,2)*ROUND(K27,2),2) -> 3934.7 | O27: =IFERROR(L27/$L$11,0) -> 0.0027
A28: =LEFT(D28,1) -> 2 | B28: =B27 -> 2 | C28: =IF(D28="",0,B28) -> 2 | D28: =D27+1 -> 2008 | E28: SIURB (E) | F28: 17030002 | G28: =IF($E28="SINAPI",VLOOKUP($F28,'SINAPI_ONERADO-03.25'!G29:K7581,2,FALSE),IF($E28="CDHU",VLOOKUP($F28,'CDHU_Onerado-02.25 (197)'!$A$9:$F$4114,2,FALSE),IF($E28="FDE",VLOOKUP($F28,'FDE-01.25'!$A$3:$D$4000,2,FALSE),IF($E28="SIURB (E)",VLOOKUP($F28,'EDIF SEM Des JAN25'!$A$3:$D$3000,2,FALSE),IF($E28="SIURB (I)",VLOOKUP($F28,'INFRA SEM Des JAN25'!$A$2:$D$1000,2,FALSE),IF($E28="SICRO NOVO",VLOOKUP($F28,'SICRO.DNIT ONERADA 01.25'!$A$4:$D$7000,2,FALSE),0)))))) -> PLACA DE OBRA EM CHAPA DE AÇO GALVANIZADO | H28: =IF($E28="SINAPI",VLOOKUP($F28,'SINAPI_ONERADO-03.25'!$G$2:$K$7540,3,FALSE),IF($E28="CDHU",VLOOKUP($F28,'CDHU_Onerado-02.25 (197)'!$A$9:$F$4114,3,FALSE),IF($E28="FDE",VLOOKUP($F28,'FDE-01.25'!$A$3:$D$4000,3,FALSE),IF($E28="SIURB (E)",VLOOKUP($F28,'EDIF SEM Des JAN25'!$A$3:$D$3000,3,FALSE),IF($E28="SIURB (I)",VLOOKUP($F28,'INFRA SEM Des JAN25'!$A$2:$D$1000,3,FALSE),IF($E28="SICRO NOVO",VLOOKUP($F28,'SICRO.DNIT ONERADA 01.25'!$A$4:$D$7000,3,FALSE),0)))))) -> M2 | I28: =IF(D28<>0,INDEX('MEMORIA CALCULO'!$A$1:$Q$2429,MATCH(D28,'MEMORIA CALCULO'!$A$1:$A$2429,0),17),0) -> 10.5 | J28: =IF($E28="SINAPI",VLOOKUP($F28,'SINAPI_ONERADO-03.25'!$G$2:$K$7540,5,FALSE),IF($E28="CDHU",VLOOKUP($F28,'CDHU_Onerado-02.25 (197)'!$A$9:$F$4114,6,FALSE),IF($E28="FDE",VLOOKUP($F28,'FDE-01.25'!$A$3:$E$4000,5,FALSE),IF($E28="SIURB (E)",VLOOKUP($F28,'EDIF SEM Des JAN25'!$A$3:$D$3000,4,FALSE),IF($E28="SIURB (I)",VLOOKUP($F28,'INFRA SEM Des JAN25'!$A$2:$D$1000,4,FALSE),IF($E28="SICRO NOVO",VLOOKUP($F28,'SICRO.DNIT ONERADA 01.25'!$A$4:$D$7000,4,FALSE),0)))))) -> 400.96 | K28: =J28*(1+IF(N28="x",$T$4,$T$3)) -> 491.06 | L28: =ROUND(ROUND(I28,2)*ROUND(K28,2),2) -> 5156.13 | O28: =IFERROR(L28/$L$11,0) -> 0.0035
A29: =LEFT(D29,1) -> 2 | B29: =B28 -> 2 | C29: =IF(D29="",0,B29) -> 2 | D29: =D28+1 -> 2009 | E29: SINAPI | F29: 98462 | G29: =IF($E29="SINAPI",VLOOKUP($F29,'SINAPI_ONERADO-03.25'!$B$14:$E$10000,2,FALSE),IF($E29="CDHU",VLOOKUP($F29,'CDHU_Onerado-02.25 (197)'!$A$9:$F$4114,2,FALSE),IF($E29="FDE",VLOOKUP($F29,'FDE-01.25'!$A$3:$D$4000,2,FALSE),IF($E29="SIURB (E)",VLOOKUP($F29,'EDIF SEM Des JAN25'!$A$3:$D$3000,2,FALSE),IF($E29="SIURB (I)",VLOOKUP($F29,'INFRA SEM Des JAN25'!$A$2:$D$1000,2,FALSE),IF($E29="SICRO NOVO",VLOOKUP($F29,'SICRO.DNIT ONERADA 01.25'!$A$4:$D$7000,2,FALSE),0)))))) -> ESTRUTURA DE MADEIRA PROVISÓRIA PARA SUPORTE DE CAIXA DÁGUA ELEVADA DE 3000 LITROS. AF_03/2024 | H29: =IF($E29="SINAPI",VLOOKUP($F29,'SINAPI_ONERADO-03.25'!$B$2:$E$10000,3,FALSE),IF($E29="CDHU",VLOOKUP($F29,'CDHU_Onerado-02.25 (197)'!$A$9:$F$4114,3,FALSE),IF($E29="FDE",VLOOKUP($F29,'FDE-01.25'!$A$3:$D$4000,3,FALSE),IF($E29="SIURB (E)",VLOOKUP($F29,'EDIF SEM Des JAN25'!$A$3:$D$3000,3,FALSE),IF($E29="SIURB (I)",VLOOKUP($F29,'INFRA SEM Des JAN25'!$A$2:$D$1000,3,FALSE),IF($E29="SICRO NOVO",VLOOKUP($F29,'SICRO.DNIT ONERADA 01.25'!$A$4:$D$7000,3,FALSE),0)))))) -> UN | I29: =IF(D29<>0,INDEX('MEMORIA CALCULO'!$A$1:$Q$2429,MATCH(D29,'MEMORIA CALCULO'!$A$1:$A$2429,0),17),0) -> 1 | J29: =IF($E29="SINAPI",VLOOKUP($F29,'SINAPI_ONERADO-03.25'!$B$14:$E$10000,4,FALSE),IF($E29="CDHU",VLOOKUP($F29,'CDHU_Onerado-02.25 (197)'!$A$9:$F$4114,6,FALSE),IF($E29="FDE",VLOOKUP($F29,'FDE-01.25'!$A$3:$E$4000,5,FALSE),IF($E29="SIURB (E)",VLOOKUP($F29,'EDIF SEM Des JAN25'!$A$3:$D$3000,4,FALSE),IF($E29="SIURB (I)",VLOOKUP($F29,'INFRA SEM Des JAN25'!$A$2:$D$1000,4,FALSE),IF($E29="SICRO NOVO",VLOOKUP($F29,'SICRO.DNIT ONERADA 01.25'!$A$4:$D$7000,4,FALSE),0)))))) -> 9908.72 | K29: =J29*(1+IF(N29="x",$T$4,$T$3)) -> 12135.21 | L29: =ROUND(ROUND(I29,2)*ROUND(K29,2),2) -> 12135.21 | O29: =IFERROR(L29/$L$11,0) -> 0.0082
A30: =LEFT(D30,1) -> 2 | B30: =B29 -> 2 | C30: =IF(D30="",0,B30) -> 2 | D30: =D29+1 -> 2010 | E30: SINAPI | F30: 102616 | G30: =IF($E30="SINAPI",VLOOKUP($F30,'SINAPI_ONERADO-03.25'!$B$14:$E$10000,2,FALSE),IF($E30="CDHU",VLOOKUP($F30,'CDHU_Onerado-02.25 (197)'!$A$9:$F$4114,2,FALSE),IF($E30="FDE",VLOOKUP($F30,'FDE-01.25'!$A$3:$D$4000,2,FALSE),IF($E30="SIURB (E)",VLOOKUP($F30,'EDIF SEM Des JAN25'!$A$3:$D$3000,2,FALSE),IF($E30="SIURB (I)",VLOOKUP($F30,'INFRA SEM Des JAN25'!$A$2:$D$1000,2,FALSE),IF($E30="SICRO NOVO",VLOOKUP($F30,'SICRO.DNIT ONERADA 01.25'!$A$4:$D$7000,2,FALSE),0)))))) -> CAIXA D´ÁGUA EM POLIÉSTER REFORÇADO COM FIBRA DE VIDRO, 3000 LITROS - FORNECIMENTO E INSTALAÇÃO. AF_06/2021 | H30: =IF($E30="SINAPI",VLOOKUP($F30,'SINAPI_ONERADO-03.25'!$B$2:$E$10000,3,FALSE),IF($E30="CDHU",VLOOKUP($F30,'CDHU_Onerado-02.25 (197)'!$A$9:$F$4114,3,FALSE),IF($E30="FDE",VLOOKUP($F30,'FDE-01.25'!$A$3:$D$4000,3,FALSE),IF($E30="SIURB (E)",VLOOKUP($F30,'EDIF SEM Des JAN25'!$A$3:$D$3000,3,FALSE),IF($E30="SIURB (I)",VLOOKUP($F30,'INFRA SEM Des JAN25'!$A$2:$D$1000,3,FALSE),IF($E30="SICRO NOVO",VLOOKUP($F30,'SICRO.DNIT ONERADA 01.25'!$A$4:$D$7000,3,FALSE),0)))))) -> UN | I30: =IF(D30<>0,INDEX('MEMORIA CALCULO'!$A$1:$Q$2429,MATCH(D30,'MEMORIA CALCULO'!$A$1:$A$2429,0),17),0) -> 1 | J30: =IF($E30="SINAPI",VLOOKUP($F30,'SINAPI_ONERADO-03.25'!$B$14:$E$10000,4,FALSE),IF($E30="CDHU",VLOOKUP($F30,'CDHU_Onerado-02.25 (197)'!$A$9:$F$4114,6,FALSE),IF($E30="FDE",VLOOKUP($F30,'FDE-01.25'!$A$3:$E$4000,5,FALSE),IF($E30="SIURB (E)",VLOOKUP($F30,'EDIF SEM Des JAN25'!$A$3:$D$3000,4,FALSE),IF($E30="SIURB (I)",VLOOKUP($F30,'INFRA SEM Des JAN25'!$A$2:$D$1000,4,FALSE),IF($E30="SICRO NOVO",VLOOKUP($F30,'SICRO.DNIT ONERADA 01.25'!$A$4:$D$7000,4,FALSE),0)))))) -> 1836.48 | K30: =J30*(1+IF(N30="x",$T$4,$T$3)) -> 2249.14 | L30: =ROUND(ROUND(I30,2)*ROUND(K30,2),2) -> 2249.14 | O30: =IFERROR(L30/$L$11,0) -> 0.0015
A32: =LEFT(D32,1) -> 3 | B32: =D32 -> 3 | C32: =IF(D32="",0,B32) -> 3 | D32: =D20+1 -> 3 | E32: INFRAESTRUTURA | K32: SUBTOTAL | L32: =SUM(L34:L54) -> 132325.14 | O32: =IFERROR(L32/$L$11,0) -> 0.0892
E33: MOVIMENTAÇÃO DE TERRA
A34: =LEFT(D34,1) -> 3 | B34: =B32 -> 3 | C34: =IF(D34="",0,B34) -> 3 | D34: =(D32*1000)+1 -> 3001 | E34: CDHU | F34: 07.01.020 | G34: =IF($E34="SINAPI",VLOOKUP($F34,'SINAPI_ONERADO-03.25'!G27:K7579,2,FALSE),IF($E34="CDHU",VLOOKUP($F34,'CDHU_Onerado-02.25 (197)'!$A$9:$F$4114,2,FALSE),IF($E34="FDE",VLOOKUP($F34,'FDE-01.25'!$A$3:$D$4000,2,FALSE),IF($E34="SIURB (E)",VLOOKUP($F34,'EDIF SEM Des JAN25'!$A$3:$D$3000,2,FALSE),IF($E34="SIURB (I)",VLOOKUP($F34,'INFRA SEM Des JAN25'!$A$2:$D$1000,2,FALSE),IF($E34="SICRO NOVO",VLOOKUP($F34,'SICRO.DNIT ONERADA 01.25'!$A$4:$D$7000,2,FALSE),0)))))) -> Escavação e carga mecanizada em solo de 1ª categoria, em campo aberto | H34: =IF($E34="SINAPI",VLOOKUP($F34,'SINAPI_ONERADO-03.25'!$G$2:$K$7540,3,FALSE),IF($E34="CDHU",VLOOKUP($F34,'CDHU_Onerado-02.25 (197)'!$A$9:$F$4114,3,FALSE),IF($E34="FDE",VLOOKUP($F34,'FDE-01.25'!$A$3:$D$4000,3,FALSE),IF($E34="SIURB (E)",VLOOKUP($F34,'EDIF SEM Des JAN25'!$A$3:$D$3000,3,FALSE),IF($E34="SIURB (I)",VLOOKUP($F34,'INFRA SEM Des JAN25'!$A$2:$D$1000,3,FALSE),IF($E34="SICRO NOVO",VLOOKUP($F34,'SICRO.DNIT ONERADA 01.25'!$A$4:$D$7000,3,FALSE),0)))))) -> M3 | I34: =IF(D34<>0,INDEX('MEMORIA CALCULO'!$A$1:$Q$2429,MATCH(D34,'MEMORIA CALCULO'!$A$1:$A$2429,0),17),0) -> 91.66 | J34: =IF($E34="SINAPI",VLOOKUP($F34,'SINAPI_ONERADO-03.25'!$G$2:$K$7540,5,FALSE),IF($E34="CDHU",VLOOKUP($F34,'CDHU_Onerado-02.25 (197)'!$A$9:$F$4114,6,FALSE),IF($E34="FDE",VLOOKUP($F34,'FDE-01.25'!$A$3:$E$4000,5,FALSE),IF($E34="SIURB (E)",VLOOKUP($F34,'EDIF SEM Des JAN25'!$A$3:$D$3000,4,FALSE),IF($E34="SIURB (I)",VLOOKUP($F34,'INFRA SEM Des JAN25'!$A$2:$D$1000,4,FALSE),IF($E34="SICRO NOVO",VLOOKUP($F34,'SICRO.DNIT ONERADA 01.25'!$A$4:$D$7000,4,FALSE),0)))))) -> 16.42 | K34: =J34*(1+IF(N34="x",$T$4,$T$3)) -> 20.11 | L34: =ROUND(ROUND(I34,2)*ROUND(K34,2),2) -> 1843.28 | O34: =IFERROR(L34/$L$11,0) -> 0.0012
A35: =LEFT(D35,1) -> 3 | B35: =B34 -> 3 | C35: =IF(D35="",0,B35) -> 3 | D35: =D34+1 -> 3002 | E35: CDHU | F35: 05.10.025 | G35: =IF($E35="SINAPI",VLOOKUP($F35,'SINAPI_ONERADO-03.25'!G28:K7580,2,FALSE),IF($E35="CDHU",VLOOKUP($F35,'CDHU_Onerado-02.25 (197)'!$A$9:$F$4114,2,FALSE),IF($E35="FDE",VLOOKUP($F35,'FDE-01.25'!$A$3:$D$4000,2,FALSE),IF($E35="SIURB (E)",VLOOKUP($F35,'EDIF SEM Des JAN25'!$A$3:$D$3000,2,FALSE),IF($E35="SIURB (I)",VLOOKUP($F35,'INFRA SEM Des JAN25'!$A$2:$D$1000,2,FALSE),IF($E35="SICRO NOVO",VLOOKUP($F35,'SICRO.DNIT ONERADA 01.25'!$A$4:$D$7000,2,FALSE),0)))))) -> Transporte de solo de 1ª e 2ª categoria por caminhão para distâncias superiores ao 15° km até o 20° km | H35: =IF($E35="SINAPI",VLOOKUP($F35,'SINAPI_ONERADO-03.25'!$G$2:$K$7540,3,FALSE),IF($E35="CDHU",VLOOKUP($F35,'CDHU_Onerado-02.25 (197)'!$A$9:$F$4114,3,FALSE),IF($E35="FDE",VLOOKUP($F35,'FDE-01.25'!$A$3:$D$4000,3,FALSE),IF($E35="SIURB (E)",VLOOKUP($F35,'EDIF SEM Des JAN25'!$A$3:$D$3000,3,FALSE),IF($E35="SIURB (I)",VLOOKUP($F35,'INFRA SEM Des JAN25'!$A$2:$D$1000,3,FALSE),IF($E35="SICRO NOVO",VLOOKUP($F35,'SICRO.DNIT ONERADA 01.25'!$A$4:$D$7000,3,FALSE),0)))))) -> M3 | I35: =IF(D35<>0,INDEX('MEMORIA CALCULO'!$A$1:$Q$2429,MATCH(D35,'MEMORIA CALCULO'!$A$1:$A$2429,0),17),0) -> 119.16 | J35: =IF($E35="SINAPI",VLOOKUP($F35,'SINAPI_ONERADO-03.25'!$G$2:$K$7540,5,FALSE),IF($E35="CDHU",VLOOKUP($F35,'CDHU_Onerado-02.25 (197)'!$A$9:$F$4114,6,FALSE),IF($E35="FDE",VLOOKUP($F35,'FDE-01.25'!$A$3:$E$4000,5,FALSE),IF($E35="SIURB (E)",VLOOKUP($F35,'EDIF SEM Des JAN25'!$A$3:$D$3000,4,FALSE),IF($E35="SIURB (I)",VLOOKUP($F35,'INFRA SEM Des JAN25'!$A$2:$D$1000,4,FALSE),IF($E35="SICRO NOVO",VLOOKUP($F35,'SICRO.DNIT ONERADA 01.25'!$A$4:$D$7000,4,FALSE),0)))))) -> 37.68 | K35: =J35*(1+IF(N35="x",$T$4,$T$3)) -> 46.15 | L35: =ROUND(ROUND(I35,2)*ROUND(K35,2),2) -> 5499.23 | O35: =IFERROR(L35/$L$11,0) -> 0.0037
A36: =LEFT(D36,1) -> 3 | B36: =B35 -> 3 | C36: =IF(D36="",0,B36) -> 3 | D36: =D35+1 -> 3003 | E36: CDHU | F36: 05.09.007 | G36: =IF($E36="SINAPI",VLOOKUP($F36,'SINAPI_ONERADO-03.25'!G55:K7607,2,FALSE),IF($E36="CDHU",VLOOKUP($F36,'CDHU_Onerado-02.25 (197)'!$A$9:$F$4114,2,FALSE),IF($E36="FDE",VLOOKUP($F36,'FDE-01.25'!$A$3:$D$4000,2,FALSE),IF($E36="SIURB (E)",VLOOKUP($F36,'EDIF SEM Des JAN25'!$A$3:$D$3000,2,FALSE),IF($E36="SIURB (I)",VLOOKUP($F36,'INFRA SEM Des JAN25'!$A$2:$D$1000,2,FALSE),IF($E36="SICRO NOVO",VLOOKUP($F36,'SICRO.DNIT ONERADA 01.25'!$A$4:$D$7000,2,FALSE),0)))))) -> Taxa de destinação de resíduo sólido em aterro, tipo solo/terra | H36: =IF($E36="SINAPI",VLOOKUP($F36,'SINAPI_ONERADO-03.25'!$G$2:$K$7540,3,FALSE),IF($E36="CDHU",VLOOKUP($F36,'CDHU_Onerado-02.25 (197)'!$A$9:$F$4114,3,FALSE),IF($E36="FDE",VLOOKUP($F36,'FDE-01.25'!$A$3:$D$4000,3,FALSE),IF($E36="SIURB (E)",VLOOKUP($F36,'EDIF SEM Des JAN25'!$A$3:$D$3000,3,FALSE),IF($E36="SIURB (I)",VLOOKUP($F36,'INFRA SEM Des JAN25'!$A$2:$D$1000,3,FALSE),IF($E36="SICRO NOVO",VLOOKUP($F36,'SICRO.DNIT ONERADA 01.25'!$A$4:$D$7000,3,FALSE),0)))))) -> M3 | I36: =IF(D36<>0,INDEX('MEMORIA CALCULO'!$A$1:$Q$2429,MATCH(D36,'MEMORIA CALCULO'!$A$1:$A$2429,0),17),0) -> 119.16 | J36: =IF($E36="SINAPI",VLOOKUP($F36,'SINAPI_ONERADO-03.25'!$G$2:$K$7540,5,FALSE),IF($E36="CDHU",VLOOKUP($F36,'CDHU_Onerado-02.25 (197)'!$A$9:$F$4114,6,FALSE),IF($E36="FDE",VLOOKUP($F36,'FDE-01.25'!$A$3:$E$4000,5,FALSE),IF($E36="SIURB (E)",VLOOKUP($F36,'EDIF SEM Des JAN25'!$A$3:$D$3000,4,FALSE),IF($E36="SIURB (I)",VLOOKUP($F36,'INFRA SEM Des JAN25'!$A$2:$D$1000,4,FALSE),IF($E36="SICRO NOVO",VLOOKUP($F36,'SICRO.DNIT ONERADA 01.25'!$A$4:$D$7000,4,FALSE),0)))))) -> 30.62 | K36: =J36*(1+IF(N36="x",$T$4,$T$3)) -> 37.5 | L36: =ROUND(ROUND(I36,2)*ROUND(K36,2),2) -> 4468.5 | O36: =IFERROR(L36/$L$11,0) -> 0.003
B37: =B36 -> 3 | C37: =IF(D37="",0,B37) -> 0 | E37: MURO DE CONTENÇÃO
A38: =LEFT(D38,1) -> 3 | B38: =B37 -> 3 | C38: =IF(D38="",0,B38) -> 3 | D38: =D36+1 -> 3004 | E38: FDE | F38: 02.02.103 | G38: =IF($E38="SINAPI",VLOOKUP($F38,'SINAPI_ONERADO-03.25'!G56:K7608,2,FALSE),IF($E38="CDHU",VLOOKUP($F38,'CDHU_Onerado-02.25 (197)'!$A$9:$F$4114,2,FALSE),IF($E38="FDE",VLOOKUP($F38,'FDE-01.25'!$A$3:$D$4000,2,FALSE),IF($E38="SIURB (E)",VLOOKUP($F38,'EDIF SEM Des JAN25'!$A$3:$D$3000,2,FALSE),IF($E38="SIURB (I)",VLOOKUP($F38,'INFRA SEM Des JAN25'!$A$2:$D$1000,2,FALSE),IF($E38="SICRO NOVO",VLOOKUP($F38,'SICRO.DNIT ONERADA 01.25'!$A$4:$D$7000,2,FALSE),0)))))) -> ESTACA ESCAVADA MECANICAMENTE DIAM 40CM | H38: =IF($E38="SINAPI",VLOOKUP($F38,'SINAPI_ONERADO-03.25'!$G$2:$K$7540,3,FALSE),IF($E38="CDHU",VLOOKUP($F38,'CDHU_Onerado-02.25 (197)'!$A$9:$F$4114,3,FALSE),IF($E38="FDE",VLOOKUP($F38,'FDE-01.25'!$A$3:$D$4000,3,FALSE),IF($E38="SIURB (E)",VLOOKUP($F38,'EDIF SEM Des JAN25'!$A$3:$D$3000,3,FALSE),IF($E38="SIURB (I)",VLOOKUP($F38,'INFRA SEM Des JAN25'!$A$2:$D$1000,3,FALSE),IF($E38="SICRO NOVO",VLOOKUP($F38,'SICRO.DNIT ONERADA 01.25'!$A$4:$D$7000,3,FALSE),0)))))) -> M | I38: =IF(D38<>0,INDEX('MEMORIA CALCULO'!$A$1:$Q$2429,MATCH(D38,'MEMORIA CALCULO'!$A$1:$A$2429,0),17),0) -> 120 | J38: =IF($E38="SINAPI",VLOOKUP($F38,'SINAPI_ONERADO-03.25'!$G$2:$K$7540,5,FALSE),IF($E38="CDHU",VLOOKUP($F38,'CDHU_Onerado-02.25 (197)'!$A$9:$F$4114,6,FALSE),IF($E38="FDE",VLOOKUP($F38,'FDE-01.25'!$A$3:$E$4000,5,FALSE),IF($E38="SIURB (E)",VLOOKUP($F38,'EDIF SEM Des JAN25'!$A$3:$D$3000,4,FALSE),IF($E38="SIURB (I)",VLOOKUP($F38,'INFRA SEM Des JAN25'!$A$2:$D$1000,4,FALSE),IF($E38="SICRO NOVO",VLOOKUP($F38,'SICRO.DNIT ONERADA 01.25'!$A$4:$D$7000,4,FALSE),0)))))) -> 125.58 | K38: =J38 -> 125.58 | L38: =ROUND(ROUND(I38,2)*ROUND(K38,2),2) -> 15069.6 | O38: =IFERROR(L38/$L$11,0) -> 0.0102
A39: =LEFT(D39,1) -> 3 | B39: =B38 -> 3 | C39: =IF(D39="",0,B39) -> 3 | D39: =D38+1 -> 3005 | E39: SINAPI | F39: 95584 | G39: =IF($E39="SINAPI",VLOOKUP($F39,'SINAPI_ONERADO-03.25'!$B$14:$E$10000,2,FALSE),IF($E39="CDHU",VLOOKUP($F39,'CDHU_Onerado-02.25 (197)'!$A$9:$F$4114,2,FALSE),IF($E39="FDE",VLOOKUP($F39,'FDE-01.25'!$A$3:$D$4000,2,FALSE),IF($E39="SIURB (E)",VLOOKUP($F39,'EDIF SEM Des JAN25'!$A$3:$D$3000,2,FALSE),IF($E39="SIURB (I)",VLOOKUP($F39,'INFRA SEM Des JAN25'!$A$2:$D$1000,2,FALSE),IF($E39="SICRO NOVO",VLOOKUP($F39,'SICRO.DNIT ONERADA 01.25'!$A$4:$D$7000,2,FALSE),0)))))) -> MONTAGEM DE ARMADURA TRANSVERSAL DE ESTACAS DE SEÇÃO CIRCULAR, DIÂMETRO = 6,30 MM. AF_09/2021_PS | H39: =IF($E39="SINAPI",VLOOKUP($F39,'SINAPI_ONERADO-03.25'!$B$2:$E$10000,3,FALSE),IF($E39="CDHU",VLOOKUP($F39,'CDHU_Onerado-02.25 (197)'!$A$9:$F$4114,3,FALSE),IF($E39="FDE",VLOOKUP($F39,'FDE-01.25'!$A$3:$D$4000,3,FALSE),IF($E39="SIURB (E)",VLOOKUP($F39,'EDIF SEM Des JAN25'!$A$3:$D$3000,3,FALSE),IF($E39="SIURB (I)",VLOOKUP($F39,'INFRA SEM Des JAN25'!$A$2:$D$1000,3,FALSE),IF($E39="SICRO NOVO",VLOOKUP($F39,'SICRO.DNIT ONERADA 01.25'!$A$4:$D$7000,3,FALSE),0)))))) -> KG | I39: =IF(D39<>0,INDEX('MEMORIA CALCULO'!$A$1:$Q$2429,MATCH(D39,'MEMORIA CALCULO'!$A$1:$A$2429,0),17),0) -> 96 | J39: =IF($E39="SINAPI",VLOOKUP($F39,'SINAPI_ONERADO-03.25'!$B$14:$E$10000,4,FALSE),IF($E39="CDHU",VLOOKUP($F39,'CDHU_Onerado-02.25 (197)'!$A$9:$F$4114,6,FALSE),IF($E39="FDE",VLOOKUP($F39,'FDE-01.25'!$A$3:$E$4000,5,FALSE),IF($E39="SIURB (E)",VLOOKUP($F39,'EDIF SEM Des JAN25'!$A$3:$D$3000,4,FALSE),IF($E39="SIURB (I)",VLOOKUP($F39,'INFRA SEM Des JAN25'!$A$2:$D$1000,4,FALSE),IF($E39="SICRO NOVO",VLOOKUP($F39,'SICRO.DNIT ONERADA 01.25'!$A$4:$D$7000,4,FALSE),0)))))) -> 14.83 | K39: =J39*(1+IF(N39="x",$T$4,$T$3)) -> 18.16 | L39: =ROUND(ROUND(I39,2)*ROUND(K39,2),2) -> 1743.36 | O39: =IFERROR(L39/$L$11,0) -> 0.0012
A40: =LEFT(D40,1) -> 3 | B40: =B39 -> 3 | C40: =IF(D40="",0,B40) -> 3 | D40: =D39+1 -> 3006 | E40: SINAPI | F40: 95577 | G40: =IF($E40="SINAPI",VLOOKUP($F40,'SINAPI_ONERADO-03.25'!$B$14:$E$10000,2,FALSE),IF($E40="CDHU",VLOOKUP($F40,'CDHU_Onerado-02.25 (197)'!$A$9:$F$4114,2,FALSE),IF($E40="FDE",VLOOKUP($F40,'FDE-01.25'!$A$3:$D$4000,2,FALSE),IF($E40="SIURB (E)",VLOOKUP($F40,'EDIF SEM Des JAN25'!$A$3:$D$3000,2,FALSE),IF($E40="SIURB (I)",VLOOKUP($F40,'INFRA SEM Des JAN25'!$A$2:$D$1000,2,FALSE),IF($E40="SICRO NOVO",VLOOKUP($F40,'SICRO.DNIT ONERADA 01.25'!$A$4:$D$7000,2,FALSE),0)))))) -> MONTAGEM DE ARMADURA DE ESTACAS, DIÂMETRO = 10,0 MM. AF_09/2021_PS | H40: =IF($E40="SINAPI",VLOOKUP($F40,'SINAPI_ONERADO-03.25'!$B$2:$E$10000,3,FALSE),IF($E40="CDHU",VLOOKUP($F40,'CDHU_Onerado-02.25 (197)'!$A$9:$F$4114,3,FALSE),IF($E40="FDE",VLOOKUP($F40,'FDE-01.25'!$A$3:$D$4000,3,FALSE),IF($E40="SIURB (E)",VLOOKUP($F40,'EDIF SEM Des JAN25'!$A$3:$D$3000,3,FALSE),IF($E40="SIURB (I)",VLOOKUP($F40,'INFRA SEM Des JAN25'!$A$2:$D$1000,3,FALSE),IF($E40="SICRO NOVO",VLOOKUP($F40,'SICRO.DNIT ONERADA 01.25'!$A$4:$D$7000,3,FALSE),0)))))) -> KG | I40: =IF(D40<>0,INDEX('MEMORIA CALCULO'!$A$1:$Q$2429,MATCH(D40,'MEMORIA CALCULO'!$A$1:$A$2429,0),17),0) -> 272 | J40: =IF($E40="SINAPI",VLOOKUP($F40,'SINAPI_ONERADO-03.25'!$B$14:$E$10000,4,FALSE),IF($E40="CDHU",VLOOKUP($F40,'CDHU_Onerado-02.25 (197)'!$A$9:$F$4114,6,FALSE),IF($E40="FDE",VLOOKUP($F40,'FDE-01.25'!$A$3:$E$4000,5,FALSE),IF($E40="SIURB (E)",VLOOKUP($F40,'EDIF SEM Des JAN25'!$A$3:$D$3000,4,FALSE),IF($E40="SIURB (I)",VLOOKUP($F40,'INFRA SEM Des JAN25'!$A$2:$D$1000,4,FALSE),IF($E40="SICRO NOVO",VLOOKUP($F40,'SICRO.DNIT ONERADA 01.25'!$A$4:$D$7000,4,FALSE),0)))))) -> 10.77 | K40: =J40*(1+IF(N40="x",$T$4,$T$3)) -> 13.19 | L40: =ROUND(ROUND(I40,2)*ROUND(K40,2),2) -> 3587.68 | O40: =IFERROR(L40/$L$11,0) -> 0.0024
A41: =LEFT(D41,1) -> 3 | B41: =B40 -> 3 | C41: =IF(D41="",0,B41) -> 3 | D41: =D40+1 -> 3007 | E41: CDHU | F41: 12.12.010 | G41: =IF($E41="SINAPI",VLOOKUP($F41,'SINAPI_ONERADO-03.25'!G59:K7611,2,FALSE),IF($E41="CDHU",VLOOKUP($F41,'CDHU_Onerado-02.25 (197)'!$A$9:$F$4114,2,FALSE),IF($E41="FDE",VLOOKUP($F41,'FDE-01.25'!$A$3:$D$4000,2,FALSE),IF($E41="SIURB (E)",VLOOKUP($F41,'EDIF SEM Des JAN25'!$A$3:$D$3000,2,FALSE),IF($E41="SIURB (I)",VLOOKUP($F41,'INFRA SEM Des JAN25'!$A$2:$D$1000,2,FALSE),IF($E41="SICRO NOVO",VLOOKUP($F41,'SICRO.DNIT ONERADA 01.25'!$A$4:$D$7000,2,FALSE),0)))))) -> Taxa de mobilização e desmobilização de equipamentos para execução de estaca tipo hélice contínua em solo | H41: =IF($E41="SINAPI",VLOOKUP($F41,'SINAPI_ONERADO-03.25'!$G$2:$K$7540,3,FALSE),IF($E41="CDHU",VLOOKUP($F41,'CDHU_Onerado-02.25 (197)'!$A$9:$F$4114,3,FALSE),IF($E41="FDE",VLOOKUP($F41,'FDE-01.25'!$A$3:$D$4000,3,FALSE),IF($E41="SIURB (E)",VLOOKUP($F41,'EDIF SEM Des JAN25'!$A$3:$D$3000,3,FALSE),IF($E41="SIURB (I)",VLOOKUP($F41,'INFRA SEM Des JAN25'!$A$2:$D$1000,3,FALSE),IF($E41="SICRO NOVO",VLOOKUP($F41,'SICRO.DNIT ONERADA 01.25'!$A$4:$D$7000,3,FALSE),0)))))) -> TX | I41: =IF(D41<>0,INDEX('MEMORIA CALCULO'!$A$1:$Q$2429,MATCH(D41,'MEMORIA CALCULO'!$A$1:$A$2429,0),17),0) -> 1 | J41: =IF($E41="SINAPI",VLOOKUP($F41,'SINAPI_ONERADO-03.25'!$G$2:$K$7540,5,FALSE),IF($E41="CDHU",VLOOKUP($F41,'CDHU_Onerado-02.25 (197)'!$A$9:$F$4114,6,FALSE),IF($E41="FDE",VLOOKUP($F41,'FDE-01.25'!$A$3:$E$4000,5,FALSE),IF($E41="SIURB (E)",VLOOKUP($F41,'EDIF SEM Des JAN25'!$A$3:$D$3000,4,FALSE),IF($E41="SIURB (I)",VLOOKUP($F41,'INFRA SEM Des JAN25'!$A$2:$D$1000,4,FALSE),IF($E41="SICRO NOVO",VLOOKUP($F41,'SICRO.DNIT ONERADA 01.25'!$A$4:$D$7000,4,FALSE),0)))))) -> 39754.76 | K41: =J41*(1+IF(N41="x",$T$4,$T$3)) -> 48687.65 | L41: =ROUND(ROUND(I41,2)*ROUND(K41,2),2) -> 48687.65 | O41: =IFERROR(L41/$L$11,0) -> 0.0328
A42: =LEFT(D42,1) -> 3 | B42: =B41 -> 3 | C42: =IF(D42="",0,B42) -> 3 | D42: =D41+1 -> 3008 | E42: SIURB (E) | F42: 1004010 | G42: =IF($E42="SINAPI",VLOOKUP($F42,'SINAPI_ONERADO-03.25'!G60:K7612,2,FALSE),IF($E42="CDHU",VLOOKUP($F42,'CDHU_Onerado-02.25 (197)'!$A$9:$F$4114,2,FALSE),IF($E42="FDE",VLOOKUP($F42,'FDE-01.25'!$A$3:$D$4000,2,FALSE),IF($E42="SIURB (E)",VLOOKUP($F42,'EDIF SEM Des JAN25'!$A$3:$D$3000,2,FALSE),IF($E42="SIURB (I)",VLOOKUP($F42,'INFRA SEM Des JAN25'!$A$2:$D$1000,2,FALSE),IF($E42="SICRO NOVO",VLOOKUP($F42,'SICRO.DNIT ONERADA 01.25'!$A$4:$D$7000,2,FALSE),0)))))) -> APILOAMENTO DO FUNDO DE VALAS, PARA SIMPLES REGULARIZAÇÃO | H42: =IF($E42="SINAPI",VLOOKUP($F42,'SINAPI_ONERADO-03.25'!$G$2:$K$7540,3,FALSE),IF($E42="CDHU",VLOOKUP($F42,'CDHU_Onerado-02.25 (197)'!$A$9:$F$4114,3,FALSE),IF($E42="FDE",VLOOKUP($F42,'FDE-01.25'!$A$3:$D$4000,3,FALSE),IF($E42="SIURB (E)",VLOOKUP($F42,'EDIF SEM Des JAN25'!$A$3:$D$3000,3,FALSE),IF($E42="SIURB (I)",VLOOKUP($F42,'INFRA SEM Des JAN25'!$A$2:$D$1000,3,FALSE),IF($E42="SICRO NOVO",VLOOKUP($F42,'SICRO.DNIT ONERADA 01.25'!$A$4:$D$7000,3,FALSE),0)))))) -> M2 | I42: =IF(D42<>0,INDEX('MEMORIA CALCULO'!$A$1:$Q$2429,MATCH(D42,'MEMORIA CALCULO'!$A$1:$A$2429,0),17),0) -> 20.24 | J42: =IF($E42="SINAPI",VLOOKUP($F42,'SINAPI_ONERADO-03.25'!$G$2:$K$7540,5,FALSE),IF($E42="CDHU",VLOOKUP($F42,'CDHU_Onerado-02.25 (197)'!$A$9:$F$4114,6,FALSE),IF($E42="FDE",VLOOKUP($F42,'FDE-01.25'!$A$3:$E$4000,5,FALSE),IF($E42="SIURB (E)",VLOOKUP($F42,'EDIF SEM Des JAN25'!$A$3:$D$3000,4,FALSE),IF($E42="SIURB (I)",VLOOKUP($F42,'INFRA SEM Des JAN25'!$A$2:$D$1000,4,FALSE),IF($E42="SICRO NOVO",VLOOKUP($F42,'SICRO.DNIT ONERADA 01.25'!$A$4:$D$7000,4,FALSE),0)))))) -> 6.03 | K42: =J42*(1+IF(N42="x",$T$4,$T$3)) -> 7.38 | L42: =ROUND(ROUND(I42,2)*ROUND(K42,2),2) -> 149.37 | O42: =IFERROR(L42/$L$11,0) -> 0.0001
A43: =LEFT(D43,1) -> 3 | B43: =B42 -> 3 | C43: =IF(D43="",0,B43) -> 3 | D43: =D42+1 -> 3009 | E43: SINAPI | F43: 96621 | G43: =IF($E43="SINAPI",VLOOKUP($F43,'SINAPI_ONERADO-03.25'!$B$14:$E$10000,2,FALSE),IF($E43="CDHU",VLOOKUP($F43,'CDHU_Onerado-02.25 (197)'!$A$9:$F$4114,2,FALSE),IF($E43="FDE",VLOOKUP($F43,'FDE-01.25'!$A$3:$D$4000,2,FALSE),IF($E43="SIURB (E)",VLOOKUP($F43,'EDIF SEM Des JAN25'!$A$3:$D$3000,2,FALSE),IF($E43="SIURB (I)",VLOOKUP($F43,'INFRA SEM Des JAN25'!$A$2:$D$1000,2,FALSE),IF($E43="SICRO NOVO",VLOOKUP($F43,'SICRO.DNIT ONERADA 01.25'!$A$4:$D$7000,2,FALSE),0)))))) -> LASTRO COM MATERIAL GRANULAR, APLICAÇÃO EM BLOCOS DE COROAMENTO, ESPESSURA DE *5 CM*. AF_01/2024 | H43: =IF($E43="SINAPI",VLOOKUP($F43,'SINAPI_ONERADO-03.25'!$B$2:$E$10000,3,FALSE),IF($E43="CDHU",VLOOKUP($F43,'CDHU_Onerado-02.25 (197)'!$A$9:$F$4114,3,FALSE),IF($E43="FDE",VLOOKUP($F43,'FDE-01.25'!$A$3:$D$4000,3,FALSE),IF($E43="SIURB (E)",VLOOKUP($F43,'EDIF SEM Des JAN25'!$A$3:$D$3000,3,FALSE),IF($E43="SIURB (I)",VLOOKUP($F43,'INFRA SEM Des JAN25'!$A$2:$D$1000,3,FALSE),IF($E43="SICRO NOVO",VLOOKUP($F43,'SICRO.DNIT ONERADA 01.25'!$A$4:$D$7000,3,FALSE),0)))))) -> M3 | I43: =IF(D43<>0,INDEX('MEMORIA CALCULO'!$A$1:$Q$2429,MATCH(D43,'MEMORIA CALCULO'!$A$1:$A$2429,0),17),0) -> 1.01 | J43: =IF($E43="SINAPI",VLOOKUP($F43,'SINAPI_ONERADO-03.25'!$B$14:$E$10000,4,FALSE),IF($E43="CDHU",VLOOKUP($F43,'CDHU_Onerado-02.25 (197)'!$A$9:$F$4114,6,FALSE),IF($E43="FDE",VLOOKUP($F43,'FDE-01.25'!$A$3:$E$4000,5,FALSE),IF($E43="SIURB (E)",VLOOKUP($F43,'EDIF SEM Des JAN25'!$A$3:$D$3000,4,FALSE),IF($E43="SIURB (I)",VLOOKUP($F43,'INFRA SEM Des JAN25'!$A$2:$D$1000,4,FALSE),IF($E43="SICRO NOVO",VLOOKUP($F43,'SICRO.DNIT ONERADA 01.25'!$A$4:$D$7000,4,FALSE),0)))))) -> 215.57 | K43: =J43*(1+IF(N43="x",$T$4,$T$3)) -> 264.01 | L43: =ROUND(ROUND(I43,2)*ROUND(K43,2),2) -> 266.65 | O43: =IFERROR(L43/$L$11,0) -> 0.0002
A44: =LEFT(D44,1) -> 3 | B44: =B43 -> 3 | C44: =IF(D44="",0,B44) -> 3 | D44: =D43+1 -> 3010 | E44: SINAPI | F44: 96538 | G44: =IF($E44="SINAPI",VLOOKUP($F44,'SINAPI_ONERADO-03.25'!$B$14:$E$10000,2,FALSE),IF($E44="CDHU",VLOOKUP($F44,'CDHU_Onerado-02.25 (197)'!$A$9:$F$4114,2,FALSE),IF($E44="FDE",VLOOKUP($F44,'FDE-01.25'!$A$3:$D$4000,2,FALSE),IF($E44="SIURB (E)",VLOOKUP($F44,'EDIF SEM Des JAN25'!$A$3:$D$3000,2,FALSE),IF($E44="SIURB (I)",VLOOKUP($F44,'INFRA SEM Des JAN25'!$A$2:$D$1000,2,FALSE),IF($E44="SICRO NOVO",VLOOKUP($F44,'SICRO.DNIT ONERADA 01.25'!$A$4:$D$7000,2,FALSE),0)))))) -> FABRICAÇÃO, MONTAGEM E DESMONTAGEM DE FÔRMA PARA SAPATA, EM CHAPA DE MADEIRA COMPENSADA RESINADA, E=17 MM, 2 UTILIZAÇÕES. AF_01/2024 | H44: =IF($E44="SINAPI",VLOOKUP($F44,'SINAPI_ONERADO-03.25'!$B$2:$E$10000,3,FALSE),IF($E44="CDHU",VLOOKUP($F44,'CDHU_Onerado-02.25 (197)'!$A$9:$F$4114,3,FALSE),IF($E44="FDE",VLOOKUP($F44,'FDE-01.25'!$A$3:$D$4000,3,FALSE),IF($E44="SIURB (E)",VLOOKUP($F44,'EDIF SEM Des JAN25'!$A$3:$D$3000,3,FALSE),IF($E44="SIURB (I)",VLOOKUP($F44,'INFRA SEM Des JAN25'!$A$2:$D$1000,3,FALSE),IF($E44="SICRO NOVO",VLOOKUP($F44,'SICRO.DNIT ONERADA 01.25'!$A$4:$D$7000,3,FALSE),0)))))) -> M2 | I44: =IF(D44<>0,INDEX('MEMORIA CALCULO'!$A$1:$Q$2429,MATCH(D44,'MEMORIA CALCULO'!$A$1:$A$2429,0),17),0) -> 35.36 | J44: =IF($E44="SINAPI",VLOOKUP($F44,'SINAPI_ONERADO-03.25'!$B$14:$E$10000,4,FALSE),IF($E44="CDHU",VLOOKUP($F44,'CDHU_Onerado-02.25 (197)'!$A$9:$F$4114,6,FALSE),IF($E44="FDE",VLOOKUP($F44,'FDE-01.25'!$A$3:$E$4000,5,FALSE),IF($E44="SIURB (E)",VLOOKUP($F44,'EDIF SEM Des JAN25'!$A$3:$D$3000,4,FALSE),IF($E44="SIURB (I)",VLOOKUP($F44,'INFRA SEM Des JAN25'!$A$2:$D$1000,4,FALSE),IF($E44="SICRO NOVO",VLOOKUP($F44,'SICRO.DNIT ONERADA 01.25'!$A$4:$D$7000,4,FALSE),0)))))) -> 268.38 | K44: =J44*(1+IF(N44="x",$T$4,$T$3)) -> 328.68 | L44: =ROUND(ROUND(I44,2)*ROUND(K44,2),2) -> 11622.12 | O44: =IFERROR(L44/$L$11,0) -> 0.0078
A45: =LEFT(D45,1) -> 3 | B45: =B44 -> 3 | C45: =IF(D45="",0,B45) -> 3 | D45: =D44+1 -> 3011 | E45: CDHU | F45: 10.01.040 | G45: =IF($E45="SINAPI",VLOOKUP($F45,'SINAPI_ONERADO-03.25'!G63:K7615,2,FALSE),IF($E45="CDHU",VLOOKUP($F45,'CDHU_Onerado-02.25 (197)'!$A$9:$F$4114,2,FALSE),IF($E45="FDE",VLOOKUP($F45,'FDE-01.25'!$A$3:$D$4000,2,FALSE),IF($E45="SIURB (E)",VLOOKUP($F45,'EDIF SEM Des JAN25'!$A$3:$D$3000,2,FALSE),IF($E45="SIURB (I)",VLOOKUP($F45,'INFRA SEM Des JAN25'!$A$2:$D$1000,2,FALSE),IF($E45="SICRO NOVO",VLOOKUP($F45,'SICRO.DNIT ONERADA 01.25'!$A$4:$D$7000,2,FALSE),0)))))) -> Armadura em barra de aço CA-50 (A ou B) fyk = 500 MPa | H45: =IF($E45="SINAPI",VLOOKUP($F45,'SINAPI_ONERADO-03.25'!$G$2:$K$7540,3,FALSE),IF($E45="CDHU",VLOOKUP($F45,'CDHU_Onerado-02.25 (197)'!$A$9:$F$4114,3,FALSE),IF($E45="FDE",VLOOKUP($F45,'FDE-01.25'!$A$3:$D$4000,3,FALSE),IF($E45="SIURB (E)",VLOOKUP($F45,'EDIF SEM Des JAN25'!$A$3:$D$3000,3,FALSE),IF($E45="SIURB (I)",VLOOKUP($F45,'INFRA SEM Des JAN25'!$A$2:$D$1000,3,FALSE),IF($E45="SICRO NOVO",VLOOKUP($F45,'SICRO.DNIT ONERADA 01.25'!$A$4:$D$7000,3,FALSE),0)))))) -> KG | I45: =IF(D45<>0,INDEX('MEMORIA CALCULO'!$A$1:$Q$2429,MATCH(D45,'MEMORIA CALCULO'!$A$1:$A$2429,0),17),0) -> 651 | J45: =IF($E45="SINAPI",VLOOKUP($F45,'SINAPI_ONERADO-03.25'!$G$2:$K$7540,5,FALSE),IF($E45="CDHU",VLOOKUP($F45,'CDHU_Onerado-02.25 (197)'!$A$9:$F$4114,6,FALSE),IF($E45="FDE",VLOOKUP($F45,'FDE-01.25'!$A$3:$E$4000,5,FALSE),IF($E45="SIURB (E)",VLOOKUP($F45,'EDIF SEM Des JAN25'!$A$3:$D$3000,4,FALSE),IF($E45="SIURB (I)",VLOOKUP($F45,'INFRA SEM Des JAN25'!$A$2:$D$1000,4,FALSE),IF($E45="SICRO NOVO",VLOOKUP($F45,'SICRO.DNIT ONERADA 01.25'!$A$4:$D$7000,4,FALSE),0)))))) -> 10.75 | K45: =J45*(1+IF(N45="x",$T$4,$T$3)) -> 13.17 | L45: =ROUND(ROUND(I45,2)*ROUND(K45,2),2) -> 8573.67 | O45: =IFERROR(L45/$L$11,0) -> 0.0058
A46: =LEFT(D46,1) -> 3 | B46: =B45 -> 3 | C46: =IF(D46="",0,B46) -> 3 | D46: =D45+1 -> 3012 | E46: SINAPI | F46: 96558 | G46: =IF($E46="SINAPI",VLOOKUP($F46,'SINAPI_ONERADO-03.25'!$B$14:$E$10000,2,FALSE),IF($E46="CDHU",VLOOKUP($F46,'CDHU_Onerado-02.25 (197)'!$A$9:$F$4114,2,FALSE),IF($E46="FDE",VLOOKUP($F46,'FDE-01.25'!$A$3:$D$4000,2,FALSE),IF($E46="SIURB (E)",VLOOKUP($F46,'EDIF SEM Des JAN25'!$A$3:$D$3000,2,FALSE),IF($E46="SIURB (I)",VLOOKUP($F46,'INFRA SEM Des JAN25'!$A$2:$D$1000,2,FALSE),IF($E46="SICRO NOVO",VLOOKUP($F46,'SICRO.DNIT ONERADA 01.25'!$A$4:$D$7000,2,FALSE),0)))))) -> CONCRETAGEM DE SAPATA, FCK 30 MPA, COM USO DE BOMBA - LANÇAMENTO, ADENSAMENTO E ACABAMENTO. AF_01/2024 | H46: =IF($E46="SINAPI",VLOOKUP($F46,'SINAPI_ONERADO-03.25'!$B$2:$E$10000,3,FALSE),IF($E46="CDHU",VLOOKUP($F46,'CDHU_Onerado-02.25 (197)'!$A$9:$F$4114,3,FALSE),IF($E46="FDE",VLOOKUP($F46,'FDE-01.25'!$A$3:$D$4000,3,FALSE),IF($E46="SIURB (E)",VLOOKUP($F46,'EDIF SEM Des JAN25'!$A$3:$D$3000,3,FALSE),IF($E46="SIURB (I)",VLOOKUP($F46,'INFRA SEM Des JAN25'!$A$2:$D$1000,3,FALSE),IF($E46="SICRO NOVO",VLOOKUP($F46,'SICRO.DNIT ONERADA 01.25'!$A$4:$D$7000,3,FALSE),0)))))) -> M3 | I46: =IF(D46<>0,INDEX('MEMORIA CALCULO'!$A$1:$Q$2429,MATCH(D46,'MEMORIA CALCULO'!$A$1:$A$2429,0),17),0) -> 6.16 | J46: =IF($E46="SINAPI",VLOOKUP($F46,'SINAPI_ONERADO-03.25'!$B$14:$E$10000,4,FALSE),IF($E46="CDHU",VLOOKUP($F46,'CDHU_Onerado-02.25 (197)'!$A$9:$F$4114,6,FALSE),IF($E46="FDE",VLOOKUP($F46,'FDE-01.25'!$A$3:$E$4000,5,FALSE),IF($E46="SIURB (E)",VLOOKUP($F46,'EDIF SEM Des JAN25'!$A$3:$D$3000,4,FALSE),IF($E46="SIURB (I)",VLOOKUP($F46,'INFRA SEM Des JAN25'!$A$2:$D$1000,4,FALSE),IF($E46="SICRO NOVO",VLOOKUP($F46,'SICRO.DNIT ONERADA 01.25'!$A$4:$D$7000,4,FALSE),0)))))) -> 654.07 | K46: =J46*(1+IF(N46="x",$T$4,$T$3)) -> 801.04 | L46: =ROUND(ROUND(I46,2)*ROUND(K46,2),2) -> 4934.41 | O46: =IFERROR(L46/$L$11,0) -> 0.0033
A47: =LEFT(D47,1) -> 3 | B47: =B46 -> 3 | C47: =IF(D47="",0,B47) -> 3 | D47: =D46+1 -> 3013 | E47: SINAPI | F47: 98557 | G47: =IF($E47="SINAPI",VLOOKUP($F47,'SINAPI_ONERADO-03.25'!$B$14:$E$10000,2,FALSE),IF($E47="CDHU",VLOOKUP($F47,'CDHU_Onerado-02.25 (197)'!$A$9:$F$4114,2,FALSE),IF($E47="FDE",VLOOKUP($F47,'FDE-01.25'!$A$3:$D$4000,2,FALSE),IF($E47="SIURB (E)",VLOOKUP($F47,'EDIF SEM Des JAN25'!$A$3:$D$3000,2,FALSE),IF($E47="SIURB (I)",VLOOKUP($F47,'INFRA SEM Des JAN25'!$A$2:$D$1000,2,FALSE),IF($E47="SICRO NOVO",VLOOKUP($F47,'SICRO.DNIT ONERADA 01.25'!$A$4:$D$7000,2,FALSE),0)))))) -> IMPERMEABILIZAÇÃO DE SUPERFÍCIE COM EMULSÃO ASFÁLTICA, 2 DEMÃOS. AF_09/2023 | H47: =IF($E47="SINAPI",VLOOKUP($F47,'SINAPI_ONERADO-03.25'!$B$2:$E$10000,3,FALSE),IF($E47="CDHU",VLOOKUP($F47,'CDHU_Onerado-02.25 (197)'!$A$9:$F$4114,3,FALSE),IF($E47="FDE",VLOOKUP($F47,'FDE-01.25'!$A$3:$D$4000,3,FALSE),IF($E47="SIURB (E)",VLOOKUP($F47,'EDIF SEM Des JAN25'!$A$3:$D$3000,3,FALSE),IF($E47="SIURB (I)",VLOOKUP($F47,'INFRA SEM Des JAN25'!$A$2:$D$1000,3,FALSE),IF($E47="SICRO NOVO",VLOOKUP($F47,'SICRO.DNIT ONERADA 01.25'!$A$4:$D$7000,3,FALSE),0)))))) -> M2 | I47: =IF(D47<>0,INDEX('MEMORIA CALCULO'!$A$1:$Q$2429,MATCH(D47,'MEMORIA CALCULO'!$A$1:$A$2429,0),17),0) -> 55.6 | J47: =IF($E47="SINAPI",VLOOKUP($F47,'SINAPI_ONERADO-03.25'!$B$14:$E$10000,4,FALSE),IF($E47="CDHU",VLOOKUP($F47,'CDHU_Onerado-02.25 (197)'!$A$9:$F$4114,6,FALSE),IF($E47="FDE",VLOOKUP($F47,'FDE-01.25'!$A$3:$E$4000,5,FALSE),IF($E47="SIURB (E)",VLOOKUP($F47,'EDIF SEM Des JAN25'!$A$3:$D$3000,4,FALSE),IF($E47="SIURB (I)",VLOOKUP($F47,'INFRA SEM Des JAN25'!$A$2:$D$1000,4,FALSE),IF($E47="SICRO NOVO",VLOOKUP($F47,'SICRO.DNIT ONERADA 01.25'!$A$4:$D$7000,4,FALSE),0)))))) -> 44.3 | K47: =J47*(1+IF(N47="x",$T$4,$T$3)) -> 54.25 | L47: =ROUND(ROUND(I47,2)*ROUND(K47,2),2) -> 3016.3 | O47: =IFERROR(L47/$L$11,0) -> 0.002
A48: =LEFT(D48,1) -> 3 | B48: =B47 -> 3 | C48: =IF(D48="",0,B48) -> 3 | D48: =D47+1 -> 3014 | E48: SINAPI | F48: 100341 | G48: =IF($E48="SINAPI",VLOOKUP($F48,'SINAPI_ONERADO-03.25'!$B$14:$E$10000,2,FALSE),IF($E48="CDHU",VLOOKUP($F48,'CDHU_Onerado-02.25 (197)'!$A$9:$F$4114,2,FALSE),IF($E48="FDE",VLOOKUP($F48,'FDE-01.25'!$A$3:$D$4000,2,FALSE),IF($E48="SIURB (E)",VLOOKUP($F48,'EDIF SEM Des JAN25'!$A$3:$D$3000,2,FALSE),IF($E48="SIURB (I)",VLOOKUP($F48,'INFRA SEM Des JAN25'!$A$2:$D$1000,2,FALSE),IF($E48="SICRO NOVO",VLOOKUP($F48,'SICRO.DNIT ONERADA 01.25'!$A$4:$D$7000,2,FALSE),0)))))) -> FABRICAÇÃO, MONTAGEM E DESMONTAGEM DE FÔRMA PARA CORTINA DE CONTENÇÃO, EM CHAPA DE MADEIRA COMPENSADA PLASTIFICADA, E = 18 MM, 10 UTILIZAÇÕES. AF_11/2024 | H48: =IF($E48="SINAPI",VLOOKUP($F48,'SINAPI_ONERADO-03.25'!$B$2:$E$10000,3,FALSE),IF($E48="CDHU",VLOOKUP($F48,'CDHU_Onerado-02.25 (197)'!$A$9:$F$4114,3,FALSE),IF($E48="FDE",VLOOKUP($F48,'FDE-01.25'!$A$3:$D$4000,3,FALSE),IF($E48="SIURB (E)",VLOOKUP($F48,'EDIF SEM Des JAN25'!$A$3:$D$3000,3,FALSE),IF($E48="SIURB (I)",VLOOKUP($F48,'INFRA SEM Des JAN25'!$A$2:$D$1000,3,FALSE),IF($E48="SICRO NOVO",VLOOKUP($F48,'SICRO.DNIT ONERADA 01.25'!$A$4:$D$7000,3,FALSE),0)))))) -> M2 | I48: =IF(D48<>0,INDEX('MEMORIA CALCULO'!$A$1:$Q$2429,MATCH(D48,'MEMORIA CALCULO'!$A$1:$A$2429,0),17),0) -> 64.42 | J48: =IF($E48="SINAPI",VLOOKUP($F48,'SINAPI_ONERADO-03.25'!$B$14:$E$10000,4,FALSE),IF($E48="CDHU",VLOOKUP($F48,'CDHU_Onerado-02.25 (197)'!$A$9:$F$4114,6,FALSE),IF($E48="FDE",VLOOKUP($F48,'FDE-01.25'!$A$3:$E$4000,5,FALSE),IF($E48="SIURB (E)",VLOOKUP($F48,'EDIF SEM Des JAN25'!$A$3:$D$3000,4,FALSE),IF($E48="SIURB (I)",VLOOKUP($F48,'INFRA SEM Des JAN25'!$A$2:$D$1000,4,FALSE),IF($E48="SICRO NOVO",VLOOKUP($F48,'SICRO.DNIT ONERADA 01.25'!$A$4:$D$7000,4,FALSE),0)))))) -> 43.68 | K48: =J48*(1+IF(N48="x",$T$4,$T$3)) -> 53.49 | L48: =ROUND(ROUND(I48,2)*ROUND(K48,2),2) -> 3445.83 | O48: =IFERROR(L48/$L$11,0) -> 0.0023
B49: =B48 -> 3 | C49: =IF(D49="",0,B49) -> 3 | D49: =D48+1 -> 3015 | E49: CDHU | F49: 10.01.040 | G49: =IF($E49="SINAPI",VLOOKUP($F49,'SINAPI_ONERADO-03.25'!G67:K7619,2,FALSE),IF($E49="CDHU",VLOOKUP($F49,'CDHU_Onerado-02.25 (197)'!$A$9:$F$4114,2,FALSE),IF($E49="FDE",VLOOKUP($F49,'FDE-01.25'!$A$3:$D$4000,2,FALSE),IF($E49="SIURB (E)",VLOOKUP($F49,'EDIF SEM Des JAN25'!$A$3:$D$3000,2,FALSE),IF($E49="SIURB (I)",VLOOKUP($F49,'INFRA SEM Des JAN25'!$A$2:$D$1000,2,FALSE),IF($E49="SICRO NOVO",VLOOKUP($F49,'SICRO.DNIT ONERADA 01.25'!$A$4:$D$7000,2,FALSE),0)))))) -> Armadura em barra de aço CA-50 (A ou B) fyk = 500 MPa | H49: =IF($E49="SINAPI",VLOOKUP($F49,'SINAPI_ONERADO-03.25'!$G$2:$K$7540,3,FALSE),IF($E49="CDHU",VLOOKUP($F49,'CDHU_Onerado-02.25 (197)'!$A$9:$F$4114,3,FALSE),IF($E49="FDE",VLOOKUP($F49,'FDE-01.25'!$A$3:$D$4000,3,FALSE),IF($E49="SIURB (E)",VLOOKUP($F49,'EDIF SEM Des JAN25'!$A$3:$D$3000,3,FALSE),IF($E49="SIURB (I)",VLOOKUP($F49,'INFRA SEM Des JAN25'!$A$2:$D$1000,3,FALSE),IF($E49="SICRO NOVO",VLOOKUP($F49,'SICRO.DNIT ONERADA 01.25'!$A$4:$D$7000,3,FALSE),0)))))) -> KG | I49: =IF(D49<>0,INDEX('MEMORIA CALCULO'!$A$1:$Q$2429,MATCH(D49,'MEMORIA CALCULO'!$A$1:$A$2429,0),17),0) -> 606 | J49: =IF($E49="SINAPI",VLOOKUP($F49,'SINAPI_ONERADO-03.25'!$G$2:$K$7540,5,FALSE),IF($E49="CDHU",VLOOKUP($F49,'CDHU_Onerado-02.25 (197)'!$A$9:$F$4114,6,FALSE),IF($E49="FDE",VLOOKUP($F49,'FDE-01.25'!$A$3:$E$4000,5,FALSE),IF($E49="SIURB (E)",VLOOKUP($F49,'EDIF SEM Des JAN25'!$A$3:$D$3000,4,FALSE),IF($E49="SIURB (I)",VLOOKUP($F49,'INFRA SEM Des JAN25'!$A$2:$D$1000,4,FALSE),IF($E49="SICRO NOVO",VLOOKUP($F49,'SICRO.DNIT ONERADA 01.25'!$A$4:$D$7000,4,FALSE),0)))))) -> 10.75 | K49: =J49*(1+IF(N49="x",$T$4,$T$3)) -> 13.17 | L49: =ROUND(ROUND(I49,2)*ROUND(K49,2),2) -> 7981.02 | O49: =IFERROR(L49/$L$11,0) -> 0.0054
B50: =B49 -> 3 | C50: =IF(D50="",0,B50) -> 3 | D50: =D49+1 -> 3016 | E50: SINAPI | F50: 100349 | G50: =IF($E50="SINAPI",VLOOKUP($F50,'SINAPI_ONERADO-03.25'!$B$14:$E$10000,2,FALSE),IF($E50="CDHU",VLOOKUP($F50,'CDHU_Onerado-02.25 (197)'!$A$9:$F$4114,2,FALSE),IF($E50="FDE",VLOOKUP($F50,'FDE-01.25'!$A$3:$D$4000,2,FALSE),IF($E50="SIURB (E)",VLOOKUP($F50,'EDIF SEM Des JAN25'!$A$3:$D$3000,2,FALSE),IF($E50="SIURB (I)",VLOOKUP($F50,'INFRA SEM Des JAN25'!$A$2:$D$1000,2,FALSE),IF($E50="SICRO NOVO",VLOOKUP($F50,'SICRO.DNIT ONERADA 01.25'!$A$4:$D$7000,2,FALSE),0)))))) -> CONCRETAGEM DE CORTINA DE CONTENÇÃO, ATRAVÉS DE BOMBA - LANÇAMENTO, ADENSAMENTO E ACABAMENTO. AF_11/2024 | H50: =IF($E50="SINAPI",VLOOKUP($F50,'SINAPI_ONERADO-03.25'!$B$2:$E$10000,3,FALSE),IF($E50="CDHU",VLOOKUP($F50,'CDHU_Onerado-02.25 (197)'!$A$9:$F$4114,3,FALSE),IF($E50="FDE",VLOOKUP($F50,'FDE-01.25'!$A$3:$D$4000,3,FALSE),IF($E50="SIURB (E)",VLOOKUP($F50,'EDIF SEM Des JAN25'!$A$3:$D$3000,3,FALSE),IF($E50="SIURB (I)",VLOOKUP($F50,'INFRA SEM Des JAN25'!$A$2:$D$1000,3,FALSE),IF($E50="SICRO NOVO",VLOOKUP($F50,'SICRO.DNIT ONERADA 01.25'!$A$4:$D$7000,3,FALSE),0)))))) -> M3 | I50: =IF(D50<>0,INDEX('MEMORIA CALCULO'!$A$1:$Q$2429,MATCH(D50,'MEMORIA CALCULO'!$A$1:$A$2429,0),17),0) -> 5.86 | J50: =IF($E50="SINAPI",VLOOKUP($F50,'SINAPI_ONERADO-03.25'!$B$14:$E$10000,4,FALSE),IF($E50="CDHU",VLOOKUP($F50,'CDHU_Onerado-02.25 (197)'!$A$9:$F$4114,6,FALSE),IF($E50="FDE",VLOOKUP($F50,'FDE-01.25'!$A$3:$E$4000,5,FALSE),IF($E50="SIURB (E)",VLOOKUP($F50,'EDIF SEM Des JAN25'!$A$3:$D$3000,4,FALSE),IF($E50="SIURB (I)",VLOOKUP($F50,'INFRA SEM Des JAN25'!$A$2:$D$1000,4,FALSE),IF($E50="SICRO NOVO",VLOOKUP($F50,'SICRO.DNIT ONERADA 01.25'!$A$4:$D$7000,4,FALSE),0)))))) -> 568.29 | K50: =J50*(1+IF(N50="x",$T$4,$T$3)) -> 695.98 | L50: =ROUND(ROUND(I50,2)*ROUND(K50,2),2) -> 4078.44 | O50: =IFERROR(L50/$L$11,0) -> 0.0027
B51: =B50 -> 3 | C51: =IF(D51="",0,B51) -> 3 | D51: =D50+1 -> 3017 | E51: SINAPI | F51: 98557 | G51: =IF($E51="SINAPI",VLOOKUP($F51,'SINAPI_ONERADO-03.25'!$B$14:$E$10000,2,FALSE),IF($E51="CDHU",VLOOKUP($F51,'CDHU_Onerado-02.25 (197)'!$A$9:$F$4114,2,FALSE),IF($E51="FDE",VLOOKUP($F51,'FDE-01.25'!$A$3:$D$4000,2,FALSE),IF($E51="SIURB (E)",VLOOKUP($F51,'EDIF SEM Des JAN25'!$A$3:$D$3000,2,FALSE),IF($E51="SIURB (I)",VLOOKUP($F51,'INFRA SEM Des JAN25'!$A$2:$D$1000,2,FALSE),IF($E51="SICRO NOVO",VLOOKUP($F51,'SICRO.DNIT ONERADA 01.25'!$A$4:$D$7000,2,FALSE),0)))))) -> IMPERMEABILIZAÇÃO DE SUPERFÍCIE COM EMULSÃO ASFÁLTICA, 2 DEMÃOS. AF_09/2023 | H51: =IF($E51="SINAPI",VLOOKUP($F51,'SINAPI_ONERADO-03.25'!$B$2:$E$10000,3,FALSE),IF($E51="CDHU",VLOOKUP($F51,'CDHU_Onerado-02.25 (197)'!$A$9:$F$4114,3,FALSE),IF($E51="FDE",VLOOKUP($F51,'FDE-01.25'!$A$3:$D$4000,3,FALSE),IF($E51="SIURB (E)",VLOOKUP($F51,'EDIF SEM Des JAN25'!$A$3:$D$3000,3,FALSE),IF($E51="SIURB (I)",VLOOKUP($F51,'INFRA SEM Des JAN25'!$A$2:$D$1000,3,FALSE),IF($E51="SICRO NOVO",VLOOKUP($F51,'SICRO.DNIT ONERADA 01.25'!$A$4:$D$7000,3,FALSE),0)))))) -> M2 | I51: =IF(D51<>0,INDEX('MEMORIA CALCULO'!$A$1:$Q$2429,MATCH(D51,'MEMORIA CALCULO'!$A$1:$A$2429,0),17),0) -> 64.42 | J51: =IF($E51="SINAPI",VLOOKUP($F51,'SINAPI_ONERADO-03.25'!$B$14:$E$10000,4,FALSE),IF($E51="CDHU",VLOOKUP($F51,'CDHU_Onerado-02.25 (197)'!$A$9:$F$4114,6,FALSE),IF($E51="FDE",VLOOKUP($F51,'FDE-01.25'!$A$3:$E$4000,5,FALSE),IF($E51="SIURB (E)",VLOOKUP($F51,'EDIF SEM Des JAN25'!$A$3:$D$3000,4,FALSE),IF($E51="SIURB (I)",VLOOKUP($F51,'INFRA SEM Des JAN25'!$A$2:$D$1000,4,FALSE),IF($E51="SICRO NOVO",VLOOKUP($F51,'SICRO.DNIT ONERADA 01.25'!$A$4:$D$7000,4,FALSE),0)))))) -> 44.3 | K51: =J51*(1+IF(N51="x",$T$4,$T$3)) -> 54.25 | L51: =ROUND(ROUND(I51,2)*ROUND(K51,2),2) -> 3494.79 | O51: =IFERROR(L51/$L$11,0) -> 0.0024
B52: =B51 -> 3 | C52: =IF(D52="",0,B52) -> 3 | D52: =D51+1 -> 3018 | E52: CDHU | F52: 11.18.040 | G52: =IF($E52="SINAPI",VLOOKUP($F52,'SINAPI_ONERADO-03.25'!G70:K7622,2,FALSE),IF($E52="CDHU",VLOOKUP($F52,'CDHU_Onerado-02.25 (197)'!$A$9:$F$4114,2,FALSE),IF($E52="FDE",VLOOKUP($F52,'FDE-01.25'!$A$3:$D$4000,2,FALSE),IF($E52="SIURB (E)",VLOOKUP($F52,'EDIF SEM Des JAN25'!$A$3:$D$3000,2,FALSE),IF($E52="SIURB (I)",VLOOKUP($F52,'INFRA SEM Des JAN25'!$A$2:$D$1000,2,FALSE),IF($E52="SICRO NOVO",VLOOKUP($F52,'SICRO.DNIT ONERADA 01.25'!$A$4:$D$7000,2,FALSE),0)))))) -> Lastro de pedra britada | H52: =IF($E52="SINAPI",VLOOKUP($F52,'SINAPI_ONERADO-03.25'!$G$2:$K$7540,3,FALSE),IF($E52="CDHU",VLOOKUP($F52,'CDHU_Onerado-02.25 (197)'!$A$9:$F$4114,3,FALSE),IF($E52="FDE",VLOOKUP($F52,'FDE-01.25'!$A$3:$D$4000,3,FALSE),IF($E52="SIURB (E)",VLOOKUP($F52,'EDIF SEM Des JAN25'!$A$3:$D$3000,3,FALSE),IF($E52="SIURB (I)",VLOOKUP($F52,'INFRA SEM Des JAN25'!$A$2:$D$1000,3,FALSE),IF($E52="SICRO NOVO",VLOOKUP($F52,'SICRO.DNIT ONERADA 01.25'!$A$4:$D$7000,3,FALSE),0)))))) -> M3 | I52: =IF(D52<>0,INDEX('MEMORIA CALCULO'!$A$1:$Q$2429,MATCH(D52,'MEMORIA CALCULO'!$A$1:$A$2429,0),17),0) -> 9.93 | J52: =IF($E52="SINAPI",VLOOKUP($F52,'SINAPI_ONERADO-03.25'!$G$2:$K$7540,5,FALSE),IF($E52="CDHU",VLOOKUP($F52,'CDHU_Onerado-02.25 (197)'!$A$9:$F$4114,6,FALSE),IF($E52="FDE",VLOOKUP($F52,'FDE-01.25'!$A$3:$E$4000,5,FALSE),IF($E52="SIURB (E)",VLOOKUP($F52,'EDIF SEM Des JAN25'!$A$3:$D$3000,4,FALSE),IF($E52="SIURB (I)",VLOOKUP($F52,'INFRA SEM Des JAN25'!$A$2:$D$1000,4,FALSE),IF($E52="SICRO NOVO",VLOOKUP($F52,'SICRO.DNIT ONERADA 01.25'!$A$4:$D$7000,4,FALSE),0)))))) -> 208.83 | K52: =J52*(1+IF(N52="x",$T$4,$T$3)) -> 255.75 | L52: =ROUND(ROUND(I52,2)*ROUND(K52,2),2) -> 2539.6 | O52: =IFERROR(L52/$L$11,0) -> 0.0017
B53: =B52 -> 3 | C53: =IF(D53="",0,B53) -> 3 | D53: =D52+1 -> 3019 | E53: CDHU | F53: 46.13.020 | G53: =IF($E53="SINAPI",VLOOKUP($F53,'SINAPI_ONERADO-03.25'!G71:K7623,2,FALSE),IF($E53="CDHU",VLOOKUP($F53,'CDHU_Onerado-02.25 (197)'!$A$9:$F$4114,2,FALSE),IF($E53="FDE",VLOOKUP($F53,'FDE-01.25'!$A$3:$D$4000,2,FALSE),IF($E53="SIURB (E)",VLOOKUP($F53,'EDIF SEM Des JAN25'!$A$3:$D$3000,2,FALSE),IF($E53="SIURB (I)",VLOOKUP($F53,'INFRA SEM Des JAN25'!$A$2:$D$1000,2,FALSE),IF($E53="SICRO NOVO",VLOOKUP($F53,'SICRO.DNIT ONERADA 01.25'!$A$4:$D$7000,2,FALSE),0)))))) -> Tubo em polietileno de alta densidade corrugado perfurado, DN= 4´, inclusive conexões | H53: =IF($E53="SINAPI",VLOOKUP($F53,'SINAPI_ONERADO-03.25'!$G$2:$K$7540,3,FALSE),IF($E53="CDHU",VLOOKUP($F53,'CDHU_Onerado-02.25 (197)'!$A$9:$F$4114,3,FALSE),IF($E53="FDE",VLOOKUP($F53,'FDE-01.25'!$A$3:$D$4000,3,FALSE),IF($E53="SIURB (E)",VLOOKUP($F53,'EDIF SEM Des JAN25'!$A$3:$D$3000,3,FALSE),IF($E53="SIURB (I)",VLOOKUP($F53,'INFRA SEM Des JAN25'!$A$2:$D$1000,3,FALSE),IF($E53="SICRO NOVO",VLOOKUP($F53,'SICRO.DNIT ONERADA 01.25'!$A$4:$D$7000,3,FALSE),0)))))) -> M | I53: =IF(D53<>0,INDEX('MEMORIA CALCULO'!$A$1:$Q$2429,MATCH(D53,'MEMORIA CALCULO'!$A$1:$A$2429,0),17),0) -> 25.46 | J53: =IF($E53="SINAPI",VLOOKUP($F53,'SINAPI_ONERADO-03.25'!$G$2:$K$7540,5,FALSE),IF($E53="CDHU",VLOOKUP($F53,'CDHU_Onerado-02.25 (197)'!$A$9:$F$4114,6,FALSE),IF($E53="FDE",VLOOKUP($F53,'FDE-01.25'!$A$3:$E$4000,5,FALSE),IF($E53="SIURB (E)",VLOOKUP($F53,'EDIF SEM Des JAN25'!$A$3:$D$3000,4,FALSE),IF($E53="SIURB (I)",VLOOKUP($F53,'INFRA SEM Des JAN25'!$A$2:$D$1000,4,FALSE),IF($E53="SICRO NOVO",VLOOKUP($F53,'SICRO.DNIT ONERADA 01.25'!$A$4:$D$7000,4,FALSE),0)))))) -> 12.82 | K53: =J53*(1+IF(N53="x",$T$4,$T$3)) -> 15.7 | L53: =ROUND(ROUND(I53,2)*ROUND(K53,2),2) -> 399.72 | O53: =IFERROR(L53/$L$11,0) -> 0.0003
A54: =LEFT(D54,1) -> 3 | B54: =B53 -> 3 | C54: =IF(D54="",0,B54) -> 3 | D54: =D53+1 -> 3020 | E54: SIURB (E) | F54: 1004075 | G54: =IF($E54="SINAPI",VLOOKUP($F54,'SINAPI_ONERADO-03.25'!G72:K7624,2,FALSE),IF($E54="CDHU",VLOOKUP($F54,'CDHU_Onerado-02.25 (197)'!$A$9:$F$4114,2,FALSE),IF($E54="FDE",VLOOKUP($F54,'FDE-01.25'!$A$3:$D$4000,2,FALSE),IF($E54="SIURB (E)",VLOOKUP($F54,'EDIF SEM Des JAN25'!$A$3:$D$3000,2,FALSE),IF($E54="SIURB (I)",VLOOKUP($F54,'INFRA SEM Des JAN25'!$A$2:$D$1000,2,FALSE),IF($E54="SICRO NOVO",VLOOKUP($F54,'SICRO.DNIT ONERADA 01.25'!$A$4:$D$7000,2,FALSE),0)))))) -> MANTA GEOTÊXTIL | H54: =IF($E54="SINAPI",VLOOKUP($F54,'SINAPI_ONERADO-03.25'!$G$2:$K$7540,3,FALSE),IF($E54="CDHU",VLOOKUP($F54,'CDHU_Onerado-02.25 (197)'!$A$9:$F$4114,3,FALSE),IF($E54="FDE",VLOOKUP($F54,'FDE-01.25'!$A$3:$D$4000,3,FALSE),IF($E54="SIURB (E)",VLOOKUP($F54,'EDIF SEM Des JAN25'!$A$3:$D$3000,3,FALSE),IF($E54="SIURB (I)",VLOOKUP($F54,'INFRA SEM Des JAN25'!$A$2:$D$1000,3,FALSE),IF($E54="SICRO NOVO",VLOOKUP($F54,'SICRO.DNIT ONERADA 01.25'!$A$4:$D$7000,3,FALSE),0)))))) -> M2 | I54: =IF(D54<>0,INDEX('MEMORIA CALCULO'!$A$1:$Q$2429,MATCH(D54,'MEMORIA CALCULO'!$A$1:$A$2429,0),17),0) -> 71.29 | J54: =IF($E54="SINAPI",VLOOKUP($F54,'SINAPI_ONERADO-03.25'!$G$2:$K$7540,5,FALSE),IF($E54="CDHU",VLOOKUP($F54,'CDHU_Onerado-02.25 (197)'!$A$9:$F$4114,6,FALSE),IF($E54="FDE",VLOOKUP($F54,'FDE-01.25'!$A$3:$E$4000,5,FALSE),IF($E54="SIURB (E)",VLOOKUP($F54,'EDIF SEM Des JAN25'!$A$3:$D$3000,4,FALSE),IF($E54="SIURB (I)",VLOOKUP($F54,'INFRA SEM Des JAN25'!$A$2:$D$1000,4,FALSE),IF($E54="SICRO NOVO",VLOOKUP($F54,'SICRO.DNIT ONERADA 01.25'!$A$4:$D$7000,4,FALSE),0)))))) -> 10.58 | K54: =J54*(1+IF(N54="x",$T$4,$T$3)) -> 12.96 | L54: =ROUND(ROUND(I54,2)*ROUND(K54,2),2) -> 923.92 | O54: =IFERROR(L54/$L$11,0) -> 0.0006
E56: BLOCO AMPLIAÇÃO
A57: =LEFT(D57,1) -> 4 | B57: =D57 -> 4 | C57: =IF(D57="",0,B57) -> 4 | D57: =D32+1 -> 4 | E57: FUNDAÇÃO | K57: SUBTOTAL | L57: =SUM(L59:L78) -> 162876.03 | O57: =IFERROR(L57/$L$11,0) -> 0.1097
E58: ESTACAS
A59: =LEFT(D59,1) -> 4 | B59: =B57 -> 4 | C59: =IF(D59="",0,B59) -> 4 | D59: =(D57*1000)+1 -> 4001 | E59: CDHU | F59: 12.12.060 | G59: =IF($E59="SINAPI",VLOOKUP($F59,'SINAPI_ONERADO-03.25'!G27:K7579,2,FALSE),IF($E59="CDHU",VLOOKUP($F59,'CDHU_Onerado-02.25 (197)'!$A$9:$F$4114,2,FALSE),IF($E59="FDE",VLOOKUP($F59,'FDE-01.25'!$A$3:$D$4000,2,FALSE),IF($E59="SIURB (E)",VLOOKUP($F59,'EDIF SEM Des JAN25'!$A$3:$D$3000,2,FALSE),IF($E59="SIURB (I)",VLOOKUP($F59,'INFRA SEM Des JAN25'!$A$2:$D$1000,2,FALSE),IF($E59="SICRO NOVO",VLOOKUP($F59,'SICRO.DNIT ONERADA 01.25'!$A$4:$D$7000,2,FALSE),0)))))) -> Estaca tipo hélice contínua, diâmetro de 40 cm em solo | H59: =IF($E59="SINAPI",VLOOKUP($F59,'SINAPI_ONERADO-03.25'!$G$2:$K$7540,3,FALSE),IF($E59="CDHU",VLOOKUP($F59,'CDHU_Onerado-02.25 (197)'!$A$9:$F$4114,3,FALSE),IF($E59="FDE",VLOOKUP($F59,'FDE-01.25'!$A$3:$D$4000,3,FALSE),IF($E59="SIURB (E)",VLOOKUP($F59,'EDIF SEM Des JAN25'!$A$3:$D$3000,3,FALSE),IF($E59="SIURB (I)",VLOOKUP($F59,'INFRA SEM Des JAN25'!$A$2:$D$1000,3,FALSE),IF($E59="SICRO NOVO",VLOOKUP($F59,'SICRO.DNIT ONERADA 01.25'!$A$4:$D$7000,3,FALSE),0)))))) -> M | I59: =IF(D59<>0,INDEX('MEMORIA CALCULO'!$A$1:$Q$2429,MATCH(D59,'MEMORIA CALCULO'!$A$1:$A$2429,0),17),0) -> 102 | J59: =IF($E59="SINAPI",VLOOKUP($F59,'SINAPI_ONERADO-03.25'!$G$2:$K$7540,5,FALSE),IF($E59="CDHU",VLOOKUP($F59,'CDHU_Onerado-02.25 (197)'!$A$9:$F$4114,6,FALSE),IF($E59="FDE",VLOOKUP($F59,'FDE-01.25'!$A$3:$E$4000,5,FALSE),IF($E59="SIURB (E)",VLOOKUP($F59,'EDIF SEM Des JAN25'!$A$3:$D$3000,4,FALSE),IF($E59="SIURB (I)",VLOOKUP($F59,'INFRA SEM Des JAN25'!$A$2:$D$1000,4,FALSE),IF($E59="SICRO NOVO",VLOOKUP($F59,'SICRO.DNIT ONERADA 01.25'!$A$4:$D$7000,4,FALSE),0)))))) -> 79.35 | K59: =J59*(1+IF(N59="x",$T$4,$T$3)) -> 97.18 | L59: =ROUND(ROUND(I59,2)*ROUND(K59,2),2) -> 9912.36 | O59: =IFERROR(L59/$L$11,0) -> 0.0067
A60: =LEFT(D60,1) -> 4 | B60: =B59 -> 4 | C60: =IF(D60="",0,B60) -> 4 | D60: =D59+1 -> 4002 | E60: CDHU | F60: 11.01.520 | G60: =IF($E60="SINAPI",VLOOKUP($F60,'SINAPI_ONERADO-03.25'!G28:K7580,2,FALSE),IF($E60="CDHU",VLOOKUP($F60,'CDHU_Onerado-02.25 (197)'!$A$9:$F$4114,2,FALSE),IF($E60="FDE",VLOOKUP($F60,'FDE-01.25'!$A$3:$D$4000,2,FALSE),IF($E60="SIURB (E)",VLOOKUP($F60,'EDIF SEM Des JAN25'!$A$3:$D$3000,2,FALSE),IF($E60="SIURB (I)",VLOOKUP($F60,'INFRA SEM Des JAN25'!$A$2:$D$1000,2,FALSE),IF($E60="SICRO NOVO",VLOOKUP($F60,'SICRO.DNIT ONERADA 01.25'!$A$4:$D$7000,2,FALSE),0)))))) -> Concreto usinado, fck = 30 MPa - para bombeamento em estaca hélice contínua | H60: =IF($E60="SINAPI",VLOOKUP($F60,'SINAPI_ONERADO-03.25'!$G$2:$K$7540,3,FALSE),IF($E60="CDHU",VLOOKUP($F60,'CDHU_Onerado-02.25 (197)'!$A$9:$F$4114,3,FALSE),IF($E60="FDE",VLOOKUP($F60,'FDE-01.25'!$A$3:$D$4000,3,FALSE),IF($E60="SIURB (E)",VLOOKUP($F60,'EDIF SEM Des JAN25'!$A$3:$D$3000,3,FALSE),IF($E60="SIURB (I)",VLOOKUP($F60,'INFRA SEM Des JAN25'!$A$2:$D$1000,3,FALSE),IF($E60="SICRO NOVO",VLOOKUP($F60,'SICRO.DNIT ONERADA 01.25'!$A$4:$D$7000,3,FALSE),0)))))) -> M3 | I60: =IF(D60<>0,INDEX('MEMORIA CALCULO'!$A$1:$Q$2429,MATCH(D60,'MEMORIA CALCULO'!$A$1:$A$2429,0),17),0) -> 13.26 | J60: =IF($E60="SINAPI",VLOOKUP($F60,'SINAPI_ONERADO-03.25'!$G$2:$K$7540,5,FALSE),IF($E60="CDHU",VLOOKUP($F60,'CDHU_Onerado-02.25 (197)'!$A$9:$F$4114,6,FALSE),IF($E60="FDE",VLOOKUP($F60,'FDE-01.25'!$A$3:$E$4000,5,FALSE),IF($E60="SIURB (E)",VLOOKUP($F60,'EDIF SEM Des JAN25'!$A$3:$D$3000,4,FALSE),IF($E60="SIURB (I)",VLOOKUP($F60,'INFRA SEM Des JAN25'!$A$2:$D$1000,4,FALSE),IF($E60="SICRO NOVO",VLOOKUP($F60,'SICRO.DNIT ONERADA 01.25'!$A$4:$D$7000,4,FALSE),0)))))) -> 621.11 | K60: =J60*(1+IF(N60="x",$T$4,$T$3)) -> 760.67 | L60: =ROUND(ROUND(I60,2)*ROUND(K60,2),2) -> 10086.48 | O60: =IFERROR(L60/$L$11,0) -> 0.0068
A61: =LEFT(D61,1) -> 4 | B61: =B60 -> 4 | C61: =IF(D61="",0,B61) -> 4 | D61: =D60+1 -> 4003 | E61: SINAPI | F61: 95584 | G61: =IF($E61="SINAPI",VLOOKUP($F61,'SINAPI_ONERADO-03.25'!$B$14:$E$10000,2,FALSE),IF($E61="CDHU",VLOOKUP($F61,'CDHU_Onerado-02.25 (197)'!$A$9:$F$4114,2,FALSE),IF($E61="FDE",VLOOKUP($F61,'FDE-01.25'!$A$3:$D$4000,2,FALSE),IF($E61="SIURB (E)",VLOOKUP($F61,'EDIF SEM Des JAN25'!$A$3:$D$3000,2,FALSE),IF($E61="SIURB (I)",VLOOKUP($F61,'INFRA SEM Des JAN25'!$A$2:$D$1000,2,FALSE),IF($E61="SICRO NOVO",VLOOKUP($F61,'SICRO.DNIT ONERADA 01.25'!$A$4:$D$7000,2,FALSE),0)))))) -> MONTAGEM DE ARMADURA TRANSVERSAL DE ESTACAS DE SEÇÃO CIRCULAR, DIÂMETRO = 6,30 MM. AF_09/2021_PS | H61: =IF($E61="SINAPI",VLOOKUP($F61,'SINAPI_ONERADO-03.25'!$B$2:$E$10000,3,FALSE),IF($E61="CDHU",VLOOKUP($F61,'CDHU_Onerado-02.25 (197)'!$A$9:$F$4114,3,FALSE),IF($E61="FDE",VLOOKUP($F61,'FDE-01.25'!$A$3:$D$4000,3,FALSE),IF($E61="SIURB (E)",VLOOKUP($F61,'EDIF SEM Des JAN25'!$A$3:$D$3000,3,FALSE),IF($E61="SIURB (I)",VLOOKUP($F61,'INFRA SEM Des JAN25'!$A$2:$D$1000,3,FALSE),IF($E61="SICRO NOVO",VLOOKUP($F61,'SICRO.DNIT ONERADA 01.25'!$A$4:$D$7000,3,FALSE),0)))))) -> KG | I61: =IF(D61<>0,INDEX('MEMORIA CALCULO'!$A$1:$Q$2429,MATCH(D61,'MEMORIA CALCULO'!$A$1:$A$2429,0),17),0) -> 135.58 | J61: =IF($E61="SINAPI",VLOOKUP($F61,'SINAPI_ONERADO-03.25'!$B$14:$E$10000,4,FALSE),IF($E61="CDHU",VLOOKUP($F61,'CDHU_Onerado-02.25 (197)'!$A$9:$F$4114,6,FALSE),IF($E61="FDE",VLOOKUP($F61,'FDE-01.25'!$A$3:$E$4000,5,FALSE),IF($E61="SIURB (E)",VLOOKUP($F61,'EDIF SEM Des JAN25'!$A$3:$D$3000,4,FALSE),IF($E61="SIURB (I)",VLOOKUP($F61,'INFRA SEM Des JAN25'!$A$2:$D$1000,4,FALSE),IF($E61="SICRO NOVO",VLOOKUP($F61,'SICRO.DNIT ONERADA 01.25'!$A$4:$D$7000,4,FALSE),0)))))) -> 14.83 | K61: =J61*(1+IF(N61="x",$T$4,$T$3)) -> 18.16 | L61: =ROUND(ROUND(I61,2)*ROUND(K61,2),2) -> 2462.13 | O61: =IFERROR(L61/$L$11,0) -> 0.0017
A62: =LEFT(D62,1) -> 4 | B62: =B61 -> 4 | C62: =IF(D62="",0,B62) -> 4 | D62: =D61+1 -> 4004 | E62: SINAPI | F62: 95577 | G62: =IF($E62="SINAPI",VLOOKUP($F62,'SINAPI_ONERADO-03.25'!$B$14:$E$10000,2,FALSE),IF($E62="CDHU",VLOOKUP($F62,'CDHU_Onerado-02.25 (197)'!$A$9:$F$4114,2,FALSE),IF($E62="FDE",VLOOKUP($F62,'FDE-01.25'!$A$3:$D$4000,2,FALSE),IF($E62="SIURB (E)",VLOOKUP($F62,'EDIF SEM Des JAN25'!$A$3:$D$3000,2,FALSE),IF($E62="SIURB (I)",VLOOKUP($F62,'INFRA SEM Des JAN25'!$A$2:$D$1000,2,FALSE),IF($E62="SICRO NOVO",VLOOKUP($F62,'SICRO.DNIT ONERADA 01.25'!$A$4:$D$7000,2,FALSE),0)))))) -> MONTAGEM DE ARMADURA DE ESTACAS, DIÂMETRO = 10,0 MM. AF_09/2021_PS | H62: =IF($E62="SINAPI",VLOOKUP($F62,'SINAPI_ONERADO-03.25'!$B$2:$E$10000,3,FALSE),IF($E62="CDHU",VLOOKUP($F62,'CDHU_Onerado-02.25 (197)'!$A$9:$F$4114,3,FALSE),IF($E62="FDE",VLOOKUP($F62,'FDE-01.25'!$A$3:$D$4000,3,FALSE),IF($E62="SIURB (E)",VLOOKUP($F62,'EDIF SEM Des JAN25'!$A$3:$D$3000,3,FALSE),IF($E62="SIURB (I)",VLOOKUP($F62,'INFRA SEM Des JAN25'!$A$2:$D$1000,3,FALSE),IF($E62="SICRO NOVO",VLOOKUP($F62,'SICRO.DNIT ONERADA 01.25'!$A$4:$D$7000,3,FALSE),0)))))) -> KG | I62: =IF(D62<>0,INDEX('MEMORIA CALCULO'!$A$1:$Q$2429,MATCH(D62,'MEMORIA CALCULO'!$A$1:$A$2429,0),17),0) -> 385.56 | J62: =IF($E62="SINAPI",VLOOKUP($F62,'SINAPI_ONERADO-03.25'!$B$14:$E$10000,4,FALSE),IF($E62="CDHU",VLOOKUP($F62,'CDHU_Onerado-02.25 (197)'!$A$9:$F$4114,6,FALSE),IF($E62="FDE",VLOOKUP($F62,'FDE-01.25'!$A$3:$E$4000,5,FALSE),IF($E62="SIURB (E)",VLOOKUP($F62,'EDIF SEM Des JAN25'!$A$3:$D$3000,4,FALSE),IF($E62="SIURB (I)",VLOOKUP($F62,'INFRA SEM Des JAN25'!$A$2:$D$1000,4,FALSE),IF($E62="SICRO NOVO",VLOOKUP($F62,'SICRO.DNIT ONERADA 01.25'!$A$4:$D$7000,4,FALSE),0)))))) -> 10.77 | K62: =J62*(1+IF(N62="x",$T$4,$T$3)) -> 13.19 | L62: =ROUND(ROUND(I62,2)*ROUND(K62,2),2) -> 5085.54 | O62: =IFERROR(L62/$L$11,0) -> 0.0034
A63: =LEFT(D63,1) -> 4 | B63: =B62 -> 4 | C63: =IF(D63="",0,B63) -> 4 | D63: =D62+1 -> 4005 | E63: CDHU | F63: 12.12.010 | G63: =IF($E63="SINAPI",VLOOKUP($F63,'SINAPI_ONERADO-03.25'!G31:K7583,2,FALSE),IF($E63="CDHU",VLOOKUP($F63,'CDHU_Onerado-02.25 (197)'!$A$9:$F$4114,2,FALSE),IF($E63="FDE",VLOOKUP($F63,'FDE-01.25'!$A$3:$D$4000,2,FALSE),IF($E63="SIURB (E)",VLOOKUP($F63,'EDIF SEM Des JAN25'!$A$3:$D$3000,2,FALSE),IF($E63="SIURB (I)",VLOOKUP($F63,'INFRA SEM Des JAN25'!$A$2:$D$1000,2,FALSE),IF($E63="SICRO NOVO",VLOOKUP($F63,'SICRO.DNIT ONERADA 01.25'!$A$4:$D$7000,2,FALSE),0)))))) -> Taxa de mobilização e desmobilização de equipamentos para execução de estaca tipo hélice contínua em solo | H63: =IF($E63="SINAPI",VLOOKUP($F63,'SINAPI_ONERADO-03.25'!$G$2:$K$7540,3,FALSE),IF($E63="CDHU",VLOOKUP($F63,'CDHU_Onerado-02.25 (197)'!$A$9:$F$4114,3,FALSE),IF($E63="FDE",VLOOKUP($F63,'FDE-01.25'!$A$3:$D$4000,3,FALSE),IF($E63="SIURB (E)",VLOOKUP($F63,'EDIF SEM Des JAN25'!$A$3:$D$3000,3,FALSE),IF($E63="SIURB (I)",VLOOKUP($F63,'INFRA SEM Des JAN25'!$A$2:$D$1000,3,FALSE),IF($E63="SICRO NOVO",VLOOKUP($F63,'SICRO.DNIT ONERADA 01.25'!$A$4:$D$7000,3,FALSE),0)))))) -> TX | I63: =IF(D63<>0,INDEX('MEMORIA CALCULO'!$A$1:$Q$2429,MATCH(D63,'MEMORIA CALCULO'!$A$1:$A$2429,0),17),0) -> 1 | J63: =IF($E63="SINAPI",VLOOKUP($F63,'SINAPI_ONERADO-03.25'!$G$2:$K$7540,5,FALSE),IF($E63="CDHU",VLOOKUP($F63,'CDHU_Onerado-02.25 (197)'!$A$9:$F$4114,6,FALSE),IF($E63="FDE",VLOOKUP($F63,'FDE-01.25'!$A$3:$E$4000,5,FALSE),IF($E63="SIURB (E)",VLOOKUP($F63,'EDIF SEM Des JAN25'!$A$3:$D$3000,4,FALSE),IF($E63="SIURB (I)",VLOOKUP($F63,'INFRA SEM Des JAN25'!$A$2:$D$1000,4,FALSE),IF($E63="SICRO NOVO",VLOOKUP($F63,'SICRO.DNIT ONERADA 01.25'!$A$4:$D$7000,4,FALSE),0)))))) -> 39754.76 | K63: =J63*(1+IF(N63="x",$T$4,$T$3)) -> 48687.65 | L63: =ROUND(ROUND(I63,2)*ROUND(K63,2),2) -> 48687.65 | O63: =IFERROR(L63/$L$11,0) -> 0.0328
A64: =LEFT(D64,1) | B64: =B63 -> 4 | C64: =IF(D64="",0,B64) -> 0 | E64: ELEMENTOS DE FUNDAÇÃO
A65: =LEFT(D65,1) -> 4 | B65: =B64 -> 4 | C65: =IF(D65="",0,B65) -> 4 | D65: =D63+1 -> 4006 | E65: CDHU | F65: 07.01.020 | G65: =IF($E65="SINAPI",VLOOKUP($F65,'SINAPI_ONERADO-03.25'!G32:K7584,2,FALSE),IF($E65="CDHU",VLOOKUP($F65,'CDHU_Onerado-02.25 (197)'!$A$9:$F$4114,2,FALSE),IF($E65="FDE",VLOOKUP($F65,'FDE-01.25'!$A$3:$D$4000,2,FALSE),IF($E65="SIURB (E)",VLOOKUP($F65,'EDIF SEM Des JAN25'!$A$3:$D$3000,2,FALSE),IF($E65="SIURB (I)",VLOOKUP($F65,'INFRA SEM Des JAN25'!$A$2:$D$1000,2,FALSE),IF($E65="SICRO NOVO",VLOOKUP($F65,'SICRO.DNIT ONERADA 01.25'!$A$4:$D$7000,2,FALSE),0)))))) -> Escavação e carga mecanizada em solo de 1ª categoria, em campo aberto | H65: =IF($E65="SINAPI",VLOOKUP($F65,'SINAPI_ONERADO-03.25'!$G$2:$K$7540,3,FALSE),IF($E65="CDHU",VLOOKUP($F65,'CDHU_Onerado-02.25 (197)'!$A$9:$F$4114,3,FALSE),IF($E65="FDE",VLOOKUP($F65,'FDE-01.25'!$A$3:$D$4000,3,FALSE),IF($E65="SIURB (E)",VLOOKUP($F65,'EDIF SEM Des JAN25'!$A$3:$D$3000,3,FALSE),IF($E65="SIURB (I)",VLOOKUP($F65,'INFRA SEM Des JAN25'!$A$2:$D$1000,3,FALSE),IF($E65="SICRO NOVO",VLOOKUP($F65,'SICRO.DNIT ONERADA 01.25'!$A$4:$D$7000,3,FALSE),0)))))) -> M3 | I65: =IF(D65<>0,INDEX('MEMORIA CALCULO'!$A$1:$Q$2429,MATCH(D65,'MEMORIA CALCULO'!$A$1:$A$2429,0),17),0) -> 102 | J65: =IF($E65="SINAPI",VLOOKUP($F65,'SINAPI_ONERADO-03.25'!$G$2:$K$7540,5,FALSE),IF($E65="CDHU",VLOOKUP($F65,'CDHU_Onerado-02.25 (197)'!$A$9:$F$4114,6,FALSE),IF($E65="FDE",VLOOKUP($F65,'FDE-01.25'!$A$3:$E$4000,5,FALSE),IF($E65="SIURB (E)",VLOOKUP($F65,'EDIF SEM Des JAN25'!$A$3:$D$3000,4,FALSE),IF($E65="SIURB (I)",VLOOKUP($F65,'INFRA SEM Des JAN25'!$A$2:$D$1000,4,FALSE),IF($E65="SICRO NOVO",VLOOKUP($F65,'SICRO.DNIT ONERADA 01.25'!$A$4:$D$7000,4,FALSE),0)))))) -> 16.42 | K65: =J65*(1+IF(N65="x",$T$4,$T$3)) -> 20.11 | L65: =ROUND(ROUND(I65,2)*ROUND(K65,2),2) -> 2051.22 | O65: =IFERROR(L65/$L$11,0) -> 0.0014
A66: =LEFT(D66,1) -> 4 | B66: =B65 -> 4 | C66: =IF(D66="",0,B66) -> 4 | D66: =D65+1 -> 4007 | E66: SIURB (E) | F66: 1003006 | G66: =IF($E66="SINAPI",VLOOKUP($F66,'SINAPI_ONERADO-03.25'!G33:K7585,2,FALSE),IF($E66="CDHU",VLOOKUP($F66,'CDHU_Onerado-02.25 (197)'!$A$9:$F$4114,2,FALSE),IF($E66="FDE",VLOOKUP($F66,'FDE-01.25'!$A$3:$D$4000,2,FALSE),IF($E66="SIURB (E)",VLOOKUP($F66,'EDIF SEM Des JAN25'!$A$3:$D$3000,2,FALSE),IF($E66="SIURB (I)",VLOOKUP($F66,'INFRA SEM Des JAN25'!$A$2:$D$1000,2,FALSE),IF($E66="SICRO NOVO",VLOOKUP($F66,'SICRO.DNIT ONERADA 01.25'!$A$4:$D$7000,2,FALSE),0)))))) -> ATERRO, INCLUSIVE COMPACTAÇÃO | H66: =IF($E66="SINAPI",VLOOKUP($F66,'SINAPI_ONERADO-03.25'!$G$2:$K$7540,3,FALSE),IF($E66="CDHU",VLOOKUP($F66,'CDHU_Onerado-02.25 (197)'!$A$9:$F$4114,3,FALSE),IF($E66="FDE",VLOOKUP($F66,'FDE-01.25'!$A$3:$D$4000,3,FALSE),IF($E66="SIURB (E)",VLOOKUP($F66,'EDIF SEM Des JAN25'!$A$3:$D$3000,3,FALSE),IF($E66="SIURB (I)",VLOOKUP($F66,'INFRA SEM Des JAN25'!$A$2:$D$1000,3,FALSE),IF($E66="SICRO NOVO",VLOOKUP($F66,'SICRO.DNIT ONERADA 01.25'!$A$4:$D$7000,3,FALSE),0)))))) -> M3 | I66: =IF(D66<>0,INDEX('MEMORIA CALCULO'!$A$1:$Q$2429,MATCH(D66,'MEMORIA CALCULO'!$A$1:$A$2429,0),17),0) -> 88.4 | J66: =IF($E66="SINAPI",VLOOKUP($F66,'SINAPI_ONERADO-03.25'!$G$2:$K$7540,5,FALSE),IF($E66="CDHU",VLOOKUP($F66,'CDHU_Onerado-02.25 (197)'!$A$9:$F$4114,6,FALSE),IF($E66="FDE",VLOOKUP($F66,'FDE-01.25'!$A$3:$E$4000,5,FALSE),IF($E66="SIURB (E)",VLOOKUP($F66,'EDIF SEM Des JAN25'!$A$3:$D$3000,4,FALSE),IF($E66="SIURB (I)",VLOOKUP($F66,'INFRA SEM Des JAN25'!$A$2:$D$1000,4,FALSE),IF($E66="SICRO NOVO",VLOOKUP($F66,'SICRO.DNIT ONERADA 01.25'!$A$4:$D$7000,4,FALSE),0)))))) -> 7.78 | K66: =J66*(1+IF(N66="x",$T$4,$T$3)) -> 9.53 | L66: =ROUND(ROUND(I66,2)*ROUND(K66,2),2) -> 842.45 | O66: =IFERROR(L66/$L$11,0) -> 0.0006
A67: =LEFT(D67,1) -> 4 | B67: =B66 -> 4 | C67: =IF(D67="",0,B67) -> 4 | D67: =D66+1 -> 4008 | E67: CDHU | F67: 05.10.025 | G67: =IF($E67="SINAPI",VLOOKUP($F67,'SINAPI_ONERADO-03.25'!G34:K7586,2,FALSE),IF($E67="CDHU",VLOOKUP($F67,'CDHU_Onerado-02.25 (197)'!$A$9:$F$4114,2,FALSE),IF($E67="FDE",VLOOKUP($F67,'FDE-01.25'!$A$3:$D$4000,2,FALSE),IF($E67="SIURB (E)",VLOOKUP($F67,'EDIF SEM Des JAN25'!$A$3:$D$3000,2,FALSE),IF($E67="SIURB (I)",VLOOKUP($F67,'INFRA SEM Des JAN25'!$A$2:$D$1000,2,FALSE),IF($E67="SICRO NOVO",VLOOKUP($F67,'SICRO.DNIT ONERADA 01.25'!$A$4:$D$7000,2,FALSE),0)))))) -> Transporte de solo de 1ª e 2ª categoria por caminhão para distâncias superiores ao 15° km até o 20° km | H67: =IF($E67="SINAPI",VLOOKUP($F67,'SINAPI_ONERADO-03.25'!$G$2:$K$7540,3,FALSE),IF($E67="CDHU",VLOOKUP($F67,'CDHU_Onerado-02.25 (197)'!$A$9:$F$4114,3,FALSE),IF($E67="FDE",VLOOKUP($F67,'FDE-01.25'!$A$3:$D$4000,3,FALSE),IF($E67="SIURB (E)",VLOOKUP($F67,'EDIF SEM Des JAN25'!$A$3:$D$3000,3,FALSE),IF($E67="SIURB (I)",VLOOKUP($F67,'INFRA SEM Des JAN25'!$A$2:$D$1000,3,FALSE),IF($E67="SICRO NOVO",VLOOKUP($F67,'SICRO.DNIT ONERADA 01.25'!$A$4:$D$7000,3,FALSE),0)))))) -> M3 | I67: =IF(D67<>0,INDEX('MEMORIA CALCULO'!$A$1:$Q$2429,MATCH(D67,'MEMORIA CALCULO'!$A$1:$A$2429,0),17),0) -> 17.68 | J67: =IF($E67="SINAPI",VLOOKUP($F67,'SINAPI_ONERADO-03.25'!$G$2:$K$7540,5,FALSE),IF($E67="CDHU",VLOOKUP($F67,'CDHU_Onerado-02.25 (197)'!$A$9:$F$4114,6,FALSE),IF($E67="FDE",VLOOKUP($F67,'FDE-01.25'!$A$3:$E$4000,5,FALSE),IF($E67="SIURB (E)",VLOOKUP($F67,'EDIF SEM Des JAN25'!$A$3:$D$3000,4,FALSE),IF($E67="SIURB (I)",VLOOKUP($F67,'INFRA SEM Des JAN25'!$A$2:$D$1000,4,FALSE),IF($E67="SICRO NOVO",VLOOKUP($F67,'SICRO.DNIT ONERADA 01.25'!$A$4:$D$7000,4,FALSE),0)))))) -> 37.68 | K67: =J67*(1+IF(N67="x",$T$4,$T$3)) -> 46.15 | L67: =ROUND(ROUND(I67,2)*ROUND(K67,2),2) -> 815.93 | O67: =IFERROR(L67/$L$11,0) -> 0.0005
A68: =LEFT(D68,1) -> 4 | B68: =B67 -> 4 | C68: =IF(D68="",0,B68) -> 4 | D68: =D67+1 -> 4009 | E68: CDHU | F68: 05.09.007 | G68: =IF($E68="SINAPI",VLOOKUP($F68,'SINAPI_ONERADO-03.25'!G35:K7587,2,FALSE),IF($E68="CDHU",VLOOKUP($F68,'CDHU_Onerado-02.25 (197)'!$A$9:$F$4114,2,FALSE),IF($E68="FDE",VLOOKUP($F68,'FDE-01.25'!$A$3:$D$4000,2,FALSE),IF($E68="SIURB (E)",VLOOKUP($F68,'EDIF SEM Des JAN25'!$A$3:$D$3000,2,FALSE),IF($E68="SIURB (I)",VLOOKUP($F68,'INFRA SEM Des JAN25'!$A$2:$D$1000,2,FALSE),IF($E68="SICRO NOVO",VLOOKUP($F68,'SICRO.DNIT ONERADA 01.25'!$A$4:$D$7000,2,FALSE),0)))))) -> Taxa de destinação de resíduo sólido em aterro, tipo solo/terra | H68: =IF($E68="SINAPI",VLOOKUP($F68,'SINAPI_ONERADO-03.25'!$G$2:$K$7540,3,FALSE),IF($E68="CDHU",VLOOKUP($F68,'CDHU_Onerado-02.25 (197)'!$A$9:$F$4114,3,FALSE),IF($E68="FDE",VLOOKUP($F68,'FDE-01.25'!$A$3:$D$4000,3,FALSE),IF($E68="SIURB (E)",VLOOKUP($F68,'EDIF SEM Des JAN25'!$A$3:$D$3000,3,FALSE),IF($E68="SIURB (I)",VLOOKUP($F68,'INFRA SEM Des JAN25'!$A$2:$D$1000,3,FALSE),IF($E68="SICRO NOVO",VLOOKUP($F68,'SICRO.DNIT ONERADA 01.25'!$A$4:$D$7000,3,FALSE),0)))))) -> M3 | I68: =IF(D68<>0,INDEX('MEMORIA CALCULO'!$A$1:$Q$2429,MATCH(D68,'MEMORIA CALCULO'!$A$1:$A$2429,0),17),0) -> 17.68 | J68: =IF($E68="SINAPI",VLOOKUP($F68,'SINAPI_ONERADO-03.25'!$G$2:$K$7540,5,FALSE),IF($E68="CDHU",VLOOKUP($F68,'CDHU_Onerado-02.25 (197)'!$A$9:$F$4114,6,FALSE),IF($E68="FDE",VLOOKUP($F68,'FDE-01.25'!$A$3:$E$4000,5,FALSE),IF($E68="SIURB (E)",VLOOKUP($F68,'EDIF SEM Des JAN25'!$A$3:$D$3000,4,FALSE),IF($E68="SIURB (I)",VLOOKUP($F68,'INFRA SEM Des JAN25'!$A$2:$D$1000,4,FALSE),IF($E68="SICRO NOVO",VLOOKUP($F68,'SICRO.DNIT ONERADA 01.25'!$A$4:$D$7000,4,FALSE),0)))))) -> 30.62 | K68: =J68*(1+IF(N68="x",$T$4,$T$3)) -> 37.5 | L68: =ROUND(ROUND(I68,2)*ROUND(K68,2),2) -> 663 | O68: =IFERROR(L68/$L$11,0) -> 0.0004
A69: =LEFT(D69,1) -> 4 | B69: =B68 -> 4 | C69: =IF(D69="",0,B69) -> 4 | D69: =D68+1 -> 4010 | E69: SIURB (E) | F69: 2002010 | G69: =IF($E69="SINAPI",VLOOKUP($F69,'SINAPI_ONERADO-03.25'!G36:K7588,2,FALSE),IF($E69="CDHU",VLOOKUP($F69,'CDHU_Onerado-02.25 (197)'!$A$9:$F$4114,2,FALSE),IF($E69="FDE",VLOOKUP($F69,'FDE-01.25'!$A$3:$D$4000,2,FALSE),IF($E69="SIURB (E)",VLOOKUP($F69,'EDIF SEM Des JAN25'!$A$3:$D$3000,2,FALSE),IF($E69="SIURB (I)",VLOOKUP($F69,'INFRA SEM Des JAN25'!$A$2:$D$1000,2,FALSE),IF($E69="SICRO NOVO",VLOOKUP($F69,'SICRO.DNIT ONERADA 01.25'!$A$4:$D$7000,2,FALSE),0)))))) -> APILOAMENTO DO FUNDO DE VALAS, PARA SIMPLES REGULARIZAÇÃO | H69: =IF($E69="SINAPI",VLOOKUP($F69,'SINAPI_ONERADO-03.25'!$G$2:$K$7540,3,FALSE),IF($E69="CDHU",VLOOKUP($F69,'CDHU_Onerado-02.25 (197)'!$A$9:$F$4114,3,FALSE),IF($E69="FDE",VLOOKUP($F69,'FDE-01.25'!$A$3:$D$4000,3,FALSE),IF($E69="SIURB (E)",VLOOKUP($F69,'EDIF SEM Des JAN25'!$A$3:$D$3000,3,FALSE),IF($E69="SIURB (I)",VLOOKUP($F69,'INFRA SEM Des JAN25'!$A$2:$D$1000,3,FALSE),IF($E69="SICRO NOVO",VLOOKUP($F69,'SICRO.DNIT ONERADA 01.25'!$A$4:$D$7000,3,FALSE),0)))))) -> M2 | I69: =IF(D69<>0,INDEX('MEMORIA CALCULO'!$A$1:$Q$2429,MATCH(D69,'MEMORIA CALCULO'!$A$1:$A$2429,0),17),0) -> 66.45 | J69: =IF($E69="SINAPI",VLOOKUP($F69,'SINAPI_ONERADO-03.25'!$G$2:$K$7540,5,FALSE),IF($E69="CDHU",VLOOKUP($F69,'CDHU_Onerado-02.25 (197)'!$A$9:$F$4114,6,FALSE),IF($E69="FDE",VLOOKUP($F69,'FDE-01.25'!$A$3:$E$4000,5,FALSE),IF($E69="SIURB (E)",VLOOKUP($F69,'EDIF SEM Des JAN25'!$A$3:$D$3000,4,FALSE),IF($E69="SIURB (I)",VLOOKUP($F69,'INFRA SEM Des JAN25'!$A$2:$D$1000,4,FALSE),IF($E69="SICRO NOVO",VLOOKUP($F69,'SICRO.DNIT ONERADA 01.25'!$A$4:$D$7000,4,FALSE),0)))))) -> 6.03 | K69: =J69*(1+IF(N69="x",$T$4,$T$3)) -> 7.38 | L69: =ROUND(ROUND(I69,2)*ROUND(K69,2),2) -> 490.4 | O69: =IFERROR(L69/$L$11,0) -> 0.0003
A70: =LEFT(D70,1) -> 4 | B70: =B69 -> 4 | C70: =IF(D70="",0,B70) -> 4 | D70: =D69+1 -> 4011 | E70: SINAPI | F70: 96621 | G70: =IF($E70="SINAPI",VLOOKUP($F70,'SINAPI_ONERADO-03.25'!$B$14:$E$10000,2,FALSE),IF($E70="CDHU",VLOOKUP($F70,'CDHU_Onerado-02.25 (197)'!$A$9:$F$4114,2,FALSE),IF($E70="FDE",VLOOKUP($F70,'FDE-01.25'!$A$3:$D$4000,2,FALSE),IF($E70="SIURB (E)",VLOOKUP($F70,'EDIF SEM Des JAN25'!$A$3:$D$3000,2,FALSE),IF($E70="SIURB (I)",VLOOKUP($F70,'INFRA SEM Des JAN25'!$A$2:$D$1000,2,FALSE),IF($E70="SICRO NOVO",VLOOKUP($F70,'SICRO.DNIT ONERADA 01.25'!$A$4:$D$7000,2,FALSE),0)))))) -> LASTRO COM MATERIAL GRANULAR, APLICAÇÃO EM BLOCOS DE COROAMENTO, ESPESSURA DE *5 CM*. AF_01/2024 | H70: =IF($E70="SINAPI",VLOOKUP($F70,'SINAPI_ONERADO-03.25'!$B$2:$E$10000,3,FALSE),IF($E70="CDHU",VLOOKUP($F70,'CDHU_Onerado-02.25 (197)'!$A$9:$F$4114,3,FALSE),IF($E70="FDE",VLOOKUP($F70,'FDE-01.25'!$A$3:$D$4000,3,FALSE),IF($E70="SIURB (E)",VLOOKUP($F70,'EDIF SEM Des JAN25'!$A$3:$D$3000,3,FALSE),IF($E70="SIURB (I)",VLOOKUP($F70,'INFRA SEM Des JAN25'!$A$2:$D$1000,3,FALSE),IF($E70="SICRO NOVO",VLOOKUP($F70,'SICRO.DNIT ONERADA 01.25'!$A$4:$D$7000,3,FALSE),0)))))) -> M3 | I70: =IF(D70<>0,INDEX('MEMORIA CALCULO'!$A$1:$Q$2429,MATCH(D70,'MEMORIA CALCULO'!$A$1:$A$2429,0),17),0) -> 3.32 | J70: =IF($E70="SINAPI",VLOOKUP($F70,'SINAPI_ONERADO-03.25'!$B$14:$E$10000,4,FALSE),IF($E70="CDHU",VLOOKUP($F70,'CDHU_Onerado-02.25 (197)'!$A$9:$F$4114,6,FALSE),IF($E70="FDE",VLOOKUP($F70,'FDE-01.25'!$A$3:$E$4000,5,FALSE),IF($E70="SIURB (E)",VLOOKUP($F70,'EDIF SEM Des JAN25'!$A$3:$D$3000,4,FALSE),IF($E70="SIURB (I)",VLOOKUP($F70,'INFRA SEM Des JAN25'!$A$2:$D$1000,4,FALSE),IF($E70="SICRO NOVO",VLOOKUP($F70,'SICRO.DNIT ONERADA 01.25'!$A$4:$D$7000,4,FALSE),0)))))) -> 215.57 | K70: =J70*(1+IF(N70="x",$T$4,$T$3)) -> 264.01 | L70: =ROUND(ROUND(I70,2)*ROUND(K70,2),2) -> 876.51 | O70: =IFERROR(L70/$L$11,0) -> 0.0006
A71: =LEFT(D71,1) -> 4 | B71: =B70 -> 4 | C71: =IF(D71="",0,B71) -> 4 | D71: =D70+1 -> 4012 | E71: SINAPI | F71: 96537 | G71: =IF($E71="SINAPI",VLOOKUP($F71,'SINAPI_ONERADO-03.25'!$B$14:$E$10000,2,FALSE),IF($E71="CDHU",VLOOKUP($F71,'CDHU_Onerado-02.25 (197)'!$A$9:$F$4114,2,FALSE),IF($E71="FDE",VLOOKUP($F71,'FDE-01.25'!$A$3:$D$4000,2,FALSE),IF($E71="SIURB (E)",VLOOKUP($F71,'EDIF SEM Des JAN25'!$A$3:$D$3000,2,FALSE),IF($E71="SIURB (I)",VLOOKUP($F71,'INFRA SEM Des JAN25'!$A$2:$D$1000,2,FALSE),IF($E71="SICRO NOVO",VLOOKUP($F71,'SICRO.DNIT ONERADA 01.25'!$A$4:$D$7000,2,FALSE),0)))))) -> FABRICAÇÃO, MONTAGEM E DESMONTAGEM DE FÔRMA PARA BLOCO DE COROAMENTO, EM CHAPA DE MADEIRA COMPENSADA RESINADA, E=17 MM, 2 UTILIZAÇÕES. AF_01/2024 | H71: =IF($E71="SINAPI",VLOOKUP($F71,'SINAPI_ONERADO-03.25'!$B$2:$E$10000,3,FALSE),IF($E71="CDHU",VLOOKUP($F71,'CDHU_Onerado-02.25 (197)'!$A$9:$F$4114,3,FALSE),IF($E71="FDE",VLOOKUP($F71,'FDE-01.25'!$A$3:$D$4000,3,FALSE),IF($E71="SIURB (E)",VLOOKUP($F71,'EDIF SEM Des JAN25'!$A$3:$D$3000,3,FALSE),IF($E71="SIURB (I)",VLOOKUP($F71,'INFRA SEM Des JAN25'!$A$2:$D$1000,3,FALSE),IF($E71="SICRO NOVO",VLOOKUP($F71,'SICRO.DNIT ONERADA 01.25'!$A$4:$D$7000,3,FALSE),0)))))) -> M2 | I71: =IF(D71<>0,INDEX('MEMORIA CALCULO'!$A$1:$Q$2429,MATCH(D71,'MEMORIA CALCULO'!$A$1:$A$2429,0),17),0) -> 54.4 | J71: =IF($E71="SINAPI",VLOOKUP($F71,'SINAPI_ONERADO-03.25'!$B$14:$E$10000,4,FALSE),IF($E71="CDHU",VLOOKUP($F71,'CDHU_Onerado-02.25 (197)'!$A$9:$F$4114,6,FALSE),IF($E71="FDE",VLOOKUP($F71,'FDE-01.25'!$A$3:$E$4000,5,FALSE),IF($E71="SIURB (E)",VLOOKUP($F71,'EDIF SEM Des JAN25'!$A$3:$D$3000,4,FALSE),IF($E71="SIURB (I)",VLOOKUP($F71,'INFRA SEM Des JAN25'!$A$2:$D$1000,4,FALSE),IF($E71="SICRO NOVO",VLOOKUP($F71,'SICRO.DNIT ONERADA 01.25'!$A$4:$D$7000,4,FALSE),0)))))) -> 192.69 | K71: =J71*(1+IF(N71="x",$T$4,$T$3)) -> 235.99 | L71: =ROUND(ROUND(I71,2)*ROUND(K71,2),2) -> 12837.86 | O71: =IFERROR(L71/$L$11,0) -> 0.0087
A72: =LEFT(D72,1) -> 4 | B72: =B71 -> 4 | C72: =IF(D72="",0,B72) -> 4 | D72: =D71+1 -> 4013 | E72: SINAPI | F72: 96539 | G72: =IF($E72="SINAPI",VLOOKUP($F72,'SINAPI_ONERADO-03.25'!$B$14:$E$10000,2,FALSE),IF($E72="CDHU",VLOOKUP($F72,'CDHU_Onerado-02.25 (197)'!$A$9:$F$4114,2,FALSE),IF($E72="FDE",VLOOKUP($F72,'FDE-01.25'!$A$3:$D$4000,2,FALSE),IF($E72="SIURB (E)",VLOOKUP($F72,'EDIF SEM Des JAN25'!$A$3:$D$3000,2,FALSE),IF($E72="SIURB (I)",VLOOKUP($F72,'INFRA SEM Des JAN25'!$A$2:$D$1000,2,FALSE),IF($E72="SICRO NOVO",VLOOKUP($F72,'SICRO.DNIT ONERADA 01.25'!$A$4:$D$7000,2,FALSE),0)))))) -> FABRICAÇÃO, MONTAGEM E DESMONTAGEM DE FÔRMA PARA VIGA BALDRAME, EM CHAPA DE MADEIRA COMPENSADA RESINADA, E=17 MM, 2 UTILIZAÇÕES. AF_01/2024 | H72: =IF($E72="SINAPI",VLOOKUP($F72,'SINAPI_ONERADO-03.25'!$B$2:$E$10000,3,FALSE),IF($E72="CDHU",VLOOKUP($F72,'CDHU_Onerado-02.25 (197)'!$A$9:$F$4114,3,FALSE),IF($E72="FDE",VLOOKUP($F72,'FDE-01.25'!$A$3:$D$4000,3,FALSE),IF($E72="SIURB (E)",VLOOKUP($F72,'EDIF SEM Des JAN25'!$A$3:$D$3000,3,FALSE),IF($E72="SIURB (I)",VLOOKUP($F72,'INFRA SEM Des JAN25'!$A$2:$D$1000,3,FALSE),IF($E72="SICRO NOVO",VLOOKUP($F72,'SICRO.DNIT ONERADA 01.25'!$A$4:$D$7000,3,FALSE),0)))))) -> M2 | I72: =IF(D72<>0,INDEX('MEMORIA CALCULO'!$A$1:$Q$2429,MATCH(D72,'MEMORIA CALCULO'!$A$1:$A$2429,0),17),0) -> 86.31 | J72: =IF($E72="SINAPI",VLOOKUP($F72,'SINAPI_ONERADO-03.25'!$B$14:$E$10000,4,FALSE),IF($E72="CDHU",VLOOKUP($F72,'CDHU_Onerado-02.25 (197)'!$A$9:$F$4114,6,FALSE),IF($E72="FDE",VLOOKUP($F72,'FDE-01.25'!$A$3:$E$4000,5,FALSE),IF($E72="SIURB (E)",VLOOKUP($F72,'EDIF SEM Des JAN25'!$A$3:$D$3000,4,FALSE),IF($E72="SIURB (I)",VLOOKUP($F72,'INFRA SEM Des JAN25'!$A$2:$D$1000,4,FALSE),IF($E72="SICRO NOVO",VLOOKUP($F72,'SICRO.DNIT ONERADA 01.25'!$A$4:$D$7000,4,FALSE),0)))))) -> 138.11 | K72: =J72*(1+IF(N72="x",$T$4,$T$3)) -> 169.14 | L72: =ROUND(ROUND(I72,2)*ROUND(K72,2),2) -> 14598.47 | O72: =IFERROR(L72/$L$11,0) -> 0.0098
A73: =LEFT(D73,1) -> 4 | B73: =B72 -> 4 | C73: =IF(D73="",0,B73) -> 4 | D73: =D72+1 -> 4014 | E73: SINAPI | F73: 92415 | G73: =IF($E73="SINAPI",VLOOKUP($F73,'SINAPI_ONERADO-03.25'!$B$14:$E$10000,2,FALSE),IF($E73="CDHU",VLOOKUP($F73,'CDHU_Onerado-02.25 (197)'!$A$9:$F$4114,2,FALSE),IF($E73="FDE",VLOOKUP($F73,'FDE-01.25'!$A$3:$D$4000,2,FALSE),IF($E73="SIURB (E)",VLOOKUP($F73,'EDIF SEM Des JAN25'!$A$3:$D$3000,2,FALSE),IF($E73="SIURB (I)",VLOOKUP($F73,'INFRA SEM Des JAN25'!$A$2:$D$1000,2,FALSE),IF($E73="SICRO NOVO",VLOOKUP($F73,'SICRO.DNIT ONERADA 01.25'!$A$4:$D$7000,2,FALSE),0)))))) -> MONTAGEM E DESMONTAGEM DE FÔRMA DE PILARES RETANGULARES E ESTRUTURAS SIMILARES, PÉ-DIREITO SIMPLES, EM CHAPA DE MADEIRA COMPENSADA RESINADA, 2 UTILIZAÇÕES. AF_09/2020 | H73: =IF($E73="SINAPI",VLOOKUP($F73,'SINAPI_ONERADO-03.25'!$B$2:$E$10000,3,FALSE),IF($E73="CDHU",VLOOKUP($F73,'CDHU_Onerado-02.25 (197)'!$A$9:$F$4114,3,FALSE),IF($E73="FDE",VLOOKUP($F73,'FDE-01.25'!$A$3:$D$4000,3,FALSE),IF($E73="SIURB (E)",VLOOKUP($F73,'EDIF SEM Des JAN25'!$A$3:$D$3000,3,FALSE),IF($E73="SIURB (I)",VLOOKUP($F73,'INFRA SEM Des JAN25'!$A$2:$D$1000,3,FALSE),IF($E73="SICRO NOVO",VLOOKUP($F73,'SICRO.DNIT ONERADA 01.25'!$A$4:$D$7000,3,FALSE),0)))))) -> M2 | I73: =IF(D73<>0,INDEX('MEMORIA CALCULO'!$A$1:$Q$2429,MATCH(D73,'MEMORIA CALCULO'!$A$1:$A$2429,0),17),0) -> 11.82 | J73: =IF($E73="SINAPI",VLOOKUP($F73,'SINAPI_ONERADO-03.25'!$B$14:$E$10000,4,FALSE),IF($E73="CDHU",VLOOKUP($F73,'CDHU_Onerado-02.25 (197)'!$A$9:$F$4114,6,FALSE),IF($E73="FDE",VLOOKUP($F73,'FDE-01.25'!$A$3:$E$4000,5,FALSE),IF($E73="SIURB (E)",VLOOKUP($F73,'EDIF SEM Des JAN25'!$A$3:$D$3000,4,FALSE),IF($E73="SIURB (I)",VLOOKUP($F73,'INFRA SEM Des JAN25'!$A$2:$D$1000,4,FALSE),IF($E73="SICRO NOVO",VLOOKUP($F73,'SICRO.DNIT ONERADA 01.25'!$A$4:$D$7000,4,FALSE),0)))))) -> 147.09 | K73: =J73*(1+IF(N73="x",$T$4,$T$3)) -> 180.14 | L73: =ROUND(ROUND(I73,2)*ROUND(K73,2),2) -> 2129.25 | O73: =IFERROR(L73/$L$11,0) -> 0.0014
A74: =LEFT(D74,1) -> 4 | B74: =B73 -> 4 | C74: =IF(D74="",0,B74) -> 4 | D74: =D73+1 -> 4015 | E74: SINAPI | F74: 96537 | G74: =IF($E74="SINAPI",VLOOKUP($F74,'SINAPI_ONERADO-03.25'!$B$14:$E$10000,2,FALSE),IF($E74="CDHU",VLOOKUP($F74,'CDHU_Onerado-02.25 (197)'!$A$9:$F$4114,2,FALSE),IF($E74="FDE",VLOOKUP($F74,'FDE-01.25'!$A$3:$D$4000,2,FALSE),IF($E74="SIURB (E)",VLOOKUP($F74,'EDIF SEM Des JAN25'!$A$3:$D$3000,2,FALSE),IF($E74="SIURB (I)",VLOOKUP($F74,'INFRA SEM Des JAN25'!$A$2:$D$1000,2,FALSE),IF($E74="SICRO NOVO",VLOOKUP($F74,'SICRO.DNIT ONERADA 01.25'!$A$4:$D$7000,2,FALSE),0)))))) -> FABRICAÇÃO, MONTAGEM E DESMONTAGEM DE FÔRMA PARA BLOCO DE COROAMENTO, EM CHAPA DE MADEIRA COMPENSADA RESINADA, E=17 MM, 2 UTILIZAÇÕES. AF_01/2024 | H74: =IF($E74="SINAPI",VLOOKUP($F74,'SINAPI_ONERADO-03.25'!$B$2:$E$10000,3,FALSE),IF($E74="CDHU",VLOOKUP($F74,'CDHU_Onerado-02.25 (197)'!$A$9:$F$4114,3,FALSE),IF($E74="FDE",VLOOKUP($F74,'FDE-01.25'!$A$3:$D$4000,3,FALSE),IF($E74="SIURB (E)",VLOOKUP($F74,'EDIF SEM Des JAN25'!$A$3:$D$3000,3,FALSE),IF($E74="SIURB (I)",VLOOKUP($F74,'INFRA SEM Des JAN25'!$A$2:$D$1000,3,FALSE),IF($E74="SICRO NOVO",VLOOKUP($F74,'SICRO.DNIT ONERADA 01.25'!$A$4:$D$7000,3,FALSE),0)))))) -> M2 | I74: =IF(D74<>0,INDEX('MEMORIA CALCULO'!$A$1:$Q$2429,MATCH(D74,'MEMORIA CALCULO'!$A$1:$A$2429,0),17),0) -> 13.75 | J74: =IF($E74="SINAPI",VLOOKUP($F74,'SINAPI_ONERADO-03.25'!$B$14:$E$10000,4,FALSE),IF($E74="CDHU",VLOOKUP($F74,'CDHU_Onerado-02.25 (197)'!$A$9:$F$4114,6,FALSE),IF($E74="FDE",VLOOKUP($F74,'FDE-01.25'!$A$3:$E$4000,5,FALSE),IF($E74="SIURB (E)",VLOOKUP($F74,'EDIF SEM Des JAN25'!$A$3:$D$3000,4,FALSE),IF($E74="SIURB (I)",VLOOKUP($F74,'INFRA SEM Des JAN25'!$A$2:$D$1000,4,FALSE),IF($E74="SICRO NOVO",VLOOKUP($F74,'SICRO.DNIT ONERADA 01.25'!$A$4:$D$7000,4,FALSE),0)))))) -> 192.69 | K74: =J74*(1+IF(N74="x",$T$4,$T$3)) -> 235.99 | L74: =ROUND(ROUND(I74,2)*ROUND(K74,2),2) -> 3244.86 | O74: =IFERROR(L74/$L$11,0) -> 0.0022
A75: =LEFT(D75,1) -> 4 | B75: =B74 -> 4 | C75: =IF(D75="",0,B75) -> 4 | D75: =D74+1 -> 4016 | E75: CDHU | F75: 10.01.040 | G75: =IF($E75="SINAPI",VLOOKUP($F75,'SINAPI_ONERADO-03.25'!G42:K7594,2,FALSE),IF($E75="CDHU",VLOOKUP($F75,'CDHU_Onerado-02.25 (197)'!$A$9:$F$4114,2,FALSE),IF($E75="FDE",VLOOKUP($F75,'FDE-01.25'!$A$3:$D$4000,2,FALSE),IF($E75="SIURB (E)",VLOOKUP($F75,'EDIF SEM Des JAN25'!$A$3:$D$3000,2,FALSE),IF($E75="SIURB (I)",VLOOKUP($F75,'INFRA SEM Des JAN25'!$A$2:$D$1000,2,FALSE),IF($E75="SICRO NOVO",VLOOKUP($F75,'SICRO.DNIT ONERADA 01.25'!$A$4:$D$7000,2,FALSE),0)))))) -> Armadura em barra de aço CA-50 (A ou B) fyk = 500 MPa | H75: =IF($E75="SINAPI",VLOOKUP($F75,'SINAPI_ONERADO-03.25'!$G$2:$K$7540,3,FALSE),IF($E75="CDHU",VLOOKUP($F75,'CDHU_Onerado-02.25 (197)'!$A$9:$F$4114,3,FALSE),IF($E75="FDE",VLOOKUP($F75,'FDE-01.25'!$A$3:$D$4000,3,FALSE),IF($E75="SIURB (E)",VLOOKUP($F75,'EDIF SEM Des JAN25'!$A$3:$D$3000,3,FALSE),IF($E75="SIURB (I)",VLOOKUP($F75,'INFRA SEM Des JAN25'!$A$2:$D$1000,3,FALSE),IF($E75="SICRO NOVO",VLOOKUP($F75,'SICRO.DNIT ONERADA 01.25'!$A$4:$D$7000,3,FALSE),0)))))) -> KG | I75: =IF(D75<>0,INDEX('MEMORIA CALCULO'!$A$1:$Q$2429,MATCH(D75,'MEMORIA CALCULO'!$A$1:$A$2429,0),17),0) -> 1727 | J75: =IF($E75="SINAPI",VLOOKUP($F75,'SINAPI_ONERADO-03.25'!$G$2:$K$7540,5,FALSE),IF($E75="CDHU",VLOOKUP($F75,'CDHU_Onerado-02.25 (197)'!$A$9:$F$4114,6,FALSE),IF($E75="FDE",VLOOKUP($F75,'FDE-01.25'!$A$3:$E$4000,5,FALSE),IF($E75="SIURB (E)",VLOOKUP($F75,'EDIF SEM Des JAN25'!$A$3:$D$3000,4,FALSE),IF($E75="SIURB (I)",VLOOKUP($F75,'INFRA SEM Des JAN25'!$A$2:$D$1000,4,FALSE),IF($E75="SICRO NOVO",VLOOKUP($F75,'SICRO.DNIT ONERADA 01.25'!$A$4:$D$7000,4,FALSE),0)))))) -> 10.75 | K75: =J75*(1+IF(N75="x",$T$4,$T$3)) -> 13.17 | L75: =ROUND(ROUND(I75,2)*ROUND(K75,2),2) -> 22744.59 | O75: =IFERROR(L75/$L$11,0) -> 0.0153
A76: =LEFT(D76,1) -> 4 | B76: =B75 -> 4 | C76: =IF(D76="",0,B76) -> 4 | D76: =D75+1 -> 4017 | E76: SINAPI | F76: 96557 | G76: =IF($E76="SINAPI",VLOOKUP($F76,'SINAPI_ONERADO-03.25'!$B$14:$E$10000,2,FALSE),IF($E76="CDHU",VLOOKUP($F76,'CDHU_Onerado-02.25 (197)'!$A$9:$F$4114,2,FALSE),IF($E76="FDE",VLOOKUP($F76,'FDE-01.25'!$A$3:$D$4000,2,FALSE),IF($E76="SIURB (E)",VLOOKUP($F76,'EDIF SEM Des JAN25'!$A$3:$D$3000,2,FALSE),IF($E76="SIURB (I)",VLOOKUP($F76,'INFRA SEM Des JAN25'!$A$2:$D$1000,2,FALSE),IF($E76="SICRO NOVO",VLOOKUP($F76,'SICRO.DNIT ONERADA 01.25'!$A$4:$D$7000,2,FALSE),0)))))) -> CONCRETAGEM DE BLOCO DE COROAMENTO OU VIGA BALDRAME, FCK 30 MPA, COM USO DE BOMBA - LANÇAMENTO, ADENSAMENTO E ACABAMENTO. AF_01/2024 | H76: =IF($E76="SINAPI",VLOOKUP($F76,'SINAPI_ONERADO-03.25'!$B$2:$E$10000,3,FALSE),IF($E76="CDHU",VLOOKUP($F76,'CDHU_Onerado-02.25 (197)'!$A$9:$F$4114,3,FALSE),IF($E76="FDE",VLOOKUP($F76,'FDE-01.25'!$A$3:$D$4000,3,FALSE),IF($E76="SIURB (E)",VLOOKUP($F76,'EDIF SEM Des JAN25'!$A$3:$D$3000,3,FALSE),IF($E76="SIURB (I)",VLOOKUP($F76,'INFRA SEM Des JAN25'!$A$2:$D$1000,3,FALSE),IF($E76="SICRO NOVO",VLOOKUP($F76,'SICRO.DNIT ONERADA 01.25'!$A$4:$D$7000,3,FALSE),0)))))) -> M3 | I76: =IF(D76<>0,INDEX('MEMORIA CALCULO'!$A$1:$Q$2429,MATCH(D76,'MEMORIA CALCULO'!$A$1:$A$2429,0),17),0) -> 20.78 | J76: =IF($E76="SINAPI",VLOOKUP($F76,'SINAPI_ONERADO-03.25'!$B$14:$E$10000,4,FALSE),IF($E76="CDHU",VLOOKUP($F76,'CDHU_Onerado-02.25 (197)'!$A$9:$F$4114,6,FALSE),IF($E76="FDE",VLOOKUP($F76,'FDE-01.25'!$A$3:$E$4000,5,FALSE),IF($E76="SIURB (E)",VLOOKUP($F76,'EDIF SEM Des JAN25'!$A$3:$D$3000,4,FALSE),IF($E76="SIURB (I)",VLOOKUP($F76,'INFRA SEM Des JAN25'!$A$2:$D$1000,4,FALSE),IF($E76="SICRO NOVO",VLOOKUP($F76,'SICRO.DNIT ONERADA 01.25'!$A$4:$D$7000,4,FALSE),0)))))) -> 619.54 | K76: =J76*(1+IF(N76="x",$T$4,$T$3)) -> 758.75 | L76: =ROUND(ROUND(I76,2)*ROUND(K76,2),2) -> 15766.83 | O76: =IFERROR(L76/$L$11,0) -> 0.0106
A77: =LEFT(D77,1) -> 4 | B77: =B76 -> 4 | C77: =IF(D77="",0,B77) -> 4 | D77: =D76+1 -> 4018 | E77: SINAPI | F77: 103672 | G77: =IF($E77="SINAPI",VLOOKUP($F77,'SINAPI_ONERADO-03.25'!$B$14:$E$10000,2,FALSE),IF($E77="CDHU",VLOOKUP($F77,'CDHU_Onerado-02.25 (197)'!$A$9:$F$4114,2,FALSE),IF($E77="FDE",VLOOKUP($F77,'FDE-01.25'!$A$3:$D$4000,2,FALSE),IF($E77="SIURB (E)",VLOOKUP($F77,'EDIF SEM Des JAN25'!$A$3:$D$3000,2,FALSE),IF($E77="SIURB (I)",VLOOKUP($F77,'INFRA SEM Des JAN25'!$A$2:$D$1000,2,FALSE),IF($E77="SICRO NOVO",VLOOKUP($F77,'SICRO.DNIT ONERADA 01.25'!$A$4:$D$7000,2,FALSE),0)))))) -> CONCRETAGEM DE PILARES, FCK = 25 MPA, COM USO DE BOMBA - LANÇAMENTO, ADENSAMENTO E ACABAMENTO. AF_02/2022_PS | H77: =IF($E77="SINAPI",VLOOKUP($F77,'SINAPI_ONERADO-03.25'!$B$2:$E$10000,3,FALSE),IF($E77="CDHU",VLOOKUP($F77,'CDHU_Onerado-02.25 (197)'!$A$9:$F$4114,3,FALSE),IF($E77="FDE",VLOOKUP($F77,'FDE-01.25'!$A$3:$D$4000,3,FALSE),IF($E77="SIURB (E)",VLOOKUP($F77,'EDIF SEM Des JAN25'!$A$3:$D$3000,3,FALSE),IF($E77="SIURB (I)",VLOOKUP($F77,'INFRA SEM Des JAN25'!$A$2:$D$1000,3,FALSE),IF($E77="SICRO NOVO",VLOOKUP($F77,'SICRO.DNIT ONERADA 01.25'!$A$4:$D$7000,3,FALSE),0)))))) -> M3 | I77: =IF(D77<>0,INDEX('MEMORIA CALCULO'!$A$1:$Q$2429,MATCH(D77,'MEMORIA CALCULO'!$A$1:$A$2429,0),17),0) -> 0.8 | J77: =IF($E77="SINAPI",VLOOKUP($F77,'SINAPI_ONERADO-03.25'!$B$14:$E$10000,4,FALSE),IF($E77="CDHU",VLOOKUP($F77,'CDHU_Onerado-02.25 (197)'!$A$9:$F$4114,6,FALSE),IF($E77="FDE",VLOOKUP($F77,'FDE-01.25'!$A$3:$E$4000,5,FALSE),IF($E77="SIURB (E)",VLOOKUP($F77,'EDIF SEM Des JAN25'!$A$3:$D$3000,4,FALSE),IF($E77="SIURB (I)",VLOOKUP($F77,'INFRA SEM Des JAN25'!$A$2:$D$1000,4,FALSE),IF($E77="SICRO NOVO",VLOOKUP($F77,'SICRO.DNIT ONERADA 01.25'!$A$4:$D$7000,4,FALSE),0)))))) -> 571.37 | K77: =J77*(1+IF(N77="x",$T$4,$T$3)) -> 699.76 | L77: =ROUND(ROUND(I77,2)*ROUND(K77,2),2) -> 559.81 | O77: =IFERROR(L77/$L$11,0) -> 0.0004
A78: =LEFT(D78,1) -> 4 | B78: =B77 -> 4 | C78: =IF(D78="",0,B78) -> 4 | D78: =D77+1 -> 4019 | E78: SINAPI | F78: 98557 | G78: =IF($E78="SINAPI",VLOOKUP($F78,'SINAPI_ONERADO-03.25'!$B$14:$E$10000,2,FALSE),IF($E78="CDHU",VLOOKUP($F78,'CDHU_Onerado-02.25 (197)'!$A$9:$F$4114,2,FALSE),IF($E78="FDE",VLOOKUP($F78,'FDE-01.25'!$A$3:$D$4000,2,FALSE),IF($E78="SIURB (E)",VLOOKUP($F78,'EDIF SEM Des JAN25'!$A$3:$D$3000,2,FALSE),IF($E78="SIURB (I)",VLOOKUP($F78,'INFRA SEM Des JAN25'!$A$2:$D$1000,2,FALSE),IF($E78="SICRO NOVO",VLOOKUP($F78,'SICRO.DNIT ONERADA 01.25'!$A$4:$D$7000,2,FALSE),0)))))) -> IMPERMEABILIZAÇÃO DE SUPERFÍCIE COM EMULSÃO ASFÁLTICA, 2 DEMÃOS. AF_09/2023 | H78: =IF($E78="SINAPI",VLOOKUP($F78,'SINAPI_ONERADO-03.25'!$B$2:$E$10000,3,FALSE),IF($E78="CDHU",VLOOKUP($F78,'CDHU_Onerado-02.25 (197)'!$A$9:$F$4114,3,FALSE),IF($E78="FDE",VLOOKUP($F78,'FDE-01.25'!$A$3:$D$4000,3,FALSE),IF($E78="SIURB (E)",VLOOKUP($F78,'EDIF SEM Des JAN25'!$A$3:$D$3000,3,FALSE),IF($E78="SIURB (I)",VLOOKUP($F78,'INFRA SEM Des JAN25'!$A$2:$D$1000,3,FALSE),IF($E78="SICRO NOVO",VLOOKUP($F78,'SICRO.DNIT ONERADA 01.25'!$A$4:$D$7000,3,FALSE),0)))))) -> M2 | I78: =IF(D78<>0,INDEX('MEMORIA CALCULO'!$A$1:$Q$2429,MATCH(D78,'MEMORIA CALCULO'!$A$1:$A$2429,0),17),0) -> 166.28 | J78: =IF($E78="SINAPI",VLOOKUP($F78,'SINAPI_ONERADO-03.25'!$B$14:$E$10000,4,FALSE),IF($E78="CDHU",VLOOKUP($F78,'CDHU_Onerado-02.25 (197)'!$A$9:$F$4114,6,FALSE),IF($E78="FDE",VLOOKUP($F78,'FDE-01.25'!$A$3:$E$4000,5,FALSE),IF($E78="SIURB (E)",VLOOKUP($F78,'EDIF SEM Des JAN25'!$A$3:$D$3000,4,FALSE),IF($E78="SIURB (I)",VLOOKUP($F78,'INFRA SEM Des JAN25'!$A$2:$D$1000,4,FALSE),IF($E78="SICRO NOVO",VLOOKUP($F78,'SICRO.DNIT ONERADA 01.25'!$A$4:$D$7000,4,FALSE),0)))))) -> 44.3 | K78: =J78*(1+IF(N78="x",$T$4,$T$3)) -> 54.25 | L78: =ROUND(ROUND(I78,2)*ROUND(K78,2),2) -> 9020.69 | O78: =IFERROR(L78/$L$11,0) -> 0.0061
A80: =LEFT(D80,1) -> 5 | B80: =D80 -> 5 | C80: =IF(D80="",0,B80) -> 5 | D80: =D57+1 -> 5 | E80: ESTRUTURAS | K80: SUBTOTAL | L80: =SUM(L82:L101) -> 290546.82 | O80: =IFERROR(L80/$L$11,0) -> 0.1958
E81: ESTRUTURAS DE CONCRETO ARMADO
A82: =LEFT(D82,1) -> 5 | B82: =B80 -> 5 | C82: =IF(D82="",0,B82) -> 5 | D82: =(D80*1000)+1 -> 5001 | E82: SINAPI | F82: 92451 | G82: =IF($E82="SINAPI",VLOOKUP($F82,'SINAPI_ONERADO-03.25'!$B$14:$E$10000,2,FALSE),IF($E82="CDHU",VLOOKUP($F82,'CDHU_Onerado-02.25 (197)'!$A$9:$F$4114,2,FALSE),IF($E82="FDE",VLOOKUP($F82,'FDE-01.25'!$A$3:$D$4000,2,FALSE),IF($E82="SIURB (E)",VLOOKUP($F82,'EDIF SEM Des JAN25'!$A$3:$D$3000,2,FALSE),IF($E82="SIURB (I)",VLOOKUP($F82,'INFRA SEM Des JAN25'!$A$2:$D$1000,2,FALSE),IF($E82="SICRO NOVO",VLOOKUP($F82,'SICRO.DNIT ONERADA 01.25'!$A$4:$D$7000,2,FALSE),0)))))) -> MONTAGEM E DESMONTAGEM DE FÔRMA DE VIGA, ESCORAMENTO COM GARFO DE MADEIRA, PÉ-DIREITO SIMPLES, EM CHAPA DE MADEIRA RESINADA, 2 UTILIZAÇÕES. AF_09/2020 | H82: =IF($E82="SINAPI",VLOOKUP($F82,'SINAPI_ONERADO-03.25'!$B$2:$E$10000,3,FALSE),IF($E82="CDHU",VLOOKUP($F82,'CDHU_Onerado-02.25 (197)'!$A$9:$F$4114,3,FALSE),IF($E82="FDE",VLOOKUP($F82,'FDE-01.25'!$A$3:$D$4000,3,FALSE),IF($E82="SIURB (E)",VLOOKUP($F82,'EDIF SEM Des JAN25'!$A$3:$D$3000,3,FALSE),IF($E82="SIURB (I)",VLOOKUP($F82,'INFRA SEM Des JAN25'!$A$2:$D$1000,3,FALSE),IF($E82="SICRO NOVO",VLOOKUP($F82,'SICRO.DNIT ONERADA 01.25'!$A$4:$D$7000,3,FALSE),0)))))) -> M2 | I82: =IF(D82<>0,INDEX('MEMORIA CALCULO'!$A$1:$Q$2429,MATCH(D82,'MEMORIA CALCULO'!$A$1:$A$2429,0),17),0) -> 55.16 | J82: =IF($E82="SINAPI",VLOOKUP($F82,'SINAPI_ONERADO-03.25'!$B$14:$E$10000,4,FALSE),IF($E82="CDHU",VLOOKUP($F82,'CDHU_Onerado-02.25 (197)'!$A$9:$F$4114,6,FALSE),IF($E82="FDE",VLOOKUP($F82,'FDE-01.25'!$A$3:$E$4000,5,FALSE),IF($E82="SIURB (E)",VLOOKUP($F82,'EDIF SEM Des JAN25'!$A$3:$D$3000,4,FALSE),IF($E82="SIURB (I)",VLOOKUP($F82,'INFRA SEM Des JAN25'!$A$2:$D$1000,4,FALSE),IF($E82="SICRO NOVO",VLOOKUP($F82,'SICRO.DNIT ONERADA 01.25'!$A$4:$D$7000,4,FALSE),0)))))) -> 188.08 | K82: =J82*(1+IF(N82="x",$T$4,$T$3)) -> 230.34 | L82: =ROUND(ROUND(I82,2)*ROUND(K82,2),2) -> 12705.55 | O82: =IFERROR(L82/$L$11,0) -> 0.0086
A83: =LEFT(D83,1) -> 5 | B83: =B82 -> 5 | C83: =IF(D83="",0,B83) -> 5 | D83: =D82+1 -> 5002 | E83: SINAPI | F83: 92415 | G83: =IF($E83="SINAPI",VLOOKUP($F83,'SINAPI_ONERADO-03.25'!$B$14:$E$10000,2,FALSE),IF($E83="CDHU",VLOOKUP($F83,'CDHU_Onerado-02.25 (197)'!$A$9:$F$4114,2,FALSE),IF($E83="FDE",VLOOKUP($F83,'FDE-01.25'!$A$3:$D$4000,2,FALSE),IF($E83="SIURB (E)",VLOOKUP($F83,'EDIF SEM Des JAN25'!$A$3:$D$3000,2,FALSE),IF($E83="SIURB (I)",VLOOKUP($F83,'INFRA SEM Des JAN25'!$A$2:$D$1000,2,FALSE),IF($E83="SICRO NOVO",VLOOKUP($F83,'SICRO.DNIT ONERADA 01.25'!$A$4:$D$7000,2,FALSE),0)))))) -> MONTAGEM E DESMONTAGEM DE FÔRMA DE PILARES RETANGULARES E ESTRUTURAS SIMILARES, PÉ-DIREITO SIMPLES, EM CHAPA DE MADEIRA COMPENSADA RESINADA, 2 UTILIZAÇÕES. AF_09/2020 | H83: =IF($E83="SINAPI",VLOOKUP($F83,'SINAPI_ONERADO-03.25'!$B$2:$E$10000,3,FALSE),IF($E83="CDHU",VLOOKUP($F83,'CDHU_Onerado-02.25 (197)'!$A$9:$F$4114,3,FALSE),IF($E83="FDE",VLOOKUP($F83,'FDE-01.25'!$A$3:$D$4000,3,FALSE),IF($E83="SIURB (E)",VLOOKUP($F83,'EDIF SEM Des JAN25'!$A$3:$D$3000,3,FALSE),IF($E83="SIURB (I)",VLOOKUP($F83,'INFRA SEM Des JAN25'!$A$2:$D$1000,3,FALSE),IF($E83="SICRO NOVO",VLOOKUP($F83,'SICRO.DNIT ONERADA 01.25'!$A$4:$D$7000,3,FALSE),0)))))) -> M2 | I83: =IF(D83<>0,INDEX('MEMORIA CALCULO'!$A$1:$Q$2429,MATCH(D83,'MEMORIA CALCULO'!$A$1:$A$2429,0),17),0) -> 80.47 | J83: =IF($E83="SINAPI",VLOOKUP($F83,'SINAPI_ONERADO-03.25'!$B$14:$E$10000,4,FALSE),IF($E83="CDHU",VLOOKUP($F83,'CDHU_Onerado-02.25 (197)'!$A$9:$F$4114,6,FALSE),IF($E83="FDE",VLOOKUP($F83,'FDE-01.25'!$A$3:$E$4000,5,FALSE),IF($E83="SIURB (E)",VLOOKUP($F83,'EDIF SEM Des JAN25'!$A$3:$D$3000,4,FALSE),IF($E83="SIURB (I)",VLOOKUP($F83,'INFRA SEM Des JAN25'!$A$2:$D$1000,4,FALSE),IF($E83="SICRO NOVO",VLOOKUP($F83,'SICRO.DNIT ONERADA 01.25'!$A$4:$D$7000,4,FALSE),0)))))) -> 147.09 | K83: =J83*(1+IF(N83="x",$T$4,$T$3)) -> 180.14 | L83: =ROUND(ROUND(I83,2)*ROUND(K83,2),2) -> 14495.87 | O83: =IFERROR(L83/$L$11,0) -> 0.0098
A84: =LEFT(D84,1) -> 5 | B84: =B83 -> 5 | C84: =IF(D84="",0,B84) -> 5 | D84: =D83+1 -> 5003 | E84: CDHU | F84: 10.01.040 | G84: =IF($E84="SINAPI",VLOOKUP($F84,'SINAPI_ONERADO-03.25'!G36:K7588,2,FALSE),IF($E84="CDHU",VLOOKUP($F84,'CDHU_Onerado-02.25 (197)'!$A$9:$F$4114,2,FALSE),IF($E84="FDE",VLOOKUP($F84,'FDE-01.25'!$A$3:$D$4000,2,FALSE),IF($E84="SIURB (E)",VLOOKUP($F84,'EDIF SEM Des JAN25'!$A$3:$D$3000,2,FALSE),IF($E84="SIURB (I)",VLOOKUP($F84,'INFRA SEM Des JAN25'!$A$2:$D$1000,2,FALSE),IF($E84="SICRO NOVO",VLOOKUP($F84,'SICRO.DNIT ONERADA 01.25'!$A$4:$D$7000,2,FALSE),0)))))) -> Armadura em barra de aço CA-50 (A ou B) fyk = 500 MPa | H84: =IF($E84="SINAPI",VLOOKUP($F84,'SINAPI_ONERADO-03.25'!$G$2:$K$7540,3,FALSE),IF($E84="CDHU",VLOOKUP($F84,'CDHU_Onerado-02.25 (197)'!$A$9:$F$4114,3,FALSE),IF($E84="FDE",VLOOKUP($F84,'FDE-01.25'!$A$3:$D$4000,3,FALSE),IF($E84="SIURB (E)",VLOOKUP($F84,'EDIF SEM Des JAN25'!$A$3:$D$3000,3,FALSE),IF($E84="SIURB (I)",VLOOKUP($F84,'INFRA SEM Des JAN25'!$A$2:$D$1000,3,FALSE),IF($E84="SICRO NOVO",VLOOKUP($F84,'SICRO.DNIT ONERADA 01.25'!$A$4:$D$7000,3,FALSE),0)))))) -> KG | I84: =IF(D84<>0,INDEX('MEMORIA CALCULO'!$A$1:$Q$2429,MATCH(D84,'MEMORIA CALCULO'!$A$1:$A$2429,0),17),0) -> 899 | J84: =IF($E84="SINAPI",VLOOKUP($F84,'SINAPI_ONERADO-03.25'!$G$2:$K$7540,5,FALSE),IF($E84="CDHU",VLOOKUP($F84,'CDHU_Onerado-02.25 (197)'!$A$9:$F$4114,6,FALSE),IF($E84="FDE",VLOOKUP($F84,'FDE-01.25'!$A$3:$E$4000,5,FALSE),IF($E84="SIURB (E)",VLOOKUP($F84,'EDIF SEM Des JAN25'!$A$3:$D$3000,4,FALSE),IF($E84="SIURB (I)",VLOOKUP($F84,'INFRA SEM Des JAN25'!$A$2:$D$1000,4,FALSE),IF($E84="SICRO NOVO",VLOOKUP($F84,'SICRO.DNIT ONERADA 01.25'!$A$4:$D$7000,4,FALSE),0)))))) -> 10.75 | K84: =J84*(1+IF(N84="x",$T$4,$T$3)) -> 13.17 | L84: =ROUND(ROUND(I84,2)*ROUND(K84,2),2) -> 11839.83 | O84: =IFERROR(L84/$L$11,0) -> 0.008
A85: =LEFT(D85,1) -> 5 | B85: =B84 -> 5 | C85: =IF(D85="",0,B85) -> 5 | D85: =D84+1 -> 5004 | E85: SINAPI | F85: 103675 | G85: =IF($E85="SINAPI",VLOOKUP($F85,'SINAPI_ONERADO-03.25'!$B$14:$E$10000,2,FALSE),IF($E85="CDHU",VLOOKUP($F85,'CDHU_Onerado-02.25 (197)'!$A$9:$F$4114,2,FALSE),IF($E85="FDE",VLOOKUP($F85,'FDE-01.25'!$A$3:$D$4000,2,FALSE),IF($E85="SIURB (E)",VLOOKUP($F85,'EDIF SEM Des JAN25'!$A$3:$D$3000,2,FALSE),IF($E85="SIURB (I)",VLOOKUP($F85,'INFRA SEM Des JAN25'!$A$2:$D$1000,2,FALSE),IF($E85="SICRO NOVO",VLOOKUP($F85,'SICRO.DNIT ONERADA 01.25'!$A$4:$D$7000,2,FALSE),0)))))) -> CONCRETAGEM DE VIGAS E LAJES, FCK=25 MPA, PARA LAJES MACIÇAS OU NERVURADAS COM USO DE BOMBA - LANÇAMENTO, ADENSAMENTO E ACABAMENTO. AF_02/2022_PS | H85: =IF($E85="SINAPI",VLOOKUP($F85,'SINAPI_ONERADO-03.25'!$B$2:$E$10000,3,FALSE),IF($E85="CDHU",VLOOKUP($F85,'CDHU_Onerado-02.25 (197)'!$A$9:$F$4114,3,FALSE),IF($E85="FDE",VLOOKUP($F85,'FDE-01.25'!$A$3:$D$4000,3,FALSE),IF($E85="SIURB (E)",VLOOKUP($F85,'EDIF SEM Des JAN25'!$A$3:$D$3000,3,FALSE),IF($E85="SIURB (I)",VLOOKUP($F85,'INFRA SEM Des JAN25'!$A$2:$D$1000,3,FALSE),IF($E85="SICRO NOVO",VLOOKUP($F85,'SICRO.DNIT ONERADA 01.25'!$A$4:$D$7000,3,FALSE),0)))))) -> M3 | I85: =IF(D85<>0,INDEX('MEMORIA CALCULO'!$A$1:$Q$2429,MATCH(D85,'MEMORIA CALCULO'!$A$1:$A$2429,0),17),0) -> 7.44 | J85: =IF($E85="SINAPI",VLOOKUP($F85,'SINAPI_ONERADO-03.25'!$B$14:$E$10000,4,FALSE),IF($E85="CDHU",VLOOKUP($F85,'CDHU_Onerado-02.25 (197)'!$A$9:$F$4114,6,FALSE),IF($E85="FDE",VLOOKUP($F85,'FDE-01.25'!$A$3:$E$4000,5,FALSE),IF($E85="SIURB (E)",VLOOKUP($F85,'EDIF SEM Des JAN25'!$A$3:$D$3000,4,FALSE),IF($E85="SIURB (I)",VLOOKUP($F85,'INFRA SEM Des JAN25'!$A$2:$D$1000,4,FALSE),IF($E85="SICRO NOVO",VLOOKUP($F85,'SICRO.DNIT ONERADA 01.25'!$A$4:$D$7000,4,FALSE),0)))))) -> 570.66 | K85: =J85*(1+IF(N85="x",$T$4,$T$3)) -> 698.89 | L85: =ROUND(ROUND(I85,2)*ROUND(K85,2),2) -> 5199.74 | O85: =IFERROR(L85/$L$11,0) -> 0.0035
A86: =LEFT(D86,1) -> 5 | B86: =B85 -> 5 | C86: =IF(D86="",0,B86) -> 5 | D86: =D85+1 -> 5005 | E86: SINAPI | F86: 103672 | G86: =IF($E86="SINAPI",VLOOKUP($F86,'SINAPI_ONERADO-03.25'!$B$14:$E$10000,2,FALSE),IF($E86="CDHU",VLOOKUP($F86,'CDHU_Onerado-02.25 (197)'!$A$9:$F$4114,2,FALSE),IF($E86="FDE",VLOOKUP($F86,'FDE-01.25'!$A$3:$D$4000,2,FALSE),IF($E86="SIURB (E)",VLOOKUP($F86,'EDIF SEM Des JAN25'!$A$3:$D$3000,2,FALSE),IF($E86="SIURB (I)",VLOOKUP($F86,'INFRA SEM Des JAN25'!$A$2:$D$1000,2,FALSE),IF($E86="SICRO NOVO",VLOOKUP($F86,'SICRO.DNIT ONERADA 01.25'!$A$4:$D$7000,2,FALSE),0)))))) -> CONCRETAGEM DE PILARES, FCK = 25 MPA, COM USO DE BOMBA - LANÇAMENTO, ADENSAMENTO E ACABAMENTO. AF_02/2022_PS | H86: =IF($E86="SINAPI",VLOOKUP($F86,'SINAPI_ONERADO-03.25'!$B$2:$E$10000,3,FALSE),IF($E86="CDHU",VLOOKUP($F86,'CDHU_Onerado-02.25 (197)'!$A$9:$F$4114,3,FALSE),IF($E86="FDE",VLOOKUP($F86,'FDE-01.25'!$A$3:$D$4000,3,FALSE),IF($E86="SIURB (E)",VLOOKUP($F86,'EDIF SEM Des JAN25'!$A$3:$D$3000,3,FALSE),IF($E86="SIURB (I)",VLOOKUP($F86,'INFRA SEM Des JAN25'!$A$2:$D$1000,3,FALSE),IF($E86="SICRO NOVO",VLOOKUP($F86,'SICRO.DNIT ONERADA 01.25'!$A$4:$D$7000,3,FALSE),0)))))) -> M3 | I86: =IF(D86<>0,INDEX('MEMORIA CALCULO'!$A$1:$Q$2429,MATCH(D86,'MEMORIA CALCULO'!$A$1:$A$2429,0),17),0) -> 5.83 | J86: =IF($E86="SINAPI",VLOOKUP($F86,'SINAPI_ONERADO-03.25'!$B$14:$E$10000,4,FALSE),IF($E86="CDHU",VLOOKUP($F86,'CDHU_Onerado-02.25 (197)'!$A$9:$F$4114,6,FALSE),IF($E86="FDE",VLOOKUP($F86,'FDE-01.25'!$A$3:$E$4000,5,FALSE),IF($E86="SIURB (E)",VLOOKUP($F86,'EDIF SEM Des JAN25'!$A$3:$D$3000,4,FALSE),IF($E86="SIURB (I)",VLOOKUP($F86,'INFRA SEM Des JAN25'!$A$2:$D$1000,4,FALSE),IF($E86="SICRO NOVO",VLOOKUP($F86,'SICRO.DNIT ONERADA 01.25'!$A$4:$D$7000,4,FALSE),0)))))) -> 571.37 | K86: =J86*(1+IF(N86="x",$T$4,$T$3)) -> 699.76 | L86: =ROUND(ROUND(I86,2)*ROUND(K86,2),2) -> 4079.6 | O86: =IFERROR(L86/$L$11,0) -> 0.0027
A87: =LEFT(D87,1) -> 5 | B87: =B86 -> 5 | C87: =IF(D87="",0,B87) -> 5 | D87: =D86+1 -> 5006 | E87: SINAPI | F87: 92482 | G87: =IF($E87="SINAPI",VLOOKUP($F87,'SINAPI_ONERADO-03.25'!$B$14:$E$10000,2,FALSE),IF($E87="CDHU",VLOOKUP($F87,'CDHU_Onerado-02.25 (197)'!$A$9:$F$4114,2,FALSE),IF($E87="FDE",VLOOKUP($F87,'FDE-01.25'!$A$3:$D$4000,2,FALSE),IF($E87="SIURB (E)",VLOOKUP($F87,'EDIF SEM Des JAN25'!$A$3:$D$3000,2,FALSE),IF($E87="SIURB (I)",VLOOKUP($F87,'INFRA SEM Des JAN25'!$A$2:$D$1000,2,FALSE),IF($E87="SICRO NOVO",VLOOKUP($F87,'SICRO.DNIT ONERADA 01.25'!$A$4:$D$7000,2,FALSE),0)))))) -> MONTAGEM E DESMONTAGEM DE FÔRMA DE LAJE MACIÇA, PÉ-DIREITO SIMPLES, EM MADEIRA SERRADA, 1 UTILIZAÇÃO. AF_09/2020 | H87: =IF($E87="SINAPI",VLOOKUP($F87,'SINAPI_ONERADO-03.25'!$B$2:$E$10000,3,FALSE),IF($E87="CDHU",VLOOKUP($F87,'CDHU_Onerado-02.25 (197)'!$A$9:$F$4114,3,FALSE),IF($E87="FDE",VLOOKUP($F87,'FDE-01.25'!$A$3:$D$4000,3,FALSE),IF($E87="SIURB (E)",VLOOKUP($F87,'EDIF SEM Des JAN25'!$A$3:$D$3000,3,FALSE),IF($E87="SIURB (I)",VLOOKUP($F87,'INFRA SEM Des JAN25'!$A$2:$D$1000,3,FALSE),IF($E87="SICRO NOVO",VLOOKUP($F87,'SICRO.DNIT ONERADA 01.25'!$A$4:$D$7000,3,FALSE),0)))))) -> M2 | I87: =IF(D87<>0,INDEX('MEMORIA CALCULO'!$A$1:$Q$2429,MATCH(D87,'MEMORIA CALCULO'!$A$1:$A$2429,0),17),0) -> 11.12 | J87: =IF($E87="SINAPI",VLOOKUP($F87,'SINAPI_ONERADO-03.25'!$B$14:$E$10000,4,FALSE),IF($E87="CDHU",VLOOKUP($F87,'CDHU_Onerado-02.25 (197)'!$A$9:$F$4114,6,FALSE),IF($E87="FDE",VLOOKUP($F87,'FDE-01.25'!$A$3:$E$4000,5,FALSE),IF($E87="SIURB (E)",VLOOKUP($F87,'EDIF SEM Des JAN25'!$A$3:$D$3000,4,FALSE),IF($E87="SIURB (I)",VLOOKUP($F87,'INFRA SEM Des JAN25'!$A$2:$D$1000,4,FALSE),IF($E87="SICRO NOVO",VLOOKUP($F87,'SICRO.DNIT ONERADA 01.25'!$A$4:$D$7000,4,FALSE),0)))))) -> 381.62 | K87: =J87*(1+IF(N87="x",$T$4,$T$3)) -> 467.37 | L87: =ROUND(ROUND(I87,2)*ROUND(K87,2),2) -> 5197.15 | O87: =IFERROR(L87/$L$11,0) -> 0.0035
A88: =LEFT(D88,1) | B88: =B87 -> 5 | C88: =IF(D88="",0,B88) -> 0 | E88: LAJE SOBRE O SOLO
A89: =LEFT(D89,1) -> 5 | B89: =B88 -> 5 | C89: =IF(D89="",0,B89) -> 5 | D89: =D87+1 -> 5007 | E89: CDHU | F89: 07.01.020 | G89: =IF($E89="SINAPI",VLOOKUP($F89,'SINAPI_ONERADO-03.25'!G40:K7592,2,FALSE),IF($E89="CDHU",VLOOKUP($F89,'CDHU_Onerado-02.25 (197)'!$A$9:$F$4114,2,FALSE),IF($E89="FDE",VLOOKUP($F89,'FDE-01.25'!$A$3:$D$4000,2,FALSE),IF($E89="SIURB (E)",VLOOKUP($F89,'EDIF SEM Des JAN25'!$A$3:$D$3000,2,FALSE),IF($E89="SIURB (I)",VLOOKUP($F89,'INFRA SEM Des JAN25'!$A$2:$D$1000,2,FALSE),IF($E89="SICRO NOVO",VLOOKUP($F89,'SICRO.DNIT ONERADA 01.25'!$A$4:$D$7000,2,FALSE),0)))))) -> Escavação e carga mecanizada em solo de 1ª categoria, em campo aberto | H89: =IF($E89="SINAPI",VLOOKUP($F89,'SINAPI_ONERADO-03.25'!$G$2:$K$7540,3,FALSE),IF($E89="CDHU",VLOOKUP($F89,'CDHU_Onerado-02.25 (197)'!$A$9:$F$4114,3,FALSE),IF($E89="FDE",VLOOKUP($F89,'FDE-01.25'!$A$3:$D$4000,3,FALSE),IF($E89="SIURB (E)",VLOOKUP($F89,'EDIF SEM Des JAN25'!$A$3:$D$3000,3,FALSE),IF($E89="SIURB (I)",VLOOKUP($F89,'INFRA SEM Des JAN25'!$A$2:$D$1000,3,FALSE),IF($E89="SICRO NOVO",VLOOKUP($F89,'SICRO.DNIT ONERADA 01.25'!$A$4:$D$7000,3,FALSE),0)))))) -> M3 | I89: =IF(D89<>0,INDEX('MEMORIA CALCULO'!$A$1:$Q$2429,MATCH(D89,'MEMORIA CALCULO'!$A$1:$A$2429,0),17),0) -> 207 | J89: =IF($E89="SINAPI",VLOOKUP($F89,'SINAPI_ONERADO-03.25'!$G$2:$K$7540,5,FALSE),IF($E89="CDHU",VLOOKUP($F89,'CDHU_Onerado-02.25 (197)'!$A$9:$F$4114,6,FALSE),IF($E89="FDE",VLOOKUP($F89,'FDE-01.25'!$A$3:$E$4000,5,FALSE),IF($E89="SIURB (E)",VLOOKUP($F89,'EDIF SEM Des JAN25'!$A$3:$D$3000,4,FALSE),IF($E89="SIURB (I)",VLOOKUP($F89,'INFRA SEM Des JAN25'!$A$2:$D$1000,4,FALSE),IF($E89="SICRO NOVO",VLOOKUP($F89,'SICRO.DNIT ONERADA 01.25'!$A$4:$D$7000,4,FALSE),0)))))) -> 16.42 | K89: =J89*(1+IF(N89="x",$T$4,$T$3)) -> 20.11 | L89: =ROUND(ROUND(I89,2)*ROUND(K89,2),2) -> 4162.77 | O89: =IFERROR(L89/$L$11,0) -> 0.0028
A90: =LEFT(D90,1) -> 5 | B90: =B89 -> 5 | C90: =IF(D90="",0,B90) -> 5 | D90: =D89+1 -> 5008 | E90: SIURB (E) | F90: 1003006 | G90: =IF($E90="SINAPI",VLOOKUP($F90,'SINAPI_ONERADO-03.25'!G41:K7593,2,FALSE),IF($E90="CDHU",VLOOKUP($F90,'CDHU_Onerado-02.25 (197)'!$A$9:$F$4114,2,FALSE),IF($E90="FDE",VLOOKUP($F90,'FDE-01.25'!$A$3:$D$4000,2,FALSE),IF($E90="SIURB (E)",VLOOKUP($F90,'EDIF SEM Des JAN25'!$A$3:$D$3000,2,FALSE),IF($E90="SIURB (I)",VLOOKUP($F90,'INFRA SEM Des JAN25'!$A$2:$D$1000,2,FALSE),IF($E90="SICRO NOVO",VLOOKUP($F90,'SICRO.DNIT ONERADA 01.25'!$A$4:$D$7000,2,FALSE),0)))))) -> ATERRO, INCLUSIVE COMPACTAÇÃO | H90: =IF($E90="SINAPI",VLOOKUP($F90,'SINAPI_ONERADO-03.25'!$G$2:$K$7540,3,FALSE),IF($E90="CDHU",VLOOKUP($F90,'CDHU_Onerado-02.25 (197)'!$A$9:$F$4114,3,FALSE),IF($E90="FDE",VLOOKUP($F90,'FDE-01.25'!$A$3:$D$4000,3,FALSE),IF($E90="SIURB (E)",VLOOKUP($F90,'EDIF SEM Des JAN25'!$A$3:$D$3000,3,FALSE),IF($E90="SIURB (I)",VLOOKUP($F90,'INFRA SEM Des JAN25'!$A$2:$D$1000,3,FALSE),IF($E90="SICRO NOVO",VLOOKUP($F90,'SICRO.DNIT ONERADA 01.25'!$A$4:$D$7000,3,FALSE),0)))))) -> M3 | I90: =IF(D90<>0,INDEX('MEMORIA CALCULO'!$A$1:$Q$2429,MATCH(D90,'MEMORIA CALCULO'!$A$1:$A$2429,0),17),0) -> 155.25 | J90: =IF($E90="SINAPI",VLOOKUP($F90,'SINAPI_ONERADO-03.25'!$G$2:$K$7540,5,FALSE),IF($E90="CDHU",VLOOKUP($F90,'CDHU_Onerado-02.25 (197)'!$A$9:$F$4114,6,FALSE),IF($E90="FDE",VLOOKUP($F90,'FDE-01.25'!$A$3:$E$4000,5,FALSE),IF($E90="SIURB (E)",VLOOKUP($F90,'EDIF SEM Des JAN25'!$A$3:$D$3000,4,FALSE),IF($E90="SIURB (I)",VLOOKUP($F90,'INFRA SEM Des JAN25'!$A$2:$D$1000,4,FALSE),IF($E90="SICRO NOVO",VLOOKUP($F90,'SICRO.DNIT ONERADA 01.25'!$A$4:$D$7000,4,FALSE),0)))))) -> 7.78 | K90: =J90*(1+IF(N90="x",$T$4,$T$3)) -> 9.53 | L90: =ROUND(ROUND(I90,2)*ROUND(K90,2),2) -> 1479.53 | O90: =IFERROR(L90/$L$11,0) -> 0.001
A91: =LEFT(D91,1) -> 5 | B91: =B90 -> 5 | C91: =IF(D91="",0,B91) -> 5 | D91: =D90+1 -> 5009 | E91: CDHU | F91: 05.10.025 | G91: =IF($E91="SINAPI",VLOOKUP($F91,'SINAPI_ONERADO-03.25'!G42:K7594,2,FALSE),IF($E91="CDHU",VLOOKUP($F91,'CDHU_Onerado-02.25 (197)'!$A$9:$F$4114,2,FALSE),IF($E91="FDE",VLOOKUP($F91,'FDE-01.25'!$A$3:$D$4000,2,FALSE),IF($E91="SIURB (E)",VLOOKUP($F91,'EDIF SEM Des JAN25'!$A$3:$D$3000,2,FALSE),IF($E91="SIURB (I)",VLOOKUP($F91,'INFRA SEM Des JAN25'!$A$2:$D$1000,2,FALSE),IF($E91="SICRO NOVO",VLOOKUP($F91,'SICRO.DNIT ONERADA 01.25'!$A$4:$D$7000,2,FALSE),0)))))) -> Transporte de solo de 1ª e 2ª categoria por caminhão para distâncias superiores ao 15° km até o 20° km | H91: =IF($E91="SINAPI",VLOOKUP($F91,'SINAPI_ONERADO-03.25'!$G$2:$K$7540,3,FALSE),IF($E91="CDHU",VLOOKUP($F91,'CDHU_Onerado-02.25 (197)'!$A$9:$F$4114,3,FALSE),IF($E91="FDE",VLOOKUP($F91,'FDE-01.25'!$A$3:$D$4000,3,FALSE),IF($E91="SIURB (E)",VLOOKUP($F91,'EDIF SEM Des JAN25'!$A$3:$D$3000,3,FALSE),IF($E91="SIURB (I)",VLOOKUP($F91,'INFRA SEM Des JAN25'!$A$2:$D$1000,3,FALSE),IF($E91="SICRO NOVO",VLOOKUP($F91,'SICRO.DNIT ONERADA 01.25'!$A$4:$D$7000,3,FALSE),0)))))) -> M3 | I91: =IF(D91<>0,INDEX('MEMORIA CALCULO'!$A$1:$Q$2429,MATCH(D91,'MEMORIA CALCULO'!$A$1:$A$2429,0),17),0) -> 67.28 | J91: =IF($E91="SINAPI",VLOOKUP($F91,'SINAPI_ONERADO-03.25'!$G$2:$K$7540,5,FALSE),IF($E91="CDHU",VLOOKUP($F91,'CDHU_Onerado-02.25 (197)'!$A$9:$F$4114,6,FALSE),IF($E91="FDE",VLOOKUP($F91,'FDE-01.25'!$A$3:$E$4000,5,FALSE),IF($E91="SIURB (E)",VLOOKUP($F91,'EDIF SEM Des JAN25'!$A$3:$D$3000,4,FALSE),IF($E91="SIURB (I)",VLOOKUP($F91,'INFRA SEM Des JAN25'!$A$2:$D$1000,4,FALSE),IF($E91="SICRO NOVO",VLOOKUP($F91,'SICRO.DNIT ONERADA 01.25'!$A$4:$D$7000,4,FALSE),0)))))) -> 37.68 | K91: =J91*(1+IF(N91="x",$T$4,$T$3)) -> 46.15 | L91: =ROUND(ROUND(I91,2)*ROUND(K91,2),2) -> 3104.97 | O91: =IFERROR(L91/$L$11,0) -> 0.0021
A92: =LEFT(D92,1) -> 5 | B92: =B91 -> 5 | C92: =IF(D92="",0,B92) -> 5 | D92: =D91+1 -> 5010 | E92: CDHU | F92: 05.09.007 | G92: =IF($E92="SINAPI",VLOOKUP($F92,'SINAPI_ONERADO-03.25'!G43:K7595,2,FALSE),IF($E92="CDHU",VLOOKUP($F92,'CDHU_Onerado-02.25 (197)'!$A$9:$F$4114,2,FALSE),IF($E92="FDE",VLOOKUP($F92,'FDE-01.25'!$A$3:$D$4000,2,FALSE),IF($E92="SIURB (E)",VLOOKUP($F92,'EDIF SEM Des JAN25'!$A$3:$D$3000,2,FALSE),IF($E92="SIURB (I)",VLOOKUP($F92,'INFRA SEM Des JAN25'!$A$2:$D$1000,2,FALSE),IF($E92="SICRO NOVO",VLOOKUP($F92,'SICRO.DNIT ONERADA 01.25'!$A$4:$D$7000,2,FALSE),0)))))) -> Taxa de destinação de resíduo sólido em aterro, tipo solo/terra | H92: =IF($E92="SINAPI",VLOOKUP($F92,'SINAPI_ONERADO-03.25'!$G$2:$K$7540,3,FALSE),IF($E92="CDHU",VLOOKUP($F92,'CDHU_Onerado-02.25 (197)'!$A$9:$F$4114,3,FALSE),IF($E92="FDE",VLOOKUP($F92,'FDE-01.25'!$A$3:$D$4000,3,FALSE),IF($E92="SIURB (E)",VLOOKUP($F92,'EDIF SEM Des JAN25'!$A$3:$D$3000,3,FALSE),IF($E92="SIURB (I)",VLOOKUP($F92,'INFRA SEM Des JAN25'!$A$2:$D$1000,3,FALSE),IF($E92="SICRO NOVO",VLOOKUP($F92,'SICRO.DNIT ONERADA 01.25'!$A$4:$D$7000,3,FALSE),0)))))) -> M3 | I92: =IF(D92<>0,INDEX('MEMORIA CALCULO'!$A$1:$Q$2429,MATCH(D92,'MEMORIA CALCULO'!$A$1:$A$2429,0),17),0) -> 67.28 | J92: =IF($E92="SINAPI",VLOOKUP($F92,'SINAPI_ONERADO-03.25'!$G$2:$K$7540,5,FALSE),IF($E92="CDHU",VLOOKUP($F92,'CDHU_Onerado-02.25 (197)'!$A$9:$F$4114,6,FALSE),IF($E92="FDE",VLOOKUP($F92,'FDE-01.25'!$A$3:$E$4000,5,FALSE),IF($E92="SIURB (E)",VLOOKUP($F92,'EDIF SEM Des JAN25'!$A$3:$D$3000,4,FALSE),IF($E92="SIURB (I)",VLOOKUP($F92,'INFRA SEM Des JAN25'!$A$2:$D$1000,4,FALSE),IF($E92="SICRO NOVO",VLOOKUP($F92,'SICRO.DNIT ONERADA 01.25'!$A$4:$D$7000,4,FALSE),0)))))) -> 30.62 | K92: =J92*(1+IF(N92="x",$T$4,$T$3)) -> 37.5 | L92: =ROUND(ROUND(I92,2)*ROUND(K92,2),2) -> 2523 | O92: =IFERROR(L92/$L$11,0) -> 0.0017
A93: =LEFT(D93,1) -> 5 | B93: =B92 -> 5 | C93: =IF(D93="",0,B93) -> 5 | D93: =D92+1 -> 5011 | E93: SIURB (E) | F93: 13001010 | G93: =IF($E93="SINAPI",VLOOKUP($F93,'SINAPI_ONERADO-03.25'!G44:K7596,2,FALSE),IF($E93="CDHU",VLOOKUP($F93,'CDHU_Onerado-02.25 (197)'!$A$9:$F$4114,2,FALSE),IF($E93="FDE",VLOOKUP($F93,'FDE-01.25'!$A$3:$D$4000,2,FALSE),IF($E93="SIURB (E)",VLOOKUP($F93,'EDIF SEM Des JAN25'!$A$3:$D$3000,2,FALSE),IF($E93="SIURB (I)",VLOOKUP($F93,'INFRA SEM Des JAN25'!$A$2:$D$1000,2,FALSE),IF($E93="SICRO NOVO",VLOOKUP($F93,'SICRO.DNIT ONERADA 01.25'!$A$4:$D$7000,2,FALSE),0)))))) -> LASTRO DE BRITA | H93: =IF($E93="SINAPI",VLOOKUP($F93,'SINAPI_ONERADO-03.25'!$G$2:$K$7540,3,FALSE),IF($E93="CDHU",VLOOKUP($F93,'CDHU_Onerado-02.25 (197)'!$A$9:$F$4114,3,FALSE),IF($E93="FDE",VLOOKUP($F93,'FDE-01.25'!$A$3:$D$4000,3,FALSE),IF($E93="SIURB (E)",VLOOKUP($F93,'EDIF SEM Des JAN25'!$A$3:$D$3000,3,FALSE),IF($E93="SIURB (I)",VLOOKUP($F93,'INFRA SEM Des JAN25'!$A$2:$D$1000,3,FALSE),IF($E93="SICRO NOVO",VLOOKUP($F93,'SICRO.DNIT ONERADA 01.25'!$A$4:$D$7000,3,FALSE),0)))))) -> M3 | I93: =IF(D93<>0,INDEX('MEMORIA CALCULO'!$A$1:$Q$2429,MATCH(D93,'MEMORIA CALCULO'!$A$1:$A$2429,0),17),0) -> 31.05 | J93: =IF($E93="SINAPI",VLOOKUP($F93,'SINAPI_ONERADO-03.25'!$G$2:$K$7540,5,FALSE),IF($E93="CDHU",VLOOKUP($F93,'CDHU_Onerado-02.25 (197)'!$A$9:$F$4114,6,FALSE),IF($E93="FDE",VLOOKUP($F93,'FDE-01.25'!$A$3:$E$4000,5,FALSE),IF($E93="SIURB (E)",VLOOKUP($F93,'EDIF SEM Des JAN25'!$A$3:$D$3000,4,FALSE),IF($E93="SIURB (I)",VLOOKUP($F93,'INFRA SEM Des JAN25'!$A$2:$D$1000,4,FALSE),IF($E93="SICRO NOVO",VLOOKUP($F93,'SICRO.DNIT ONERADA 01.25'!$A$4:$D$7000,4,FALSE),0)))))) -> 235.05 | K93: =J93*(1+IF(N93="x",$T$4,$T$3)) -> 287.87 | L93: =ROUND(ROUND(I93,2)*ROUND(K93,2),2) -> 8938.36 | O93: =IFERROR(L93/$L$11,0) -> 0.006
A94: =LEFT(D94,1) -> 5 | B94: =B93 -> 5 | C94: =IF(D94="",0,B94) -> 5 | D94: =D93+1 -> 5012 | E94: SINAPI | F94: 97087 | G94: =IF($E94="SINAPI",VLOOKUP($F94,'SINAPI_ONERADO-03.25'!$B$14:$E$10000,2,FALSE),IF($E94="CDHU",VLOOKUP($F94,'CDHU_Onerado-02.25 (197)'!$A$9:$F$4114,2,FALSE),IF($E94="FDE",VLOOKUP($F94,'FDE-01.25'!$A$3:$D$4000,2,FALSE),IF($E94="SIURB (E)",VLOOKUP($F94,'EDIF SEM Des JAN25'!$A$3:$D$3000,2,FALSE),IF($E94="SIURB (I)",VLOOKUP($F94,'INFRA SEM Des JAN25'!$A$2:$D$1000,2,FALSE),IF($E94="SICRO NOVO",VLOOKUP($F94,'SICRO.DNIT ONERADA 01.25'!$A$4:$D$7000,2,FALSE),0)))))) -> CAMADA SEPARADORA PARA EXECUÇÃO DE RADIER, PISO DE CONCRETO OU LAJE SOBRE SOLO, EM LONA PLÁSTICA. AF_09/2021 | H94: =IF($E94="SINAPI",VLOOKUP($F94,'SINAPI_ONERADO-03.25'!$B$2:$E$10000,3,FALSE),IF($E94="CDHU",VLOOKUP($F94,'CDHU_Onerado-02.25 (197)'!$A$9:$F$4114,3,FALSE),IF($E94="FDE",VLOOKUP($F94,'FDE-01.25'!$A$3:$D$4000,3,FALSE),IF($E94="SIURB (E)",VLOOKUP($F94,'EDIF SEM Des JAN25'!$A$3:$D$3000,3,FALSE),IF($E94="SIURB (I)",VLOOKUP($F94,'INFRA SEM Des JAN25'!$A$2:$D$1000,3,FALSE),IF($E94="SICRO NOVO",VLOOKUP($F94,'SICRO.DNIT ONERADA 01.25'!$A$4:$D$7000,3,FALSE),0)))))) -> M2 | I94: =IF(D94<>0,INDEX('MEMORIA CALCULO'!$A$1:$Q$2429,MATCH(D94,'MEMORIA CALCULO'!$A$1:$A$2429,0),17),0) -> 207 | J94: =IF($E94="SINAPI",VLOOKUP($F94,'SINAPI_ONERADO-03.25'!$B$14:$E$10000,4,FALSE),IF($E94="CDHU",VLOOKUP($F94,'CDHU_Onerado-02.25 (197)'!$A$9:$F$4114,6,FALSE),IF($E94="FDE",VLOOKUP($F94,'FDE-01.25'!$A$3:$E$4000,5,FALSE),IF($E94="SIURB (E)",VLOOKUP($F94,'EDIF SEM Des JAN25'!$A$3:$D$3000,4,FALSE),IF($E94="SIURB (I)",VLOOKUP($F94,'INFRA SEM Des JAN25'!$A$2:$D$1000,4,FALSE),IF($E94="SICRO NOVO",VLOOKUP($F94,'SICRO.DNIT ONERADA 01.25'!$A$4:$D$7000,4,FALSE),0)))))) -> 1.84 | K94: =J94*(1+IF(N94="x",$T$4,$T$3)) -> 2.25 | L94: =ROUND(ROUND(I94,2)*ROUND(K94,2),2) -> 465.75 | O94: =IFERROR(L94/$L$11,0) -> 0.0003
A95: =LEFT(D95,1) -> 5 | B95: =B94 -> 5 | C95: =IF(D95="",0,B95) -> 5 | D95: =D94+1 -> 5013 | E95: SIURB (E) | F95: 1004075 | G95: =IF($E95="SINAPI",VLOOKUP($F95,'SINAPI_ONERADO-03.25'!G46:K7598,2,FALSE),IF($E95="CDHU",VLOOKUP($F95,'CDHU_Onerado-02.25 (197)'!$A$9:$F$4114,2,FALSE),IF($E95="FDE",VLOOKUP($F95,'FDE-01.25'!$A$3:$D$4000,2,FALSE),IF($E95="SIURB (E)",VLOOKUP($F95,'EDIF SEM Des JAN25'!$A$3:$D$3000,2,FALSE),IF($E95="SIURB (I)",VLOOKUP($F95,'INFRA SEM Des JAN25'!$A$2:$D$1000,2,FALSE),IF($E95="SICRO NOVO",VLOOKUP($F95,'SICRO.DNIT ONERADA 01.25'!$A$4:$D$7000,2,FALSE),0)))))) -> MANTA GEOTÊXTIL | H95: =IF($E95="SINAPI",VLOOKUP($F95,'SINAPI_ONERADO-03.25'!$G$2:$K$7540,3,FALSE),IF($E95="CDHU",VLOOKUP($F95,'CDHU_Onerado-02.25 (197)'!$A$9:$F$4114,3,FALSE),IF($E95="FDE",VLOOKUP($F95,'FDE-01.25'!$A$3:$D$4000,3,FALSE),IF($E95="SIURB (E)",VLOOKUP($F95,'EDIF SEM Des JAN25'!$A$3:$D$3000,3,FALSE),IF($E95="SIURB (I)",VLOOKUP($F95,'INFRA SEM Des JAN25'!$A$2:$D$1000,3,FALSE),IF($E95="SICRO NOVO",VLOOKUP($F95,'SICRO.DNIT ONERADA 01.25'!$A$4:$D$7000,3,FALSE),0)))))) -> M2 | I95: =IF(D95<>0,INDEX('MEMORIA CALCULO'!$A$1:$Q$2429,MATCH(D95,'MEMORIA CALCULO'!$A$1:$A$2429,0),17),0) -> 207 | J95: =IF($E95="SINAPI",VLOOKUP($F95,'SINAPI_ONERADO-03.25'!$G$2:$K$7540,5,FALSE),IF($E95="CDHU",VLOOKUP($F95,'CDHU_Onerado-02.25 (197)'!$A$9:$F$4114,6,FALSE),IF($E95="FDE",VLOOKUP($F95,'FDE-01.25'!$A$3:$E$4000,5,FALSE),IF($E95="SIURB (E)",VLOOKUP($F95,'EDIF SEM Des JAN25'!$A$3:$D$3000,4,FALSE),IF($E95="SIURB (I)",VLOOKUP($F95,'INFRA SEM Des JAN25'!$A$2:$D$1000,4,FALSE),IF($E95="SICRO NOVO",VLOOKUP($F95,'SICRO.DNIT ONERADA 01.25'!$A$4:$D$7000,4,FALSE),0)))))) -> 10.58 | K95: =J95*(1+IF(N95="x",$T$4,$T$3)) -> 12.96 | L95: =ROUND(ROUND(I95,2)*ROUND(K95,2),2) -> 2682.72 | O95: =IFERROR(L95/$L$11,0) -> 0.0018
A96: =LEFT(D96,1) -> 5 | B96: =B95 -> 5 | C96: =IF(D96="",0,B96) -> 5 | D96: =D95+1 -> 5014 | E96: SINAPI | F96: 97092 | G96: =IF($E96="SINAPI",VLOOKUP($F96,'SINAPI_ONERADO-03.25'!$B$14:$E$10000,2,FALSE),IF($E96="CDHU",VLOOKUP($F96,'CDHU_Onerado-02.25 (197)'!$A$9:$F$4114,2,FALSE),IF($E96="FDE",VLOOKUP($F96,'FDE-01.25'!$A$3:$D$4000,2,FALSE),IF($E96="SIURB (E)",VLOOKUP($F96,'EDIF SEM Des JAN25'!$A$3:$D$3000,2,FALSE),IF($E96="SIURB (I)",VLOOKUP($F96,'INFRA SEM Des JAN25'!$A$2:$D$1000,2,FALSE),IF($E96="SICRO NOVO",VLOOKUP($F96,'SICRO.DNIT ONERADA 01.25'!$A$4:$D$7000,2,FALSE),0)))))) -> ARMAÇÃO PARA EXECUÇÃO DE RADIER, PISO DE CONCRETO OU LAJE SOBRE SOLO, COM USO DE TELA Q-196. AF_09/2021 | H96: =IF($E96="SINAPI",VLOOKUP($F96,'SINAPI_ONERADO-03.25'!$B$2:$E$10000,3,FALSE),IF($E96="CDHU",VLOOKUP($F96,'CDHU_Onerado-02.25 (197)'!$A$9:$F$4114,3,FALSE),IF($E96="FDE",VLOOKUP($F96,'FDE-01.25'!$A$3:$D$4000,3,FALSE),IF($E96="SIURB (E)",VLOOKUP($F96,'EDIF SEM Des JAN25'!$A$3:$D$3000,3,FALSE),IF($E96="SIURB (I)",VLOOKUP($F96,'INFRA SEM Des JAN25'!$A$2:$D$1000,3,FALSE),IF($E96="SICRO NOVO",VLOOKUP($F96,'SICRO.DNIT ONERADA 01.25'!$A$4:$D$7000,3,FALSE),0)))))) -> KG | I96: =IF(D96<>0,INDEX('MEMORIA CALCULO'!$A$1:$Q$2429,MATCH(D96,'MEMORIA CALCULO'!$A$1:$A$2429,0),17),0) -> 643.77 | J96: =IF($E96="SINAPI",VLOOKUP($F96,'SINAPI_ONERADO-03.25'!$B$14:$E$10000,4,FALSE),IF($E96="CDHU",VLOOKUP($F96,'CDHU_Onerado-02.25 (197)'!$A$9:$F$4114,6,FALSE),IF($E96="FDE",VLOOKUP($F96,'FDE-01.25'!$A$3:$E$4000,5,FALSE),IF($E96="SIURB (E)",VLOOKUP($F96,'EDIF SEM Des JAN25'!$A$3:$D$3000,4,FALSE),IF($E96="SIURB (I)",VLOOKUP($F96,'INFRA SEM Des JAN25'!$A$2:$D$1000,4,FALSE),IF($E96="SICRO NOVO",VLOOKUP($F96,'SICRO.DNIT ONERADA 01.25'!$A$4:$D$7000,4,FALSE),0)))))) -> 12.78 | K96: =J96*(1+IF(N96="x",$T$4,$T$3)) -> 15.65 | L96: =ROUND(ROUND(I96,2)*ROUND(K96,2),2) -> 10075 | O96: =IFERROR(L96/$L$11,0) -> 0.0068
A97: =LEFT(D97,1) -> 5 | B97: =B96 -> 5 | C97: =IF(D97="",0,B97) -> 5 | D97: =D96+1 -> 5015 | E97: CDHU | F97: 11.01.130 | G97: =IF($E97="SINAPI",VLOOKUP($F97,'SINAPI_ONERADO-03.25'!G48:K7600,2,FALSE),IF($E97="CDHU",VLOOKUP($F97,'CDHU_Onerado-02.25 (197)'!$A$9:$F$4114,2,FALSE),IF($E97="FDE",VLOOKUP($F97,'FDE-01.25'!$A$3:$D$4000,2,FALSE),IF($E97="SIURB (E)",VLOOKUP($F97,'EDIF SEM Des JAN25'!$A$3:$D$3000,2,FALSE),IF($E97="SIURB (I)",VLOOKUP($F97,'INFRA SEM Des JAN25'!$A$2:$D$1000,2,FALSE),IF($E97="SICRO NOVO",VLOOKUP($F97,'SICRO.DNIT ONERADA 01.25'!$A$4:$D$7000,2,FALSE),0)))))) -> Concreto usinado, fck = 25 MPa | H97: =IF($E97="SINAPI",VLOOKUP($F97,'SINAPI_ONERADO-03.25'!$G$2:$K$7540,3,FALSE),IF($E97="CDHU",VLOOKUP($F97,'CDHU_Onerado-02.25 (197)'!$A$9:$F$4114,3,FALSE),IF($E97="FDE",VLOOKUP($F97,'FDE-01.25'!$A$3:$D$4000,3,FALSE),IF($E97="SIURB (E)",VLOOKUP($F97,'EDIF SEM Des JAN25'!$A$3:$D$3000,3,FALSE),IF($E97="SIURB (I)",VLOOKUP($F97,'INFRA SEM Des JAN25'!$A$2:$D$1000,3,FALSE),IF($E97="SICRO NOVO",VLOOKUP($F97,'SICRO.DNIT ONERADA 01.25'!$A$4:$D$7000,3,FALSE),0)))))) -> M3 | I97: =IF(D97<>0,INDEX('MEMORIA CALCULO'!$A$1:$Q$2429,MATCH(D97,'MEMORIA CALCULO'!$A$1:$A$2429,0),17),0) -> 24 | J97: =IF($E97="SINAPI",VLOOKUP($F97,'SINAPI_ONERADO-03.25'!$G$2:$K$7540,5,FALSE),IF($E97="CDHU",VLOOKUP($F97,'CDHU_Onerado-02.25 (197)'!$A$9:$F$4114,6,FALSE),IF($E97="FDE",VLOOKUP($F97,'FDE-01.25'!$A$3:$E$4000,5,FALSE),IF($E97="SIURB (E)",VLOOKUP($F97,'EDIF SEM Des JAN25'!$A$3:$D$3000,4,FALSE),IF($E97="SIURB (I)",VLOOKUP($F97,'INFRA SEM Des JAN25'!$A$2:$D$1000,4,FALSE),IF($E97="SICRO NOVO",VLOOKUP($F97,'SICRO.DNIT ONERADA 01.25'!$A$4:$D$7000,4,FALSE),0)))))) -> 509.9 | K97: =J97*(1+IF(N97="x",$T$4,$T$3)) -> 624.47 | L97: =ROUND(ROUND(I97,2)*ROUND(K97,2),2) -> 14987.28 | O97: =IFERROR(L97/$L$11,0) -> 0.0101
A98: =LEFT(D98,1) | B98: =B97 -> 5 | C98: =IF(D98="",0,B98) -> 0 | E98: ESTRUTURA METÁLICA
A99: =LEFT(D99,1) -> 5 | B99: =B98 -> 5 | C99: =IF(D99="",0,B99) -> 5 | D99: =D97+1 -> 5016 | E99: CDHU | F99: 15.03.131 | G99: =IF($E99="SINAPI",VLOOKUP($F99,'SINAPI_ONERADO-03.25'!G49:K7601,2,FALSE),IF($E99="CDHU",VLOOKUP($F99,'CDHU_Onerado-02.25 (197)'!$A$9:$F$4114,2,FALSE),IF($E99="FDE",VLOOKUP($F99,'FDE-01.25'!$A$3:$D$4000,2,FALSE),IF($E99="SIURB (E)",VLOOKUP($F99,'EDIF SEM Des JAN25'!$A$3:$D$3000,2,FALSE),IF($E99="SIURB (I)",VLOOKUP($F99,'INFRA SEM Des JAN25'!$A$2:$D$1000,2,FALSE),IF($E99="SICRO NOVO",VLOOKUP($F99,'SICRO.DNIT ONERADA 01.25'!$A$4:$D$7000,2,FALSE),0)))))) -> Fornecimento e montagem de estrutura em aço ASTM-A572 Grau 50, sem pintura | H99: =IF($E99="SINAPI",VLOOKUP($F99,'SINAPI_ONERADO-03.25'!$G$2:$K$7540,3,FALSE),IF($E99="CDHU",VLOOKUP($F99,'CDHU_Onerado-02.25 (197)'!$A$9:$F$4114,3,FALSE),IF($E99="FDE",VLOOKUP($F99,'FDE-01.25'!$A$3:$D$4000,3,FALSE),IF($E99="SIURB (E)",VLOOKUP($F99,'EDIF SEM Des JAN25'!$A$3:$D$3000,3,FALSE),IF($E99="SIURB (I)",VLOOKUP($F99,'INFRA SEM Des JAN25'!$A$2:$D$1000,3,FALSE),IF($E99="SICRO NOVO",VLOOKUP($F99,'SICRO.DNIT ONERADA 01.25'!$A$4:$D$7000,3,FALSE),0)))))) -> KG | I99: =IF(D99<>0,INDEX('MEMORIA CALCULO'!$A$1:$Q$2429,MATCH(D99,'MEMORIA CALCULO'!$A$1:$A$2429,0),17),0) -> 3937.82 | J99: =IF($E99="SINAPI",VLOOKUP($F99,'SINAPI_ONERADO-03.25'!$G$2:$K$7540,5,FALSE),IF($E99="CDHU",VLOOKUP($F99,'CDHU_Onerado-02.25 (197)'!$A$9:$F$4114,6,FALSE),IF($E99="FDE",VLOOKUP($F99,'FDE-01.25'!$A$3:$E$4000,5,FALSE),IF($E99="SIURB (E)",VLOOKUP($F99,'EDIF SEM Des JAN25'!$A$3:$D$3000,4,FALSE),IF($E99="SIURB (I)",VLOOKUP($F99,'INFRA SEM Des JAN25'!$A$2:$D$1000,4,FALSE),IF($E99="SICRO NOVO",VLOOKUP($F99,'SICRO.DNIT ONERADA 01.25'!$A$4:$D$7000,4,FALSE),0)))))) -> 30.45 | K99: =J99*(1+IF(N99="x",$T$4,$T$3)) -> 37.29 | L99: =ROUND(ROUND(I99,2)*ROUND(K99,2),2) -> 146841.31 | O99: =IFERROR(L99/$L$11,0) -> 0.0989
A100: =LEFT(D100,1) -> 5 | B100: =B99 -> 5 | C100: =IF(D100="",0,B100) -> 5 | D100: =D99+1 -> 5017 | E100: FDE | F100: 16.48.031 | G100: =IF($E100="SINAPI",VLOOKUP($F100,'SINAPI_ONERADO-03.25'!G50:K7602,2,FALSE),IF($E100="CDHU",VLOOKUP($F100,'CDHU_Onerado-02.25 (197)'!$A$9:$F$4114,2,FALSE),IF($E100="FDE",VLOOKUP($F100,'FDE-01.25'!$A$3:$D$4000,2,FALSE),IF($E100="SIURB (E)",VLOOKUP($F100,'EDIF SEM Des JAN25'!$A$3:$D$3000,2,FALSE),IF($E100="SIURB (I)",VLOOKUP($F100,'INFRA SEM Des JAN25'!$A$2:$D$1000,2,FALSE),IF($E100="SICRO NOVO",VLOOKUP($F100,'SICRO.DNIT ONERADA 01.25'!$A$4:$D$7000,2,FALSE),0)))))) -> PREPARACAO SUPERF C/ JATEAMENTO ABRAS PAD SA 2X1/2" APLIC FUNDO PRIMER | H100: =IF($E100="SINAPI",VLOOKUP($F100,'SINAPI_ONERADO-03.25'!$G$2:$K$7540,3,FALSE),IF($E100="CDHU",VLOOKUP($F100,'CDHU_Onerado-02.25 (197)'!$A$9:$F$4114,3,FALSE),IF($E100="FDE",VLOOKUP($F100,'FDE-01.25'!$A$3:$D$4000,3,FALSE),IF($E100="SIURB (E)",VLOOKUP($F100,'EDIF SEM Des JAN25'!$A$3:$D$3000,3,FALSE),IF($E100="SIURB (I)",VLOOKUP($F100,'INFRA SEM Des JAN25'!$A$2:$D$1000,3,FALSE),IF($E100="SICRO NOVO",VLOOKUP($F100,'SICRO.DNIT ONERADA 01.25'!$A$4:$D$7000,3,FALSE),0)))))) -> M2 | I100: =IF(D100<>0,INDEX('MEMORIA CALCULO'!$A$1:$Q$2429,MATCH(D100,'MEMORIA CALCULO'!$A$1:$A$2429,0),17),0) -> 161.73 | J100: =IF($E100="SINAPI",VLOOKUP($F100,'SINAPI_ONERADO-03.25'!$G$2:$K$7540,5,FALSE),IF($E100="CDHU",VLOOKUP($F100,'CDHU_Onerado-02.25 (197)'!$A$9:$F$4114,6,FALSE),IF($E100="FDE",VLOOKUP($F100,'FDE-01.25'!$A$3:$E$4000,5,FALSE),IF($E100="SIURB (E)",VLOOKUP($F100,'EDIF SEM Des JAN25'!$A$3:$D$3000,4,FALSE),IF($E100="SIURB (I)",VLOOKUP($F100,'INFRA SEM Des JAN25'!$A$2:$D$1000,4,FALSE),IF($E100="SICRO NOVO",VLOOKUP($F100,'SICRO.DNIT ONERADA 01.25'!$A$4:$D$7000,4,FALSE),0)))))) -> 111.71 | K100: =J100 -> 111.71 | L100: =ROUND(ROUND(I100,2)*ROUND(K100,2),2) -> 18066.86 | O100: =IFERROR(L100/$L$11,0) -> 0.0122
A101: =LEFT(D101,1) -> 5 | B101: =B100 -> 5 | C101: =IF(D101="",0,B101) -> 5 | D101: =D100+1 -> 5018 | E101: FDE | F101: 16.48.035 | G101: =IF($E101="SINAPI",VLOOKUP($F101,'SINAPI_ONERADO-03.25'!G51:K7603,2,FALSE),IF($E101="CDHU",VLOOKUP($F101,'CDHU_Onerado-02.25 (197)'!$A$9:$F$4114,2,FALSE),IF($E101="FDE",VLOOKUP($F101,'FDE-01.25'!$A$3:$D$4000,2,FALSE),IF($E101="SIURB (E)",VLOOKUP($F101,'EDIF SEM Des JAN25'!$A$3:$D$3000,2,FALSE),IF($E101="SIURB (I)",VLOOKUP($F101,'INFRA SEM Des JAN25'!$A$2:$D$1000,2,FALSE),IF($E101="SICRO NOVO",VLOOKUP($F101,'SICRO.DNIT ONERADA 01.25'!$A$4:$D$7000,2,FALSE),0)))))) -> PINTURA INTUMESCENTE P/ REVESTIMENTO CONTRA FOGO EM ESTR METALICA | H101: =IF($E101="SINAPI",VLOOKUP($F101,'SINAPI_ONERADO-03.25'!$G$2:$K$7540,3,FALSE),IF($E101="CDHU",VLOOKUP($F101,'CDHU_Onerado-02.25 (197)'!$A$9:$F$4114,3,FALSE),IF($E101="FDE",VLOOKUP($F101,'FDE-01.25'!$A$3:$D$4000,3,FALSE),IF($E101="SIURB (E)",VLOOKUP($F101,'EDIF SEM Des JAN25'!$A$3:$D$3000,3,FALSE),IF($E101="SIURB (I)",VLOOKUP($F101,'INFRA SEM Des JAN25'!$A$2:$D$1000,3,FALSE),IF($E101="SICRO NOVO",VLOOKUP($F101,'SICRO.DNIT ONERADA 01.25'!$A$4:$D$7000,3,FALSE),0)))))) -> M2 | I101: =IF(D101<>0,INDEX('MEMORIA CALCULO'!$A$1:$Q$2429,MATCH(D101,'MEMORIA CALCULO'!$A$1:$A$2429,0),17),0) -> 161.73 | J101: =IF($E101="SINAPI",VLOOKUP($F101,'SINAPI_ONERADO-03.25'!$G$2:$K$7540,5,FALSE),IF($E101="CDHU",VLOOKUP($F101,'CDHU_Onerado-02.25 (197)'!$A$9:$F$4114,6,FALSE),IF($E101="FDE",VLOOKUP($F101,'FDE-01.25'!$A$3:$E$4000,5,FALSE),IF($E101="SIURB (E)",VLOOKUP($F101,'EDIF SEM Des JAN25'!$A$3:$D$3000,4,FALSE),IF($E101="SIURB (I)",VLOOKUP($F101,'INFRA SEM Des JAN25'!$A$2:$D$1000,4,FALSE),IF($E101="SICRO NOVO",VLOOKUP($F101,'SICRO.DNIT ONERADA 01.25'!$A$4:$D$7000,4,FALSE),0)))))) -> 146.55 | K101: =J101 -> 146.55 | L101: =ROUND(ROUND(I101,2)*ROUND(K101,2),2) -> 23701.53 | O101: =IFERROR(L101/$L$11,0) -> 0.016
A103: =LEFT(D103,1) -> 6 | B103: =D103 -> 6 | C103: =IF(D103="",0,B103) -> 6 | D103: =D80+1 -> 6 | E103: COBERTURA NOVA | K103: SUBTOTAL | L103: =SUMIF(C104:C314,D103,L104:L314) -> 75241.18 | O103: =IFERROR(L103/$L$11,0) -> 0.0507
A104: =LEFT(D104,1) -> 6 | B104: =B103 -> 6 | C104: =IF(D104="",0,B104) -> 6 | D104: =(D103*1000)+1 -> 6001 | E104: FDE | F104: 07.03.138 | G104: =IF($E104="SINAPI",VLOOKUP($F104,'SINAPI_ONERADO-03.25'!G24:K7576,2,FALSE),IF($E104="CDHU",VLOOKUP($F104,'CDHU_Onerado-02.25 (197)'!$A$9:$F$4114,2,FALSE),IF($E104="FDE",VLOOKUP($F104,'FDE-01.25'!$A$3:$D$4000,2,FALSE),IF($E104="SIURB (E)",VLOOKUP($F104,'EDIF SEM Des JAN25'!$A$3:$D$3000,2,FALSE),IF($E104="SIURB (I)",VLOOKUP($F104,'INFRA SEM Des JAN25'!$A$2:$D$1000,2,FALSE),IF($E104="SICRO NOVO",VLOOKUP($F104,'SICRO.DNIT ONERADA 01.25'!$A$4:$D$7000,2,FALSE),0)))))) -> TELHA GALVALUME / ACO GALV SANDUICHE E=50MM (PIR) SUPERIOR TRAPEZ H=40MM / INFERIOR PLANO E= 0,50MM COM PINT FACES APARENTES | H104: =IF($E104="SINAPI",VLOOKUP($F104,'SINAPI_ONERADO-03.25'!$G$2:$K$7540,3,FALSE),IF($E104="CDHU",VLOOKUP($F104,'CDHU_Onerado-02.25 (197)'!$A$9:$F$4114,3,FALSE),IF($E104="FDE",VLOOKUP($F104,'FDE-01.25'!$A$3:$D$4000,3,FALSE),IF($E104="SIURB (E)",VLOOKUP($F104,'EDIF SEM Des JAN25'!$A$3:$D$3000,3,FALSE),IF($E104="SIURB (I)",VLOOKUP($F104,'INFRA SEM Des JAN25'!$A$2:$D$1000,3,FALSE),IF($E104="SICRO NOVO",VLOOKUP($F104,'SICRO.DNIT ONERADA 01.25'!$A$4:$D$7000,3,FALSE),0)))))) -> M2 | I104: =IF(D104<>0,INDEX('MEMORIA CALCULO'!$A$1:$Q$2429,MATCH(D104,'MEMORIA CALCULO'!$A$1:$A$2429,0),17),0) -> 214.8 | J104: =IF($E104="SINAPI",VLOOKUP($F104,'SINAPI_ONERADO-03.25'!$G$2:$K$7540,5,FALSE),IF($E104="CDHU",VLOOKUP($F104,'CDHU_Onerado-02.25 (197)'!$A$9:$F$4114,6,FALSE),IF($E104="FDE",VLOOKUP($F104,'FDE-01.25'!$A$3:$E$4000,5,FALSE),IF($E104="SIURB (E)",VLOOKUP($F104,'EDIF SEM Des JAN25'!$A$3:$D$3000,4,FALSE),IF($E104="SIURB (I)",VLOOKUP($F104,'INFRA SEM Des JAN25'!$A$2:$D$1000,4,FALSE),IF($E104="SICRO NOVO",VLOOKUP($F104,'SICRO.DNIT ONERADA 01.25'!$A$4:$D$7000,4,FALSE),0)))))) -> 297.94 | K104: =J104 -> 297.94 | L104: =ROUND(ROUND(I104,2)*ROUND(K104,2),2) -> 63997.51 | O104: =IFERROR(L104/$L$11,0) -> 0.0431
A105: =LEFT(D105,1) -> 6 | B105: =B104 -> 6 | C105: =IF(D105="",0,B105) -> 6 | D105: =D104+1 -> 6002 | E105: CDHU | F105: 16.33.062 | G105: =IF($E105="SINAPI",VLOOKUP($F105,'SINAPI_ONERADO-03.25'!G25:K7577,2,FALSE),IF($E105="CDHU",VLOOKUP($F105,'CDHU_Onerado-02.25 (197)'!$A$9:$F$4114,2,FALSE),IF($E105="FDE",VLOOKUP($F105,'FDE-01.25'!$A$3:$D$4000,2,FALSE),IF($E105="SIURB (E)",VLOOKUP($F105,'EDIF SEM Des JAN25'!$A$3:$D$3000,2,FALSE),IF($E105="SIURB (I)",VLOOKUP($F105,'INFRA SEM Des JAN25'!$A$2:$D$1000,2,FALSE),IF($E105="SICRO NOVO",VLOOKUP($F105,'SICRO.DNIT ONERADA 01.25'!$A$4:$D$7000,2,FALSE),0)))))) -> Calha, rufo, afins em chapa galvanizada nº 24 - corte 1,00 m | H105: =IF($E105="SINAPI",VLOOKUP($F105,'SINAPI_ONERADO-03.25'!$G$2:$K$7540,3,FALSE),IF($E105="CDHU",VLOOKUP($F105,'CDHU_Onerado-02.25 (197)'!$A$9:$F$4114,3,FALSE),IF($E105="FDE",VLOOKUP($F105,'FDE-01.25'!$A$3:$D$4000,3,FALSE),IF($E105="SIURB (E)",VLOOKUP($F105,'EDIF SEM Des JAN25'!$A$3:$D$3000,3,FALSE),IF($E105="SIURB (I)",VLOOKUP($F105,'INFRA SEM Des JAN25'!$A$2:$D$1000,3,FALSE),IF($E105="SICRO NOVO",VLOOKUP($F105,'SICRO.DNIT ONERADA 01.25'!$A$4:$D$7000,3,FALSE),0)))))) -> M | I105: =IF(D105<>0,INDEX('MEMORIA CALCULO'!$A$1:$Q$2429,MATCH(D105,'MEMORIA CALCULO'!$A$1:$A$2429,0),17),0) -> 38 | J105: =IF($E105="SINAPI",VLOOKUP($F105,'SINAPI_ONERADO-03.25'!$G$2:$K$7540,5,FALSE),IF($E105="CDHU",VLOOKUP($F105,'CDHU_Onerado-02.25 (197)'!$A$9:$F$4114,6,FALSE),IF($E105="FDE",VLOOKUP($F105,'FDE-01.25'!$A$3:$E$4000,5,FALSE),IF($E105="SIURB (E)",VLOOKUP($F105,'EDIF SEM Des JAN25'!$A$3:$D$3000,4,FALSE),IF($E105="SIURB (I)",VLOOKUP($F105,'INFRA SEM Des JAN25'!$A$2:$D$1000,4,FALSE),IF($E105="SICRO NOVO",VLOOKUP($F105,'SICRO.DNIT ONERADA 01.25'!$A$4:$D$7000,4,FALSE),0)))))) -> 238.98 | K105: =J105*(1+IF(N105="x",$T$4,$T$3)) -> 292.68 | L105: =ROUND(ROUND(I105,2)*ROUND(K105,2),2) -> 11121.84 | O105: =IFERROR(L105/$L$11,0) -> 0.0075
...

Sheet MEMORIA CALCULO
B2: OBJETO | C2: ='Plan. Orçamentária'!E2 -> AMPLIAÇÃO DO CEI RITA DE CÁSSIA GOMES DENIG
B3: LOCAL: | C3: ='Plan. Orçamentária'!E3 -> RUA DR. LOURENÇO DE SÁ ALBUQUERQUE, 70 - JARDIM BRASIL - ATIBAIA SP | P3: DATA: | Q3: =TODAY() -> 45782
B5: MEMÓRIA DE CÁLCULO
B6: ITEM | C6: DISCRIMINAÇÃO DE CÁLCULO | P6: QUANTIDADE
P7: UNID. | Q7: TOTAL
C9: ='Plan. Orçamentária'!$E$15 -> SERVIÇOS PRELIMINARES
B10: 1 | C10: ='Plan. Orçamentária'!$E$16 -> EQUIPE TÉCNICA
A11: ='Plan. Orçamentária'!D17 -> 1001 | B11: =IF(A11<>0,INDEX('Plan. Orçamentária'!$D$16:$K$306,MATCH(A11,'Plan. Orçamentária'!$D$16:$D$306,0),3),0) -> 90778 | C11: =IF(A11<>0,INDEX('Plan. Orçamentária'!$D$16:$K$306,MATCH(A11,'Plan. Orçamentária'!$D$16:$D$306,0),4),0) -> ENGENHEIRO CIVIL DE OBRA PLENO COM ENCARGOS COMPLEMENTARES | P11: =IF(A11<>0,INDEX('Plan. Orçamentária'!$D$16:$K$306,MATCH(A11,'Plan. Orçamentária'!$D$16:$D$306,0),5),0) -> H | Q11: =TRUNC(SUM(O13),2) -> 264
L12: HORAS | N12: MÊS | O12: TOTAL
L13: =22*2 -> 44 | M13: X | N13: 6 | O13: =L13*N13 -> 264
A15: =A11+1 -> 1002 | B15: =IF(A15<>0,INDEX('Plan. Orçamentária'!$D$16:$K$306,MATCH(A15,'Plan. Orçamentária'!$D$16:$D$306,0),3),0) -> 90776 | C15: =IF(A15<>0,INDEX('Plan. Orçamentária'!$D$16:$K$306,MATCH(A15,'Plan. Orçamentária'!$D$16:$D$306,0),4),0) -> ENCARREGADO GERAL COM ENCARGOS COMPLEMENTARES | P15: =IF(A15<>0,INDEX('Plan. Orçamentária'!$D$16:$K$306,MATCH(A15,'Plan. Orçamentária'!$D$16:$D$306,0),5),0) -> H | Q15: =TRUNC(SUM(O17),2) -> 1056
L16: HORAS | N16: MÊS | O16: TOTAL
L17: =22*8 -> 176 | M17: X | N17: =$N$13 -> 6 | O17: =L17*N17 -> 1056
B19: 2 | C19: ='Plan. Orçamentária'!$E$20 -> CANTEIRO DE OBRAS
A20: ='Plan. Orçamentária'!D21 -> 2001 | B20: =IF(A20<>0,INDEX('Plan. Orçamentária'!$D$16:$K$306,MATCH(A20,'Plan. Orçamentária'!$D$16:$D$306,0),3),0) -> 02.10.020 | C20: =IF(A20<>0,INDEX('Plan. Orçamentária'!$D$16:$K$306,MATCH(A20,'Plan. Orçamentária'!$D$16:$D$306,0),4),0) -> Locação de obra de edificação | P20: =IF(A20<>0,INDEX('Plan. Orçamentária'!$D$16:$K$306,MATCH(A20,'Plan. Orçamentária'!$D$16:$D$306,0),5),0) -> M2 | Q20: =TRUNC(SUM(O22),2) -> 428
O21: TOTAL
O22: 428
A24: =A20+1 -> 2002 | B24: =IF(A24<>0,INDEX('Plan. Orçamentária'!$D$16:$K$306,MATCH(A24,'Plan. Orçamentária'!$D$16:$D$306,0),3),0) -> 02.02.150 | C24: =IF(A24<>0,INDEX('Plan. Orçamentária'!$D$16:$K$306,MATCH(A24,'Plan. Orçamentária'!$D$16:$D$306,0),4),0) -> Locação de container tipo depósito - área mínima de 13,80 m² | P24: =IF(A24<>0,INDEX('Plan. Orçamentária'!$D$16:$K$306,MATCH(A24,'Plan. Orçamentária'!$D$16:$D$306,0),5),0) -> UNMES | Q24: =TRUNC(SUM(O26),2) -> 6
L25: UNID. | N25: MÊS | O25: TOTAL
L26: 1 | M26: X | N26: =$N$13 -> 6 | O26: =L26*N26 -> 6
A28: =A24+1 -> 2003 | B28: =IF(A28<>0,INDEX('Plan. Orçamentária'!$D$16:$K$306,MATCH(A28,'Plan. Orçamentária'!$D$16:$D$306,0),3),0) -> 02.02.140 | C28: =IF(A28<>0,INDEX('Plan. Orçamentária'!$D$16:$K$306,MATCH(A28,'Plan. Orçamentária'!$D$16:$D$306,0),4),0) -> Locação de container tipo sanitário com 2 vasos sanitários, 2 lavatórios, 2 mictórios e 4 pontos para chuveiro - área mínima de 13,80 m² | P28: =IF(A28<>0,INDEX('Plan. Orçamentária'!$D$16:$K$306,MATCH(A28,'Plan. Orçamentária'!$D$16:$D$306,0),5),0) -> UNMES | Q28: =TRUNC(SUM(O30),2) -> 6
L29: UNID. | N29: MÊS | O29: TOTAL
L30: 1 | M30: X | N30: =$N$13 -> 6 | O30: =L30*N30 -> 6
A32: =A28+1 -> 2004 | B32: =IF(A32<>0,INDEX('Plan. Orçamentária'!$D$16:$K$306,MATCH(A32,'Plan. Orçamentária'!$D$16:$D$306,0),3),0) -> 02.02.130 | C32: =IF(A32<>0,INDEX('Plan. Orçamentária'!$D$16:$K$306,MATCH(A32,'Plan. Orçamentária'!$D$16:$D$306,0),4),0) -> Locação de container tipo escritório com 1 vaso sanitário, 1 lavatório e 1 ponto para chuveiro - área mínima de 13,80 m² | P32: =IF(A32<>0,INDEX('Plan. Orçamentária'!$D$16:$K$306,MATCH(A32,'Plan. Orçamentária'!$D$16:$D$306,0),5),0) -> UNMES | Q32: =TRUNC(SUM(O34),2) -> 12
L33: UNID. | N33: MÊS | O33: TOTAL
L34: 2 | M34: X | N34: =$N$13 -> 6 | O34: =L34*N34 -> 12
A36: =A32+1 -> 2005 | B36: =IF(A36<>0,INDEX('Plan. Orçamentária'!$D$16:$K$306,MATCH(A36,'Plan. Orçamentária'!$D$16:$D$306,0),3),0) -> 98459 | C36: =IF(A36<>0,INDEX('Plan. Orçamentária'!$D$16:$K$306,MATCH(A36,'Plan. Orçamentária'!$D$16:$D$306,0),4),0) -> TAPUME COM TELHA METÁLICA. AF_03/2024 | P36: =IF(A36<>0,INDEX('Plan. Orçamentária'!$D$16:$K$306,MATCH(A36,'Plan. Orçamentária'!$D$16:$D$306,0),5),0) -> M2 | Q36: =TRUNC(SUM(O38:O39),2) -> 182.6
L37: COMP. | N37: H | O37: TOTAL
L38: 83 | M38: X | N38: 2.2 | O38: =L38*N38 -> 182.6
A40: =A36+1 -> 2006 | B40: =IF(A40<>0,INDEX('Plan. Orçamentária'!$D$16:$K$306,MATCH(A40,'Plan. Orçamentária'!$D$16:$D$306,0),3),0) -> 1005007 | C40: =IF(A40<>0,INDEX('Plan. Orçamentária'!$D$16:$K$306,MATCH(A40,'Plan. Orçamentária'!$D$16:$D$306,0),4),0) -> PORTÃO DE PEDESTRES - 1,15M, PARA TAPUME | P40: =IF(A40<>0,INDEX('Plan. Orçamentária'!$D$16:$K$306,MATCH(A40,'Plan. Orçamentária'!$D$16:$D$306,0),5),0) -> M2 | Q40: =TRUNC(SUM(O42:O43),2) -> 1.89
O41: TOTAL
O42: 1.89
A44: =A40+1 -> 2007 | B44: =IF(A44<>0,INDEX('Plan. Orçamentária'!$D$16:$K$306,MATCH(A44,'Plan. Orçamentária'!$D$16:$D$306,0),3),0) -> 1005006 | C44: =IF(A44<>0,INDEX('Plan. Orçamentária'!$D$16:$K$306,MATCH(A44,'Plan. Orçamentária'!$D$16:$D$306,0),4),0) -> PORTÃO METÁLICO DE OBRA - 5M, PIVOTANTE, 2 FOLHAS, PARA TAPUME | P44: =IF(A44<>0,INDEX('Plan. Orçamentária'!$D$16:$K$306,MATCH(A44,'Plan. Orçamentária'!$D$16:$D$306,0),5),0) -> M2 | Q44: =TRUNC(SUM(O46:O47),2) -> 11
L45: COMP. | N45: H | O45: TOTAL
L46: 5 | M46: X | N46: 2.2 | O46: =L46*N46 -> 11
A48: =A44+1 -> 2008 | B48: =IF(A48<>0,INDEX('Plan. Orçamentária'!$D$16:$K$306,MATCH(A48,'Plan. Orçamentária'!$D$16:$D$306,0),3),0) -> 17030002 | C48: =IF(A48<>0,INDEX('Plan. Orçamentária'!$D$16:$K$306,MATCH(A48,'Plan. Orçamentária'!$D$16:$D$306,0),4),0) -> PLACA DE OBRA EM CHAPA DE AÇO GALVANIZADO | P48: =IF(A48<>0,INDEX('Plan. Orçamentária'!$D$16:$K$306,MATCH(A48,'Plan. Orçamentária'!$D$16:$D$306,0),5),0) -> M2 | Q48: =TRUNC(SUM(O50:O51),2) -> 10.5
O49: TOTAL
O50: 10.5
A52: =A48+1 -> 2009 | B52: =IF(A52<>0,INDEX('Plan. Orçamentária'!$D$16:$K$306,MATCH(A52,'Plan. Orçamentária'!$D$16:$D$306,0),3),0) -> 98462 | C52: =IF(A52<>0,INDEX('Plan. Orçamentária'!$D$16:$K$306,MATCH(A52,'Plan. Orçamentária'!$D$16:$D$306,0),4),0) -> ESTRUTURA DE MADEIRA PROVISÓRIA PARA SUPORTE DE CAIXA DÁGUA ELEVADA DE 3000 LITROS. AF_03/2024 | P52: =IF(A52<>0,INDEX('Plan. Orçamentária'!$D$16:$K$306,MATCH(A52,'Plan. Orçamentária'!$D$16:$D$306,0),5),0) -> UN | Q52: =TRUNC(SUM(O54:O55),2) -> 1
O53: TOTAL
O54: 1
A56: =A52+1 -> 2010 | B56: =IF(A56<>0,INDEX('Plan. Orçamentária'!$D$16:$K$306,MATCH(A56,'Plan. Orçamentária'!$D$16:$D$306,0),3),0) -> 102616 | C56: =IF(A56<>0,INDEX('Plan. Orçamentária'!$D$16:$K$306,MATCH(A56,'Plan. Orçamentária'!$D$16:$D$306,0),4),0) -> CAIXA D´ÁGUA EM POLIÉSTER REFORÇADO COM FIBRA DE VIDRO, 3000 LITROS - FORNECIMENTO E INSTALAÇÃO. AF_06/2021 | P56: =IF(A56<>0,INDEX('Plan. Orçamentária'!$D$16:$K$306,MATCH(A56,'Plan. Orçamentária'!$D$16:$D$306,0),5),0) -> UN | Q56: =TRUNC(SUM(O58:O59),2) -> 1
O57: TOTAL
O58: 1
B60: 3 | C60: ='Plan. Orçamentária'!$E$32 -> INFRAESTRUTURA
C61: ='Plan. Orçamentária'!E33 -> MOVIMENTAÇÃO DE TERRA
A62: ='Plan. Orçamentária'!D34 -> 3001 | B62: =IF(A62<>0,INDEX('Plan. Orçamentária'!$D$16:$K$306,MATCH(A62,'Plan. Orçamentária'!$D$16:$D$306,0),3),0) -> 07.01.020 | C62: =IF(A62<>0,INDEX('Plan. Orçamentária'!$D$16:$K$306,MATCH(A62,'Plan. Orçamentária'!$D$16:$D$306,0),4),0) -> Escavação e carga mecanizada em solo de 1ª categoria, em campo aberto | P62: =IF(A62<>0,INDEX('Plan. Orçamentária'!$D$16:$K$306,MATCH(A62,'Plan. Orçamentária'!$D$16:$D$306,0),5),0) -> M3 | Q62: =TRUNC(SUM(O64),2) -> 91.66
O63: TOTAL
N64: CORTE | O64: 91.66
A66: =A62+1 -> 3002 | B66: =IF(A66<>0,INDEX('Plan. Orçamentária'!$D$16:$K$306,MATCH(A66,'Plan. Orçamentária'!$D$16:$D$306,0),3),0) -> 05.10.025 | C66: =IF(A66<>0,INDEX('Plan. Orçamentária'!$D$16:$K$306,MATCH(A66,'Plan. Orçamentária'!$D$16:$D$306,0),4),0) -> Transporte de solo de 1ª e 2ª categoria por caminhão para distâncias superiores ao 15° km até o 20° km | P66: =IF(A66<>0,INDEX('Plan. Orçamentária'!$D$16:$K$306,MATCH(A66,'Plan. Orçamentária'!$D$16:$D$306,0),5),0) -> M3 | Q66: =TRUNC(SUM(O68),2) -> 119.16
J67: VOLUME ESCAVADO | L67: VOLUME REATERRO | N67: TX EMP. | O67: TOTAL
J68: =O64 -> 91.66 | K68: - | L68: 0 | M68: X | N68: 1.3 | O68: =(J68-L68)*N68 -> 119.16
A70: =A66+1 -> 3003 | B70: =IF(A70<>0,INDEX('Plan. Orçamentária'!$D$16:$K$306,MATCH(A70,'Plan. Orçamentária'!$D$16:$D$306,0),3),0) -> 05.09.007 | C70: =IF(A70<>0,INDEX('Plan. Orçamentária'!$D$16:$K$306,MATCH(A70,'Plan. Orçamentária'!$D$16:$D$306,0),4),0) -> Taxa de destinação de resíduo sólido em aterro, tipo solo/terra | P70: =IF(A70<>0,INDEX('Plan. Orçamentária'!$D$16:$K$306,MATCH(A70,'Plan. Orçamentária'!$D$16:$D$306,0),5),0) -> M3 | Q70: =TRUNC(SUM(O72),2) -> 119.16
O71: TOTAL
O72: =Q66 -> 119.16
C74: ='Plan. Orçamentária'!E37 -> MURO DE CONTENÇÃO
A75: =A70+1 -> 3004 | B75: =IF(A75<>0,INDEX('Plan. Orçamentária'!$D$16:$K$306,MATCH(A75,'Plan. Orçamentária'!$D$16:$D$306,0),3),0) -> 02.02.103 | C75: =IF(A75<>0,INDEX('Plan. Orçamentária'!$D$16:$K$306,MATCH(A75,'Plan. Orçamentária'!$D$16:$D$306,0),4),0) -> ESTACA ESCAVADA MECANICAMENTE DIAM 40CM | P75: =IF(A75<>0,INDEX('Plan. Orçamentária'!$D$16:$K$306,MATCH(A75,'Plan. Orçamentária'!$D$16:$D$306,0),5),0) -> M | Q75: =TRUNC(SUM(O77),2) -> 120
L76: COMP. | N76: UN | O76: TOTAL
L77: 10 | M77: X | N77: 12 | O77: =L77*N77 -> 120
A79: =A75+1 -> 3005 | B79: =IF(A79<>0,INDEX('Plan. Orçamentária'!$D$16:$K$306,MATCH(A79,'Plan. Orçamentária'!$D$16:$D$306,0),3),0) -> 95584 | C79: =IF(A79<>0,INDEX('Plan. Orçamentária'!$D$16:$K$306,MATCH(A79,'Plan. Orçamentária'!$D$16:$D$306,0),4),0) -> MONTAGEM DE ARMADURA TRANSVERSAL DE ESTACAS DE SEÇÃO CIRCULAR, DIÂMETRO = 6,30 MM. AF_09/2021_PS | P79: =IF(A79<>0,INDEX('Plan. Orçamentária'!$D$16:$K$306,MATCH(A79,'Plan. Orçamentária'!$D$16:$D$306,0),5),0) -> KG | Q79: =TRUNC(SUM(O81:O82),2) -> 96
O80: TOTAL
O81: 96
A83: =A79+1 -> 3006 | B83: =IF(A83<>0,INDEX('Plan. Orçamentária'!$D$16:$K$306,MATCH(A83,'Plan. Orçamentária'!$D$16:$D$306,0),3),0) -> 95577 | C83: =IF(A83<>0,INDEX('Plan. Orçamentária'!$D$16:$K$306,MATCH(A83,'Plan. Orçamentária'!$D$16:$D$306,0),4),0) -> MONTAGEM DE ARMADURA DE ESTACAS, DIÂMETRO = 10,0 MM. AF_09/2021_PS | P83: =IF(A83<>0,INDEX('Plan. Orçamentária'!$D$16:$K$306,MATCH(A83,'Plan. Orçamentária'!$D$16:$D$306,0),5),0) -> KG | Q83: =TRUNC(SUM(O85),2) -> 272
O84: TOTAL
O85: 272
A87: =A83+1 -> 3007 | B87: =IF(A87<>0,INDEX('Plan. Orçamentária'!$D$16:$K$306,MATCH(A87,'Plan. Orçamentária'!$D$16:$D$306,0),3),0) -> 12.12.010 | C87: =IF(A87<>0,INDEX('Plan. Orçamentária'!$D$16:$K$306,MATCH(A87,'Plan. Orçamentária'!$D$16:$D$306,0),4),0) -> Taxa de mobilização e desmobilização de equipamentos para execução de estaca tipo hélice contínua em solo | P87: =IF(A87<>0,INDEX('Plan. Orçamentária'!$D$16:$K$306,MATCH(A87,'Plan. Orçamentária'!$D$16:$D$306,0),5),0) -> TX | Q87: =TRUNC(SUM(O89:O90),2) -> 1
O88: TOTAL
O89: 1
A91: =A87+1 -> 3008 | B91: =IF(A91<>0,INDEX('Plan. Orçamentária'!$D$16:$K$306,MATCH(A91,'Plan. Orçamentária'!$D$16:$D$306,0),3),0) -> 1004010 | C91: =IF(A91<>0,INDEX('Plan. Orçamentária'!$D$16:$K$306,MATCH(A91,'Plan. Orçamentária'!$D$16:$D$306,0),4),0) -> APILOAMENTO DO FUNDO DE VALAS, PARA SIMPLES REGULARIZAÇÃO | P91: =IF(A91<>0,INDEX('Plan. Orçamentária'!$D$16:$K$306,MATCH(A91,'Plan. Orçamentária'!$D$16:$D$306,0),5),0) -> M2 | Q91: =TRUNC(SUM(O93:O94),2) -> 20.24
O92: TOTAL
N93: SAPATA | O93: 20.24
A95: =A91+1 -> 3009 | B95: =IF(A95<>0,INDEX('Plan. Orçamentária'!$D$16:$K$306,MATCH(A95,'Plan. Orçamentária'!$D$16:$D$306,0),3),0) -> 96621 | C95: =IF(A95<>0,INDEX('Plan. Orçamentária'!$D$16:$K$306,MATCH(A95,'Plan. Orçamentária'!$D$16:$D$306,0),4),0) -> LASTRO COM MATERIAL GRANULAR, APLICAÇÃO EM BLOCOS DE COROAMENTO, ESPESSURA DE *5 CM*. AF_01/2024 | P95: =IF(A95<>0,INDEX('Plan. Orçamentária'!$D$16:$K$306,MATCH(A95,'Plan. Orçamentária'!$D$16:$D$306,0),5),0) -> M3 | Q95: =TRUNC(SUM(O97),2) -> 1.01
L96: ÁREA | N96: H | O96: TOTAL
L97: =Q91 -> 20.24 | M97: X | N97: 0.05 | O97: =L97*N97 -> 1.01
A99: =A95+1 -> 3010 | B99: =IF(A99<>0,INDEX('Plan. Orçamentária'!$D$16:$K$306,MATCH(A99,'Plan. Orçamentária'!$D$16:$D$306,0),3),0) -> 96538 | C99: =IF(A99<>0,INDEX('Plan. Orçamentária'!$D$16:$K$306,MATCH(A99,'Plan. Orçamentária'!$D$16:$D$306,0),4),0) -> FABRICAÇÃO, MONTAGEM E DESMONTAGEM DE FÔRMA PARA SAPATA, EM CHAPA DE MADEIRA COMPENSADA RESINADA, E=17 MM, 2 UTILIZAÇÕES. AF_01/2024 | P99: =IF(A99<>0,INDEX('Plan. Orçamentária'!$D$16:$K$306,MATCH(A99,'Plan. Orçamentária'!$D$16:$D$306,0),5),0) -> M2 | Q99: =TRUNC(SUM(O101:O102),2) -> 35.36
O100: TOTAL
O101: =17.59+17.77 -> 35.36
A103: =A99+1 -> 3011 | B103: =IF(A103<>0,INDEX('Plan. Orçamentária'!$D$16:$K$306,MATCH(A103,'Plan. Orçamentária'!$D$16:$D$306,0),3),0) -> 10.01.040 | C103: =IF(A103<>0,INDEX('Plan. Orçamentária'!$D$16:$K$306,MATCH(A103,'Plan. Orçamentária'!$D$16:$D$306,0),4),0) -> Armadura em barra de aço CA-50 (A ou B) fyk = 500 MPa | P103: =IF(A103<>0,INDEX('Plan. Orçamentária'!$D$16:$K$306,MATCH(A103,'Plan. Orçamentária'!$D$16:$D$306,0),5),0) -> KG | Q103: =TRUNC(SUM(O105:O106),2) -> 651
O104: TOTAL
O105: 651
A107: =A103+1 -> 3012 | B107: =IF(A107<>0,INDEX('Plan. Orçamentária'!$D$16:$K$306,MATCH(A107,'Plan. Orçamentária'!$D$16:$D$306,0),3),0) -> 96558 | C107: =IF(A107<>0,INDEX('Plan. Orçamentária'!$D$16:$K$306,MATCH(A107,'Plan. Orçamentária'!$D$16:$D$306,0),4),0) -> CONCRETAGEM DE SAPATA, FCK 30 MPA, COM USO DE BOMBA - LANÇAMENTO, ADENSAMENTO E ACABAMENTO. AF_01/2024 | P107: =IF(A107<>0,INDEX('Plan. Orçamentária'!$D$16:$K$306,MATCH(A107,'Plan. Orçamentária'!$D$16:$D$306,0),5),0) -> M3 | Q107: =TRUNC(SUM(O109),2) -> 6.16
O108: TOTAL
O109: 6.16
A111: =A107+1 -> 3013 | B111: =IF(A111<>0,INDEX('Plan. Orçamentária'!$D$16:$K$306,MATCH(A111,'Plan. Orçamentária'!$D$16:$D$306,0),3),0) -> 98557 | C111: =IF(A111<>0,INDEX('Plan. Orçamentária'!$D$16:$K$306,MATCH(A111,'Plan. Orçamentária'!$D$16:$D$306,0),4),0) -> IMPERMEABILIZAÇÃO DE SUPERFÍCIE COM EMULSÃO ASFÁLTICA, 2 DEMÃOS. AF_09/2023 | P111: =IF(A111<>0,INDEX('Plan. Orçamentária'!$D$16:$K$306,MATCH(A111,'Plan. Orçamentária'!$D$16:$D$306,0),5),0) -> M2 | Q111: =TRUNC(SUM(O113:O114),2) -> 55.6
O112: TOTAL
O113: =Q91+Q99 -> 55.6
A115: =A111+1 -> 3014 | B115: =IF(A115<>0,INDEX('Plan. Orçamentária'!$D$16:$K$306,MATCH(A115,'Plan. Orçamentária'!$D$16:$D$306,0),3),0) -> 100341 | C115: =IF(A115<>0,INDEX('Plan. Orçamentária'!$D$16:$K$306,MATCH(A115,'Plan. Orçamentária'!$D$16:$D$306,0),4),0) -> FABRICAÇÃO, MONTAGEM E DESMONTAGEM DE FÔRMA PARA CORTINA DE CONTENÇÃO, EM CHAPA DE MADEIRA COMPENSADA PLASTIFICADA, E = 18 MM, 10 UTILIZAÇÕES. AF_11/2024 | P115: =IF(A115<>0,INDEX('Plan. Orçamentária'!$D$16:$K$306,MATCH(A115,'Plan. Orçamentária'!$D$16:$D$306,0),5),0) -> M2 | Q115: =TRUNC(SUM(O117:O118),2) -> 64.42
O116: TOTAL
O117: =5.78+58.64 -> 64.42
A119: =A115+1 -> 3015 | B119: =IF(A119<>0,INDEX('Plan. Orçamentária'!$D$16:$K$306,MATCH(A119,'Plan. Orçamentária'!$D$16:$D$306,0),3),0) -> 10.01.040 | C119: =IF(A119<>0,INDEX('Plan. Orçamentária'!$D$16:$K$306,MATCH(A119,'Plan. Orçamentária'!$D$16:$D$306,0),4),0) -> Armadura em barra de aço CA-50 (A ou B) fyk = 500 MPa | P119: =IF(A119<>0,INDEX('Plan. Orçamentária'!$D$16:$K$306,MATCH(A119,'Plan. Orçamentária'!$D$16:$D$306,0),5),0) -> KG | Q119: =TRUNC(SUM(O121),2) -> 606
O120: TOTAL
O121: 606
A123: =A119+1 -> 3016 | B123: =IF(A123<>0,INDEX('Plan. Orçamentária'!$D$16:$K$306,MATCH(A123,'Plan. Orçamentária'!$D$16:$D$306,0),3),0) -> 100349 | C123: =IF(A123<>0,INDEX('Plan. Orçamentária'!$D$16:$K$306,MATCH(A123,'Plan. Orçamentária'!$D$16:$D$306,0),4),0) -> CONCRETAGEM DE CORTINA DE CONTENÇÃO, ATRAVÉS DE BOMBA - LANÇAMENTO, ADENSAMENTO E ACABAMENTO. AF_11/2024 | P123: =IF(A123<>0,INDEX('Plan. Orçamentária'!$D$16:$K$306,MATCH(A123,'Plan. Orçamentária'!$D$16:$D$306,0),5),0) -> M3 | Q123: =TRUNC(SUM(O125:O126),2) -> 5.86
O124: TOTAL
O125: 5.86
A127: =A123+1 -> 3017 | B127: =IF(A127<>0,INDEX('Plan. Orçamentária'!$D$16:$K$306,MATCH(A127,'Plan. Orçamentária'!$D$16:$D$306,0),3),0) -> 98557 | C127: =IF(A127<>0,INDEX('Plan. Orçamentária'!$D$16:$K$306,MATCH(A127,'Plan. Orçamentária'!$D$16:$D$306,0),4),0) -> IMPERMEABILIZAÇÃO DE SUPERFÍCIE COM EMULSÃO ASFÁLTICA, 2 DEMÃOS. AF_09/2023 | P127: =IF(A127<>0,INDEX('Plan. Orçamentária'!$D$16:$K$306,MATCH(A127,'Plan. Orçamentária'!$D$16:$D$306,0),5),0) -> M2 | Q127: =TRUNC(SUM(O129:O130),2) -> 64.42
O128: TOTAL
O129: =Q115 -> 64.42
A131: =A127+1 -> 3018 | B131: =IF(A131<>0,INDEX('Plan. Orçamentária'!$D$16:$K$306,MATCH(A131,'Plan. Orçamentária'!$D$16:$D$306,0),3),0) -> 11.18.040 | C131: =IF(A131<>0,INDEX('Plan. Orçamentária'!$D$16:$K$306,MATCH(A131,'Plan. Orçamentária'!$D$16:$D$306,0),4),0) -> Lastro de pedra britada | P131: =IF(A131<>0,INDEX('Plan. Orçamentária'!$D$16:$K$306,MATCH(A131,'Plan. Orçamentária'!$D$16:$D$306,0),5),0) -> M3 | Q131: =SUM(O133:O134) -> 9.93
J132: COMP. | L132: LARG. | N132: H | O132: TOTAL
...

Sheet Cronograma Físico-Financeiro
A1: Dados da Obra
A2: Objeto | B2: ='Plan. Orçamentária'!E2 -> AMPLIAÇÃO DO CEI RITA DE CÁSSIA GOMES DENIG
A3: Local | B3: ='Plan. Orçamentária'!E3 -> RUA DR. LOURENÇO DE SÁ ALBUQUERQUE, 70 - JARDIM BRASIL - ATIBAIA SP
A5: CRONOGRAMA FÍSICO - FINANCEIRO
A7: Item | B7: Descrição dos Serviços | C7: TOTAL | D7: (%) TOTAL | E7: (%) PARCIAL | F7: MÊS 01 | J7: MÊS 02 | N7: MÊS 03 | R7: MÊS 04 | V7: MÊS 05 | Z7: MÊS 06 | AD7: MÊS 07 | AH7: MÊS 08 | AL7: MÊS 09 | AP7: MÊS 10 | AT7: MÊS 11 | AX7: MÊS 12 | BB7: MÊS 07 | BF7: MÊS 08 | BJ7: MÊS 09 | BN7: MÊS 10 | BR7: MÊS 11 | BV7: MÊS 12 | BZ7: MÊS 13 | CD7: MÊS 14 | CH7: MÊS 15 | CL7: MÊS 16 | CP7: MÊS 17 | CT7: MÊS 18 | CX7: MÊS 19 | DB7: MÊS 20 | DF7: MÊS 21 | DJ7: MÊS 22 | DN7: MÊS 23 | DR7: MÊS 24 | DV7: MÊS 25 | DZ7: MÊS 26 | ED7: MÊS 27 | EH7: MÊS 28 | EL7: MÊS 29 | EP7: MÊS 30 | ET7: MÊS 31 | EX7: MÊS 32 | FB7: MÊS 33 | FF7: MÊS 34 | FJ7: MÊS 35 | FN7: MÊS 36 | FS7: VERIFICAÇÃO% TOTAL
F8: 1 | G8: 2 | H8: 3 | I8: 4 | J8: 1 | K8: 2 | L8: 3 | M8: 4 | N8: 1 | O8: 2 | P8: 3 | Q8: 4 | R8: 1 | S8: 2 | T8: 3 | U8: 4 | V8: 1 | W8: 2 | X8: 3 | Y8: 4 | Z8: 1 | AA8: 2 | AB8: 3 | AC8: 4 | AD8: 1 | AE8: 2 | AF8: 3 | AG8: 4 | AH8: 1 | AI8: 2 | AJ8: 3 | AK8: 4 | AL8: 1 | AM8: 2 | AN8: 3 | AO8: 4 | AP8: 1 | AQ8: 2 | AR8: 3 | AS8: 4 | AT8: 1 | AU8: 2 | AV8: 3 | AW8: 4 | AX8: 1 | AY8: 2 | AZ8: 3 | BA8: 4 | BB8: 1 | BC8: 2 | BD8: 3 | BE8: 4 | BF8: 1 | BG8: 2 | BH8: 3 | BI8: 4 | BJ8: 1 | BK8: 2 | BL8: 3 | BM8: 4 | BN8: 1 | BO8: 2 | BP8: 3 | BQ8: 4 | BR8: 1 | BS8: 2 | BT8: 3 | BU8: 4 | BV8: 1 | BW8: 2 | BX8: 3 | BY8: 4 | BZ8: 1 | CA8: 2 | CB8: 3 | CC8: 4 | CD8: 1 | CE8: 2 | CF8: 3 | CG8: 4 | CH8: 1 | CI8: 2 | CJ8: 3 | CK8: 4 | CL8: 1 | CM8: 2 | CN8: 3 | CO8: 4 | CP8: 1 | CQ8: 2 | CR8: 3 | CS8: 4 | CT8: 1 | CU8: 2 | CV8: 3 | CW8: 4 | CX8: 1 | CY8: 2 | CZ8: 3 | DA8: 4 | DB8: 1 | DC8: 2 | DD8: 3 | DE8: 4 | DF8: 1 | DG8: 2 | DH8: 3 | DI8: 4 | DJ8: 1 | DK8: 2 | DL8: 3 | DM8: 4 | DN8: 1 | DO8: 2 | DP8: 3 | DQ8: 4 | DR8: 1 | DS8: 2 | DT8: 3 | DU8: 4 | DV8: 1 | DW8: 2 | DX8: 3 | DY8: 4 | DZ8: 1 | EA8: 2 | EB8: 3 | EC8: 4 | ED8: 1 | EE8: 2 | EF8: 3 | EG8: 4 | EH8: 1 | EI8: 2 | EJ8: 3 | EK8: 4 | EL8: 1 | EM8: 2 | EN8: 3 | EO8: 4 | EP8: 1 | EQ8: 2 | ER8: 3 | ES8: 4 | ET8: 1 | EU8: 2 | EV8: 3 | EW8: 4 | EX8: 1 | EY8: 2 | EZ8: 3 | FA8: 4 | FB8: 1 | FC8: 2 | FD8: 3 | FE8: 4 | FF8: 1 | FG8: 2 | FH8: 3 | FI8: 4 | FJ8: 1 | FK8: 2 | FL8: 3 | FM8: 4 | FN8: 1 | FO8: 2 | FP8: 3 | FQ8: 4
A10: 1 | B10: =IF(A10<>0,INDEX(RESUMO!$A$10:$H$486,MATCH(A10,RESUMO!$A$10:$A$486,0),2),0) -> EQUIPE TÉCNICA | C10: =IF(A10<>0,INDEX(RESUMO!$A$10:$H$486,MATCH(A10,RESUMO!$A$10:$A$486,0),5),0) -> 107793.84 | D10: =IF(A10<>0,INDEX(RESUMO!$A$10:$H$486,MATCH(A10,RESUMO!$A$10:$A$486,0),8),0) -> 0.322 | E10: =IF(A10<>0,INDEX(RESUMO!$A$10:$I$486,MATCH(A10,RESUMO!$A$10:$A$486,0),8),0) -> 0.322 | F10: 0.05 | H10: 0.05 | J10: 0.085 | N10: 0.0825 | R10: 0.0825 | V10: 0.0825 | Z10: 0.0825 | AD10: 0.0825 | AH10: 0.0825 | AL10: 0.08 | AP10: 0.08 | AT10: 0.08 | AX10: 0.08 | FS10: =SUM(F10:FQ10) -> 1
F11: A | G11: A | H11: A | I11: A | J11: A | K11: A | L11: A | M11: A | N11: A | O11: A | P11: A | Q11: A | R11: A | S11: A | T11: A | U11: A | V11: A | W11: A | X11: A | Y11: A | Z11: A | AA11: A | AB11: A | AC11: A | AD11: A | AE11: A | AF11: A | AG11: A | AH11: A | AI11: A | AJ11: A | AK11: A | AL11: A | AM11: A | AN11: A | AO11: A | AP11: A | AQ11: A | AR11: A | AS11: A | AT11: A | AU11: A | AV11: A | AW11: A | AX11: A | AY11: A | AZ11: A | BA11: A
F12: =F10*$C10 -> 5389.69 | H12: =H10*$C10 -> 5389.69 | J12: =J10*$C10 -> 9162.48 | N12: =N10*$C10 -> 8892.99 | R12: =R10*$C10 -> 8892.99 | V12: =V10*$C10 -> 8892.99 | Z12: =Z10*$C10 -> 8892.99 | AD12: =AD10*$C10 -> 8892.99 | AH12: =AH10*$C10 -> 8892.99 | AL12: =AL10*$C10 -> 8623.51 | AP12: =AP10*$C10 -> 8623.51 | AT12: =AT10*$C10 -> 8623.51 | AX12: =AX10*$C10 -> 8623.51 | BB12: =BB10*$C10 -> 0 | BF12: =BF10*$C10 -> 0 | BJ12: =BJ10*$C10 -> 0 | BN12: =BN10*$C10 -> 0 | BR12: =BR10*$C10 -> 0 | BV12: =BV10*$C10 -> 0 | BZ12: =BZ10*$C10 -> 0 | CD12: =CD10*$C10 -> 0 | CH12: =CH10*$C10 -> 0 | CL12: =CL10*$C10 -> 0 | CP12: =CP10*$C10 -> 0 | CT12: =CT10*$C10 -> 0 | CX12: =CX10*$C10 -> 0 | DB12: =DB10*$C10 -> 0 | DF12: =DF10*$C10 -> 0 | DJ12: =DJ10*$C10 -> 0 | DN12: =DN10*$C10 -> 0 | DR12: =DR10*$C10 -> 0 | DV12: =DV10*$C10 -> 0 | DZ12: =DZ10*$C10 -> 0 | ED12: =ED10*$C10 -> 0 | EH12: =EH10*$C10 -> 0 | EL12: =EL10*$C10 -> 0 | EP12: =EP10*$C10 -> 0 | ET12: =ET10*$C10 -> 0 | EX12: =EX10*$C10 -> 0 | FB12: =FB10*$C10 -> 0 | FF12: =FF10*$C10 -> 0 | FJ12: =FJ10*$C10 -> 0 | FN12: =FN10*$C10 -> 0 | FS12: =SUM(F12:FQ12) -> 107793.84 | FU12: =FS12-C10 -> 0
A13: 2 | B13: =IF(A13<>0,INDEX(RESUMO!$A$10:$H$486,MATCH(A13,RESUMO!$A$10:$A$486,0),2),0) -> CANTEIRO DE OBRAS | C13: =IF(A13<>0,INDEX(RESUMO!$A$10:$H$486,MATCH(A13,RESUMO!$A$10:$A$486,0),5),0) -> 95159.28 | D13: =IF(A13<>0,INDEX(RESUMO!$A$10:$H$486,MATCH(A13,RESUMO!$A$10:$A$486,0),8),0) -> 0.284 | E13: =IF(A13<>0,INDEX(RESUMO!$A$10:$I$486,MATCH(A13,RESUMO!$A$10:$A$486,0),8),0) -> 0.284 | F13: 0.0425 | H13: 0.0425 | J13: 0.08 | N13: 0.08 | R13: 0.085 | V13: 0.085 | Z13: 0.085 | AD13: 0.085 | AH13: 0.085 | AL13: 0.085 | AP13: 0.085 | AT13: 0.08 | AX13: 0.08 | FS13: =SUM(F13:FQ13) -> 1
F14: A | G14: A | H14: A | I14: A | J14: A | K14: A | L14: A | M14: A | N14: A | O14: A | P14: A | Q14: A | R14: A | S14: A | T14: A | U14: A | V14: A | W14: A | X14: A | Y14: A | Z14: A | AA14: A | AB14: A | AC14: A | AD14: A | AE14: A | AF14: A | AG14: A | AH14: A | AI14: A | AJ14: A | AK14: A | AL14: A | AM14: A | AN14: A | AO14: A | AP14: A | AQ14: A | AR14: A | AS14: A | AT14: A | AU14: A | AV14: A | AW14: A | AX14: A | AY14: A | AZ14: A | BA14: A
F15: =F13*$C13 -> 4044.27 | H15: =H13*$C13 -> 4044.27 | J15: =J13*$C13 -> 7612.74 | N15: =N13*$C13 -> 7612.74 | R15: =R13*$C13 -> 8088.54 | V15: =V13*$C13 -> 8088.54 | Z15: =Z13*$C13 -> 8088.54 | AD15: =AD13*$C13 -> 8088.54 | AH15: =AH13*$C13 -> 8088.54 | AL15: =AL13*$C13 -> 8088.54 | AP15: =AP13*$C13 -> 8088.54 | AT15: =AT13*$C13 -> 7612.74 | AX15: =AX13*$C13 -> 7612.74 | BB15: =BB13*$C13 -> 0 | BF15: =BF13*$C13 -> 0 | BJ15: =BJ13*$C13 -> 0 | BN15: =BN13*$C13 -> 0 | BR15: =BR13*$C13 -> 0 | BV15: =BV13*$C13 -> 0 | BZ15: =BZ13*$C13 -> 0 | CD15: =CD13*$C13 -> 0 | CH15: =CH13*$C13 -> 0 | CL15: =CL13*$C13 -> 0 | CP15: =CP13*$C13 -> 0 | CT15: =CT13*$C13 -> 0 | CX15: =CX13*$C13 -> 0 | DB15: =DB13*$C13 -> 0 | DF15: =DF13*$C13 -> 0 | DJ15: =DJ13*$C13 -> 0 | DN15: =DN13*$C13 -> 0 | DR15: =DR13*$C13 -> 0 | DV15: =DV13*$C13 -> 0 | DZ15: =DZ13*$C13 -> 0 | ED15: =ED13*$C13 -> 0 | EH15: =EH13*$C13 -> 0 | EL15: =EL13*$C13 -> 0 | EP15: =EP13*$C13 -> 0 | ET15: =ET13*$C13 -> 0 | EX15: =EX13*$C13 -> 0 | FB15: =FB13*$C13 -> 0 | FF15: =FF13*$C13 -> 0 | FJ15: =FJ13*$C13 -> 0 | FN15: =FN13*$C13 -> 0 | FS15: =SUM(F15:FQ15) -> 95159.28 | FU15: =FS15-C13 -> 0
A16: 3 | B16: =IF(A16<>0,INDEX(RESUMO!$A$10:$H$486,MATCH(A16,RESUMO!$A$10:$A$486,0),2),0) -> INFRAESTRUTURA | C16: =IF(A16<>0,INDEX(RESUMO!$A$10:$H$486,MATCH(A16,RESUMO!$A$10:$A$486,0),5),0) -> 132325.14 | D16: =IF(A16<>0,INDEX(RESUMO!$A$10:$H$486,MATCH(A16,RESUMO!$A$10:$A$486,0),8),0) -> 0.395 | E16: =IF(A16<>0,INDEX(RESUMO!$A$10:$I$486,MATCH(A16,RESUMO!$A$10:$A$486,0),8),0) -> 0.395 | F16: 0.125 | H16: 0.125 | J16: 0.4 | N16: 0.3 | R16: 0.05 | FS16: =SUM(F16:FQ16) -> 1
F17: A | G17: A | H17: A | I17: A | J17: A | K17: A | L17: A | M17: A | N17: A | O17: A | P17: A | Q17: A | R17: A | S17: A | T17: A | U17: A
F18: =F16*$C16 -> 16540.64 | H18: =H16*$C16 -> 16540.64 | J18: =J16*$C16 -> 52930.06 | N18: =N16*$C16 -> 39697.54 | R18: =R16*$C16 -> 6616.26 | V18: =V16*$C16 -> 0 | Z18: =Z16*$C16 -> 0 | AD18: =AD16*$C16 -> 0 | AH18: =AH16*$C16 -> 0 | AL18: =AL16*$C16 -> 0 | AP18: =AP16*$C16 -> 0 | AT18: =AT16*$C16 -> 0 | AX18: =AX16*$C16 -> 0 | BB18: =BB16*$C16 -> 0 | BF18: =BF16*$C16 -> 0 | BJ18: =BJ16*$C16 -> 0 | BN18: =BN16*$C16 -> 0 | BR18: =BR16*$C16 -> 0 | BV18: =BV16*$C16 -> 0 | BZ18: =BZ16*$C16 -> 0 | CD18: =CD16*$C16 -> 0 | CH18: =CH16*$C16 -> 0 | CL18: =CL16*$C16 -> 0 | CP18: =CP16*$C16 -> 0 | CT18: =CT16*$C16 -> 0 | CX18: =CX16*$C16 -> 0 | DB18: =DB16*$C16 -> 0 | DF18: =DF16*$C16 -> 0 | DJ18: =DJ16*$C16 -> 0 | DN18: =DN16*$C16 -> 0 | DR18: =DR16*$C16 -> 0 | DV18: =DV16*$C16 -> 0 | DZ18: =DZ16*$C16 -> 0 | ED18: =ED16*$C16 -> 0 | EH18: =EH16*$C16 -> 0 | EL18: =EL16*$C16 -> 0 | EP18: =EP16*$C16 -> 0 | ET18: =ET16*$C16 -> 0 | EX18: =EX16*$C16 -> 0 | FB18: =FB16*$C16 -> 0 | FF18: =FF16*$C16 -> 0 | FJ18: =FJ16*$C16 -> 0 | FN18: =FN16*$C16 -> 0 | FS18: =SUM(F18:FQ18) -> 132325.14 | FU18: =FS18-C16 -> 0
A19: =RESUMO!A19 -> BLOCO AMPLIAÇÃO
A20: 4 | B20: =IF(A20<>0,INDEX(RESUMO!$A$10:$H$486,MATCH(A20,RESUMO!$A$10:$A$486,0),2),0) -> FUNDAÇÃO | C20: =IF(A20<>0,INDEX(RESUMO!$A$10:$H$486,MATCH(A20,RESUMO!$A$10:$A$486,0),5),0) -> 162876.03 | D20: =IF(A20<>0,INDEX(RESUMO!$A$10:$H$486,MATCH(A20,RESUMO!$A$10:$A$486,0),8),0) -> 0.173 | E20: =IF(A20<>0,INDEX(RESUMO!$A$10:$I$486,MATCH(A20,RESUMO!$A$10:$A$486,0),8),0) -> 0.173 | J20: 0.2 | N20: 0.4 | R20: 0.3 | V20: 0.1 | FS20: =SUM(F20:FQ20) -> 1
J21: A | K21: A | L21: A | M21: A | N21: A | O21: A | P21: A | Q21: A | R21: A | S21: A | T21: A | U21: A | V21: A | W21: A | X21: A | Y21: A
F22: =F20*$C20 -> 0 | H22: =H20*$C20 -> 0 | J22: =J20*$C20 -> 32575.21 | N22: =N20*$C20 -> 65150.41 | R22: =R20*$C20 -> 48862.81 | V22: =V20*$C20 -> 16287.6 | Z22: =Z20*$C20 -> 0 | AD22: =AD20*$C20 -> 0 | AH22: =AH20*$C20 -> 0 | AL22: =AL20*$C20 -> 0 | AP22: =AP20*$C20 -> 0 | AT22: =AT20*$C20 -> 0 | AX22: =AX20*$C20 -> 0 | BB22: =BB20*$C20 -> 0 | BF22: =BF20*$C20 -> 0 | BJ22: =BJ20*$C20 -> 0 | BN22: =BN20*$C20 -> 0 | BR22: =BR20*$C20 -> 0 | BV22: =BV20*$C20 -> 0 | BZ22: =BZ20*$C20 -> 0 | CD22: =CD20*$C20 -> 0 | CH22: =CH20*$C20 -> 0 | CL22: =CL20*$C20 -> 0 | CP22: =CP20*$C20 -> 0 | CT22: =CT20*$C20 -> 0 | CX22: =CX20*$C20 -> 0 | DB22: =DB20*$C20 -> 0 | DF22: =DF20*$C20 -> 0 | DJ22: =DJ20*$C20 -> 0 | DN22: =DN20*$C20 -> 0 | DR22: =DR20*$C20 -> 0 | DV22: =DV20*$C20 -> 0 | DZ22: =DZ20*$C20 -> 0 | ED22: =ED20*$C20 -> 0 | EH22: =EH20*$C20 -> 0 | EL22: =EL20*$C20 -> 0 | EP22: =EP20*$C20 -> 0 | ET22: =ET20*$C20 -> 0 | EX22: =EX20*$C20 -> 0 | FB22: =FB20*$C20 -> 0 | FF22: =FF20*$C20 -> 0 | FJ22: =FJ20*$C20 -> 0 | FN22: =FN20*$C20 -> 0 | FS22: =SUM(F22:FQ22) -> 162876.03 | FU22: =FS22-C20 -> 0
A23: 5 | B23: =IF(A23<>0,INDEX(RESUMO!$A$10:$H$486,MATCH(A23,RESUMO!$A$10:$A$486,0),2),0) -> ESTRUTURAS | C23: =IF(A23<>0,INDEX(RESUMO!$A$10:$H$486,MATCH(A23,RESUMO!$A$10:$A$486,0),5),0) -> 290546.82 | D23: =IF(A23<>0,INDEX(RESUMO!$A$10:$H$486,MATCH(A23,RESUMO!$A$10:$A$486,0),8),0) -> 0.309 | E23: =IF(A23<>0,INDEX(RESUMO!$A$10:$I$486,MATCH(A23,RESUMO!$A$10:$A$486,0),8),0) -> 0.309 | R23: 0.35 | V23: 0.45 | Z23: 0.2 | FS23: =SUM(F23:FQ23) -> 1
R24: A | S24: A | T24: A | U24: A | V24: A | W24: A | X24: A | Y24: A | Z24: A | AA24: A | AB24: A | AC24: A
F25: =F23*$C23 -> 0 | H25: =H23*$C23 -> 0 | J25: =J23*$C23 -> 0 | N25: =N23*$C23 -> 0 | R25: =R23*$C23 -> 101691.39 | V25: =V23*$C23 -> 130746.07 | Z25: =Z23*$C23 -> 58109.36 | AD25: =AD23*$C23 -> 0 | AH25: =AH23*$C23 -> 0 | AL25: =AL23*$C23 -> 0 | AP25: =AP23*$C23 -> 0 | AT25: =AT23*$C23 -> 0 | AX25: =AX23*$C23 -> 0 | BB25: =BB23*$C23 -> 0 | BF25: =BF23*$C23 -> 0 | BJ25: =BJ23*$C23 -> 0 | BN25: =BN23*$C23 -> 0 | BR25: =BR23*$C23 -> 0 | BV25: =BV23*$C23 -> 0 | BZ25: =BZ23*$C23 -> 0 | CD25: =CD23*$C23 -> 0 | CH25: =CH23*$C23 -> 0 | CL25: =CL23*$C23 -> 0 | CP25: =CP23*$C23 -> 0 | CT25: =CT23*$C23 -> 0 | CX25: =CX23*$C23 -> 0 | DB25: =DB23*$C23 -> 0 | DF25: =DF23*$C23 -> 0 | DJ25: =DJ23*$C23 -> 0 | DN25: =DN23*$C23 -> 0 | DR25: =DR23*$C23 -> 0 | DV25: =DV23*$C23 -> 0 | DZ25: =DZ23*$C23 -> 0 | ED25: =ED23*$C23 -> 0 | EH25: =EH23*$C23 -> 0 | EL25: =EL23*$C23 -> 0 | EP25: =EP23*$C23 -> 0 | ET25: =ET23*$C23 -> 0 | EX25: =EX23*$C23 -> 0 | FB25: =FB23*$C23 -> 0 | FF25: =FF23*$C23 -> 0 | FJ25: =FJ23*$C23 -> 0 | FN25: =FN23*$C23 -> 0 | FS25: =SUM(F25:FQ25) -> 290546.82 | FU25: =FS25-C23 -> 0
A26: 6 | B26: =IF(A26<>0,INDEX(RESUMO!$A$10:$H$486,MATCH(A26,RESUMO!$A$10:$A$486,0),2),0) -> COBERTURA NOVA | C26: =IF(A26<>0,INDEX(RESUMO!$A$10:$H$486,MATCH(A26,RESUMO!$A$10:$A$486,0),5),0) -> 75241.18 | D26: =IF(A26<>0,INDEX(RESUMO!$A$10:$H$486,MATCH(A26,RESUMO!$A$10:$A$486,0),8),0) -> 0.08 | E26: =IF(A26<>0,INDEX(RESUMO!$A$10:$I$486,MATCH(A26,RESUMO!$A$10:$A$486,0),8),0) -> 0.08 | Z26: 0.3 | AD26: 0.6 | AH26: 0.1 | FS26: =SUM(F26:FQ26) -> 1
Z27: A | AA27: A | AB27: A | AC27: A | AD27: A | AE27: A | AF27: A | AG27: A | AH27: A | AI27: A | AJ27: A | AK27: A
F28: =F26*$C26 -> 0 | H28: =H26*$C26 -> 0 | J28: =J26*$C26 -> 0 | N28: =N26*$C26 -> 0 | R28: =R26*$C26 -> 0 | V28: =V26*$C26 -> 0 | Z28: =Z26*$C26 -> 22572.35 | AD28: =AD26*$C26 -> 45144.71 | AH28: =AH26*$C26 -> 7524.12 | AL28: =AL26*$C26 -> 0 | AP28: =AP26*$C26 -> 0 | AT28: =AT26*$C26 -> 0 | AX28: =AX26*$C26 -> 0 | BB28: =BB26*$C26 -> 0 | BF28: =BF26*$C26 -> 0 | BJ28: =BJ26*$C26 -> 0 | BN28: =BN26*$C26 -> 0 | BR28: =BR26*$C26 -> 0 | BV28: =BV26*$C26 -> 0 | BZ28: =BZ26*$C26 -> 0 | CD28: =CD26*$C26 -> 0 | CH28: =CH26*$C26 -> 0 | CL28: =CL26*$C26 -> 0 | CP28: =CP26*$C26 -> 0 | CT28: =CT26*$C26 -> 0 | CX28: =CX26*$C26 -> 0 | DB28: =DB26*$C26 -> 0 | DF28: =DF26*$C26 -> 0 | DJ28: =DJ26*$C26 -> 0 | DN28: =DN26*$C26 -> 0 | DR28: =DR26*$C26 -> 0 | DV28: =DV26*$C26 -> 0 | DZ28: =DZ26*$C26 -> 0 | ED28: =ED26*$C26 -> 0 | EH28: =EH26*$C26 -> 0 | EL28: =EL26*$C26 -> 0 | EP28: =EP26*$C26 -> 0 | ET28: =ET26*$C26 -> 0 | EX28: =EX26*$C26 -> 0 | FB28: =FB26*$C26 -> 0 | FF28: =FF26*$C26 -> 0 | FJ28: =FJ26*$C26 -> 0 | FN28: =FN26*$C26 -> 0 | FS28: =SUM(F28:FQ28) -> 75241.18 | FU28: =FS28-C26 -> 0
A29: 7 | B29: =IF(A29<>0,INDEX(RESUMO!$A$10:$H$486,MATCH(A29,RESUMO!$A$10:$A$486,0),2),0) -> IMPERMEABILIZAÇÕES | C29: =IF(A29<>0,INDEX(RESUMO!$A$10:$H$486,MATCH(A29,RESUMO!$A$10:$A$486,0),5),0) -> 72331.2 | D29: =IF(A29<>0,INDEX(RESUMO!$A$10:$H$486,MATCH(A29,RESUMO!$A$10:$A$486,0),8),0) -> 0.077 | E29: =IF(A29<>0,INDEX(RESUMO!$A$10:$I$486,MATCH(A29,RESUMO!$A$10:$A$486,0),8),0) -> 0.077 | AD29: 0.2 | AH29: 0.5 | AL29: 0.3 | FS29: =SUM(F29:FQ29) -> 1
AD30: A | AE30: A | AF30: A | AG30: A | AH30: A | AI30: A | AJ30: A | AK30: A | AL30: A | AM30: A | AN30: A | AO30: A
F31: =F29*$C29 -> 0 | H31: =H29*$C29 -> 0 | J31: =J29*$C29 -> 0 | N31: =N29*$C29 -> 0 | R31: =R29*$C29 -> 0 | V31: =V29*$C29 -> 0 | AD31: =AD29*$C29 -> 14466.24 | AH31: =AH29*$C29 -> 36165.6 | AL31: =AL29*$C29 -> 21699.36 | AP31: =AP29*$C29 -> 0 | AT31: =AT29*$C29 -> 0 | AX31: =AX29*$C29 -> 0 | BB31: =BB29*$C29 -> 0 | BF31: =BF29*$C29 -> 0 | BJ31: =BJ29*$C29 -> 0 | BN31: =BN29*$C29 -> 0 | BR31: =BR29*$C29 -> 0 | BV31: =BV29*$C29 -> 0 | BZ31: =BZ29*$C29 -> 0 | CD31: =CD29*$C29 -> 0 | CH31: =CH29*$C29 -> 0 | CL31: =CL29*$C29 -> 0 | CP31: =CP29*$C29 -> 0 | CT31: =CT29*$C29 -> 0 | CX31: =CX29*$C29 -> 0 | DB31: =DB29*$C29 -> 0 | DF31: =DF29*$C29 -> 0 | DJ31: =DJ29*$C29 -> 0 | DN31: =DN29*$C29 -> 0 | DR31: =DR29*$C29 -> 0 | DV31: =DV29*$C29 -> 0 | DZ31: =DZ29*$C29 -> 0 | ED31: =ED29*$C29 -> 0 | EH31: =EH29*$C29 -> 0 | EL31: =EL29*$C29 -> 0 | EP31: =EP29*$C29 -> 0 | ET31: =ET29*$C29 -> 0 | EX31: =EX29*$C29 -> 0 | FB31: =FB29*$C29 -> 0 | FF31: =FF29*$C29 -> 0 | FJ31: =FJ29*$C29 -> 0 | FN31: =FN29*$C29 -> 0 | FS31: =SUM(F31:FQ31) -> 72331.2 | FU31: =FS31-C29 -> 0
A32: 8 | B32: =IF(A32<>0,INDEX(RESUMO!$A$10:$H$486,MATCH(A32,RESUMO!$A$10:$A$486,0),2),0) -> FECHAMENTOS EM ALVENARIA | C32: =IF(A32<>0,INDEX(RESUMO!$A$10:$H$486,MATCH(A32,RESUMO!$A$10:$A$486,0),5),0) -> 65554.81 | D32: =IF(A32<>0,INDEX(RESUMO!$A$10:$H$486,MATCH(A32,RESUMO!$A$10:$A$486,0),8),0) -> 0.07 | E32: =IF(A32<>0,INDEX(RESUMO!$A$10:$I$486,MATCH(A32,RESUMO!$A$10:$A$486,0),8),0) -> 0.07 | Z32: 0.5 | AD32: 0.4 | AH32: 0.1 | FS32: =SUM(F32:FQ32) -> 1
Z33: A | AA33: A | AB33: A | AC33: A | AD33: A | AE33: A | AF33: A | AG33: A | AH33: A | AI33: A | AJ33: A | AK33: A
F34: =F32*$C32 -> 0 | H34: =H32*$C32 -> 0 | J34: =J32*$C32 -> 0 | N34: =N32*$C32 -> 0 | R34: =R32*$C32 -> 0 | V34: =V32*$C32 -> 0 | Z34: =Z32*$C32 -> 32777.41 | AD34: =AD32*$C32 -> 26221.92 | AH34: =AH32*$C32 -> 6555.48 | AL34: =AL32*$C32 -> 0 | AP34: =AP32*$C32 -> 0 | AT34: =AT32*$C32 -> 0 | AX34: =AX32*$C32 -> 0 | BJ34: =BJ32*$C32 -> 0 | BN34: =BN32*$C32 -> 0 | BR34: =BR32*$C32 -> 0 | BV34: =BV32*$C32 -> 0 | BZ34: =BZ32*$C32 -> 0 | CD34: =CD32*$C32 -> 0 | CH34: =CH32*$C32 -> 0 | CL34: =CL32*$C32 -> 0 | CP34: =CP32*$C32 -> 0 | CT34: =CT32*$C32 -> 0 | CX34: =CX32*$C32 -> 0 | DB34: =DB32*$C32 -> 0 | DF34: =DF32*$C32 -> 0 | DJ34: =DJ32*$C32 -> 0 | DN34: =DN32*$C32 -> 0 | DR34: =DR32*$C32 -> 0 | DV34: =DV32*$C32 -> 0 | DZ34: =DZ32*$C32 -> 0 | ED34: =ED32*$C32 -> 0 | EH34: =EH32*$C32 -> 0 | EL34: =EL32*$C32 -> 0 | EP34: =EP32*$C32 -> 0 | ET34: =ET32*$C32 -> 0 | EX34: =EX32*$C32 -> 0 | FB34: =FB32*$C32 -> 0 | FF34: =FF32*$C32 -> 0 | FJ34: =FJ32*$C32 -> 0 | FN34: =FN32*$C32 -> 0 | FS34: =SUM(F34:FQ34) -> 65554.81 | FU34: =FS34-C32 -> 0
A35: 9 | B35: =IF(A35<>0,INDEX(RESUMO!$A$10:$H$486,MATCH(A35,RESUMO!$A$10:$A$486,0),2),0) -> INSTALAÇÕES ELÉTRICAS | C35: =IF(A35<>0,INDEX(RESUMO!$A$10:$H$486,MATCH(A35,RESUMO!$A$10:$A$486,0),5),0) -> 35569.91 | D35: =IF(A35<>0,INDEX(RESUMO!$A$10:$H$486,MATCH(A35,RESUMO!$A$10:$A$486,0),8),0) -> 0.038 | E35: =IF(A35<>0,INDEX(RESUMO!$A$10:$I$486,MATCH(A35,RESUMO!$A$10:$A$486,0),8),0) -> 0.038 | Z35: 0.2 | AD35: 0.3 | AH35: 0.5 | FS35: =SUM(F35:FQ35) -> 1
Z36: A | AA36: A | AB36: A | AC36: A | AD36: A | AE36: A | AF36: A | AG36: A | AH36: A | AI36: A | AJ36: A | AK36: A
F37: =F35*$C35 -> 0 | H37: =H35*$C35 -> 0 | J37: =J35*$C35 -> 0 | N37: =N35*$C35 -> 0 | R37: =R35*$C35 -> 0 | V37: =V35*$C35 -> 0 | Z37: =Z35*$C35 -> 7113.98 | AD37: =AD35*$C35 -> 10670.97 | AH37: =AH35*$C35 -> 17784.96 | AL37: =AL35*$C35 -> 0 | AP37: =AP35*$C35 -> 0 | AT37: =AT35*$C35 -> 0 | AX37: =AX35*$C35 -> 0 | BJ37: =BJ35*$C35 -> 0 | BN37: =BN35*$C35 -> 0 | BR37: =BR35*$C35 -> 0 | BV37: =BV35*$C35 -> 0 | BZ37: =BZ35*$C35 -> 0 | CD37: =CD35*$C35 -> 0 | CH37: =CH35*$C35 -> 0 | CL37: =CL35*$C35 -> 0 | CP37: =CP35*$C35 -> 0 | CT37: =CT35*$C35 -> 0 | CX37: =CX35*$C35 -> 0 | DB37: =DB35*$C35 -> 0 | DF37: =DF35*$C35 -> 0 | DJ37: =DJ35*$C35 -> 0 | DN37: =DN35*$C35 -> 0 | DR37: =DR35*$C35 -> 0 | DV37: =DV35*$C35 -> 0 | DZ37: =DZ35*$C35 -> 0 | ED37: =ED35*$C35 -> 0 | EH37: =EH35*$C35 -> 0 | EL37: =EL35*$C35 -> 0 | EP37: =EP35*$C35 -> 0 | ET37: =ET35*$C35 -> 0 | EX37: =EX35*$C35 -> 0 | FB37: =FB35*$C35 -> 0 | FF37: =FF35*$C35 -> 0 | FJ37: =FJ35*$C35 -> 0 | FN37: =FN35*$C35 -> 0 | FS37: =SUM(F37:FQ37) -> 35569.91 | FU37: =FS37-C35 -> 0
A38: 10 | B38: =IF(A38<>0,INDEX(RESUMO!$A$10:$H$486,MATCH(A38,RESUMO!$A$10:$A$486,0),2),0) -> CLIMATIZAÇÃO | C38: =IF(A38<>0,INDEX(RESUMO!$A$10:$H$486,MATCH(A38,RESUMO!$A$10:$A$486,0),5),0) -> 6263.1 | D38: =IF(A38<>0,INDEX(RESUMO!$A$10:$H$486,MATCH(A38,RESUMO!$A$10:$A$486,0),8),0) -> 0.007 | E38: =IF(A38<>0,INDEX(RESUMO!$A$10:$I$486,MATCH(A38,RESUMO!$A$10:$A$486,0),8),0) -> 0.007 | AL38: 0.3 | AP38: 0.4 | AT38: 0.3 | FS38: =SUM(F38:FQ38) -> 1
AL39: A | AM39: A | AN39: A | AO39: A | AP39: A | AQ39: A | AR39: A | AS39: A | AT39: A | AU39: A | AV39: A | AW39: A
F40: =F38*$C38 -> 0 | H40: =H38*$C38 -> 0 | J40: =J38*$C38 -> 0 | N40: =N38*$C38 -> 0 | R40: =R38*$C38 -> 0 | V40: =V38*$C38 -> 0 | AL40: =AL38*$C38 -> 1878.93 | AP40: =AP38*$C38 -> 2505.24 | AT40: =AT38*$C38 -> 1878.93 | AX40: =AX38*$C38 -> 0 | BN40: =BN38*$C38 -> 0 | BR40: =BR38*$C38 -> 0 | BV40: =BV38*$C38 -> 0 | BZ40: =BZ38*$C38 -> 0 | CD40: =CD38*$C38 -> 0 | CH40: =CH38*$C38 -> 0 | CL40: =CL38*$C38 -> 0 | CP40: =CP38*$C38 -> 0 | CT40: =CT38*$C38 -> 0 | CX40: =CX38*$C38 -> 0 | DB40: =DB38*$C38 -> 0 | DF40: =DF38*$C38 -> 0 | DJ40: =DJ38*$C38 -> 0 | DN40: =DN38*$C38 -> 0 | DR40: =DR38*$C38 -> 0 | DV40: =DV38*$C38 -> 0 | DZ40: =DZ38*$C38 -> 0 | ED40: =ED38*$C38 -> 0 | EH40: =EH38*$C38 -> 0 | EL40: =EL38*$C38 -> 0 | EP40: =EP38*$C38 -> 0 | ET40: =ET38*$C38 -> 0 | EX40: =EX38*$C38 -> 0 | FB40: =FB38*$C38 -> 0 | FF40: =FF38*$C38 -> 0 | FJ40: =FJ38*$C38 -> 0 | FN40: =FN38*$C38 -> 0 | FS40: =SUM(F40:FQ40) -> 6263.1 | FU40: =FS40-C38 -> 0
A41: 11 | B41: =IF(A41<>0,INDEX(RESUMO!$A$10:$H$486,MATCH(A41,RESUMO!$A$10:$A$486,0),2),0) -> REDE DE DADOS | C41: =IF(A41<>0,INDEX(RESUMO!$A$10:$H$486,MATCH(A41,RESUMO!$A$10:$A$486,0),5),0) -> 19567.93 | D41: =IF(A41<>0,INDEX(RESUMO!$A$10:$H$486,MATCH(A41,RESUMO!$A$10:$A$486,0),8),0) -> 0.021 | E41: =IF(A41<>0,INDEX(RESUMO!$A$10:$I$486,MATCH(A41,RESUMO!$A$10:$A$486,0),8),0) -> 0.021 | AL41: 0.25 | AP41: 0.35 | AT41: 0.4 | FS41: =SUM(F41:FQ41) -> 1
AL42: A | AM42: A | AN42: A | AO42: A | AP42: A | AQ42: A | AR42: A | AS42: A | AT42: A | AU42: A | AV42: A | AW42: A
F43: =F41*$C41 -> 0 | H43: =H41*$C41 -> 0 | J43: =J41*$C41 -> 0 | N43: =N41*$C41 -> 0 | R43: =R41*$C41 -> 0 | AH43: =AH41*$C41 -> 0 | AL43: =AL41*$C41 -> 4891.98 | AP43: =AP41*$C41 -> 6848.78 | AT43: =AT41*$C41 -> 7827.17 | AX43: =AX41*$C41 -> 0 | BB43: =BB41*$C41 -> 0 | BF43: =BF41*$C41 -> 0 | BJ43: =BJ41*$C41 -> 0 | BN43: =BN41*$C41 -> 0 | BR43: =BR41*$C41 -> 0 | BV43: =BV41*$C41 -> 0 | BZ43: =BZ41*$C41 -> 0 | CD43: =CD41*$C41 -> 0 | CH43: =CH41*$C41 -> 0 | CL43: =CL41*$C41 -> 0 | CP43: =CP41*$C41 -> 0 | CT43: =CT41*$C41 -> 0 | CX43: =CX41*$C41 -> 0 | DB43: =DB41*$C41 -> 0 | DF43: =DF41*$C41 -> 0 | DJ43: =DJ41*$C41 -> 0 | DN43: =DN41*$C41 -> 0 | DR43: =DR41*$C41 -> 0 | DV43: =DV41*$C41 -> 0 | DZ43: =DZ41*$C41 -> 0 | ED43: =ED41*$C41 -> 0 | EH43: =EH41*$C41 -> 0 | EL43: =EL41*$C41 -> 0 | EP43: =EP41*$C41 -> 0 | ET43: =ET41*$C41 -> 0 | EX43: =EX41*$C41 -> 0 | FB43: =FB41*$C41 -> 0 | FF43: =FF41*$C41 -> 0 | FJ43: =FJ41*$C41 -> 0 | FN43: =FN41*$C41 -> 0 | FS43: =SUM(F43:FQ43) -> 19567.93 | FU43: =FS43-C41 -> 0
A44: 12 | B44: =IF(A44<>0,INDEX(RESUMO!$A$10:$H$486,MATCH(A44,RESUMO!$A$10:$A$486,0),2),0) -> SPDA | C44: =IF(A44<>0,INDEX(RESUMO!$A$10:$H$486,MATCH(A44,RESUMO!$A$10:$A$486,0),5),0) -> 15503.22 | D44: =IF(A44<>0,INDEX(RESUMO!$A$10:$H$486,MATCH(A44,RESUMO!$A$10:$A$486,0),8),0) -> 0.016 | E44: =IF(A44<>0,INDEX(RESUMO!$A$10:$I$486,MATCH(A44,RESUMO!$A$10:$A$486,0),8),0) -> 0.016 | AL44: 0.2 | AP44: 0.35 | AT44: 0.45 | FS44: =SUM(F44:FQ44) -> 1
AL45: A | AM45: A | AN45: A | AO45: A | AP45: A | AQ45: A | AR45: A | AS45: A | AT45: A | AU45: A | AV45: A | AW45: A
F46: =F44*$C44 -> 0 | H46: =H44*$C44 -> 0 | J46: =J44*$C44 -> 0 | N46: =N44*$C44 -> 0 | R46: =R44*$C44 -> 0 | AH46: =AH44*$C44 -> 0 | AL46: =AL44*$C44 -> 3100.64 | AP46: =AP44*$C44 -> 5426.13 | AT46: =AT44*$C44 -> 6976.45 | AX46: =AX44*$C44 -> 0 | BB46: =BB44*$C44 -> 0 | BN46: =BN44*$C44 -> 0 | BR46: =BR44*$C44 -> 0 | BV46: =BV44*$C44 -> 0 | BZ46: =BZ44*$C44 -> 0 | CD46: =CD44*$C44 -> 0 | CH46: =CH44*$C44 -> 0 | CL46: =CL44*$C44 -> 0 | CP46: =CP44*$C44 -> 0 | CT46: =CT44*$C44 -> 0 | CX46: =CX44*$C44 -> 0 | DB46: =DB44*$C44 -> 0 | DF46: =DF44*$C44 -> 0 | DJ46: =DJ44*$C44 -> 0 | DN46: =DN44*$C44 -> 0 | DR46: =DR44*$C44 -> 0 | DV46: =DV44*$C44 -> 0 | DZ46: =DZ44*$C44 -> 0 | ED46: =ED44*$C44 -> 0 | EH46: =EH44*$C44 -> 0 | EL46: =EL44*$C44 -> 0 | EP46: =EP44*$C44 -> 0 | ET46: =ET44*$C44 -> 0 | EX46: =EX44*$C44 -> 0 | FB46: =FB44*$C44 -> 0 | FF46: =FF44*$C44 -> 0 | FJ46: =FJ44*$C44 -> 0 | FN46: =FN44*$C44 -> 0 | FS46: =SUM(F46:FQ46) -> 15503.22 | FU46: =FS46-C44 -> 0
A47: 13 | B47: =IF(A47<>0,INDEX(RESUMO!$A$10:$H$486,MATCH(A47,RESUMO!$A$10:$A$486,0),2),0) -> ENERGIA SOLAR | C47: =IF(A47<>0,INDEX(RESUMO!$A$10:$H$486,MATCH(A47,RESUMO!$A$10:$A$486,0),5),0) -> 50000.19 | D47: =IF(A47<>0,INDEX(RESUMO!$A$10:$H$486,MATCH(A47,RESUMO!$A$10:$A$486,0),8),0) -> 0.053 | E47: =IF(A47<>0,INDEX(RESUMO!$A$10:$I$486,MATCH(A47,RESUMO!$A$10:$A$486,0),8),0) -> 0.053 | AP47: 0.25 | AT47: 0.75 | FS47: =SUM(F47:FQ47) -> 1
AP48: A | AQ48: A | AR48: A | AS48: A | AT48: A | AU48: A | AV48: A | AW48: A
F49: =F47*$C47 -> 0 | H49: =H47*$C47 -> 0 | J49: =J47*$C47 -> 0 | N49: =N47*$C47 -> 0 | R49: =R47*$C47 -> 0 | V49: =V47*$C47 -> 0 | Z49: =Z47*$C47 -> 0 | AD49: =AD47*$C47 -> 0 | AH49: =AH47*$C47 -> 0 | AL49: =AL47*$C47 -> 0 | AP49: =AP47*$C47 -> 12500.05 | AT49: =AT47*$C47 -> 37500.14 | AX49: =AX47*$C47 -> 0 | BB49: =BB47*$C47 -> 0 | BN49: =BN47*$C47 -> 0 | BR49: =BR47*$C47 -> 0 | BV49: =BV47*$C47 -> 0 | BZ49: =BZ47*$C47 -> 0 | CD49: =CD47*$C47 -> 0 | CH49: =CH47*$C47 -> 0 | CL49: =CL47*$C47 -> 0 | CP49: =CP47*$C47 -> 0 | CT49: =CT47*$C47 -> 0 | CX49: =CX47*$C47 -> 0 | DB49: =DB47*$C47 -> 0 | DF49: =DF47*$C47 -> 0 | DJ49: =DJ47*$C47 -> 0 | DN49: =DN47*$C47 -> 0 | DR49: =DR47*$C47 -> 0 | DV49: =DV47*$C47 -> 0 | DZ49: =DZ47*$C47 -> 0 | ED49: =ED47*$C47 -> 0 | EH49: =EH47*$C47 -> 0 | EL49: =EL47*$C47 -> 0 | EP49: =EP47*$C47 -> 0 | ET49: =ET47*$C47 -> 0 | EX49: =EX47*$C47 -> 0 | FB49: =FB47*$C47 -> 0 | FF49: =FF47*$C47 -> 0 | FJ49: =FJ47*$C47 -> 0 | FN49: =FN47*$C47 -> 0 | FS49: =SUM(F49:FQ49) -> 50000.19 | FU49: =FS49-C47 -> 0
A50: 14 | B50: =IF(A50<>0,INDEX(RESUMO!$A$10:$H$486,MATCH(A50,RESUMO!$A$10:$A$486,0),2),0) -> INSTALAÇÕES HIDRÁULICAS - REDE DE ÁGUA FRIA | C50: =IF(A50<>0,INDEX(RESUMO!$A$10:$H$486,MATCH(A50,RESUMO!$A$10:$A$486,0),5),0) -> 8406.61 | D50: =IF(A50<>0,INDEX(RESUMO!$A$10:$H$486,MATCH(A50,RESUMO!$A$10:$A$486,0),8),0) -> 0.009 | E50: =IF(A50<>0,INDEX(RESUMO!$A$10:$I$486,MATCH(A50,RESUMO!$A$10:$A$486,0),8),0) -> 0.009 | Z50: 0.25 | AD50: 0.5 | AH50: 0.25 | FS50: =SUM(F50:FQ50) -> 1
Z51: A | AA51: A | AB51: A | AC51: A | AD51: A | AE51: A | AF51: A | AG51: A | AH51: A | AI51: A | AJ51: A | AK51: A
F52: =F50*$C50 -> 0 | H52: =H50*$C50 -> 0 | J52: =J50*$C50 -> 0 | N52: =N50*$C50 -> 0 | R52: =R50*$C50 -> 0 | V52: =V50*$C50 -> 0 | Z52: =Z50*$C50 -> 2101.65 | AD52: =AD50*$C50 -> 4203.31 | AH52: =AH50*$C50 -> 2101.65 | AL52: =AL50*$C50 -> 0 | AP52: =AP50*$C50 -> 0 | AT52: =AT50*$C50 -> 0 | AX52: =AX50*$C50 -> 0 | BB52: =BB50*$C50 -> 0 | BF52: =BF50*$C50 -> 0 | BJ52: =BJ50*$C50 -> 0 | BN52: =BN50*$C50 -> 0 | BR52: =BR50*$C50 -> 0 | BV52: =BV50*$C50 -> 0 | BZ52: =BZ50*$C50 -> 0 | CD52: =CD50*$C50 -> 0 | CH52: =CH50*$C50 -> 0 | CL52: =CL50*$C50 -> 0 | CP52: =CP50*$C50 -> 0 | CT52: =CT50*$C50 -> 0 | CX52: =CX50*$C50 -> 0 | DB52: =DB50*$C50 -> 0 | DF52: =DF50*$C50 -> 0 | DJ52: =DJ50*$C50 -> 0 | DN52: =DN50*$C50 -> 0 | DR52: =DR50*$C50 -> 0 | DV52: =DV50*$C50 -> 0 | DZ52: =DZ50*$C50 -> 0 | ED52: =ED50*$C50 -> 0 | EH52: =EH50*$C50 -> 0 | EL52: =EL50*$C50 -> 0 | EP52: =EP50*$C50 -> 0 | ET52: =ET50*$C50 -> 0 | EX52: =EX50*$C50 -> 0 | FB52: =FB50*$C50 -> 0 | FF52: =FF50*$C50 -> 0 | FJ52: =FJ50*$C50 -> 0 | FN52: =FN50*$C50 -> 0 | FS52: =SUM(F52:FQ52) -> 8406.61 | FU52: =FS52-C50 -> 0
A53: 15 | B53: =IF(A53<>0,INDEX(RESUMO!$A$10:$H$486,MATCH(A53,RESUMO!$A$10:$A$486,0),2),0) -> INSTALAÇÕES HIDRÁULICAS - REDE DE ESGOTO | C53: =IF(A53<>0,INDEX(RESUMO!$A$10:$H$486,MATCH(A53,RESUMO!$A$10:$A$486,0),5),0) -> 13273.51 | D53: =IF(A53<>0,INDEX(RESUMO!$A$10:$H$486,MATCH(A53,RESUMO!$A$10:$A$486,0),8),0) -> 0.014 | E53: =IF(A53<>0,INDEX(RESUMO!$A$10:$I$486,MATCH(A53,RESUMO!$A$10:$A$486,0),8),0) -> 0.014 | Z53: 0.3 | AD53: 0.45 | AH53: 0.25 | FS53: =SUM(F53:FQ53) -> 1
Z54: A | AA54: A | AB54: A | AC54: A | AD54: A | AE54: A | AF54: A | AG54: A | AH54: A | AI54: A | AJ54: A | AK54: A
F55: =F53*$C53 -> 0 | H55: =H53*$C53 -> 0 | J55: =J53*$C53 -> 0 | N55: =N53*$C53 -> 0 | R55: =R53*$C53 -> 0 | V55: =V53*$C53 -> 0 | Z55: =Z53*$C53 -> 3982.05 | AD55: =AD53*$C53 -> 5973.08 | AH55: =AH53*$C53 -> 3318.38 | AL55: =AL53*$C53 -> 0 | AP55: =AP53*$C53 -> 0 | AT55: =AT53*$C53 -> 0 | AX55: =AX53*$C53 -> 0 | BB55: =BB53*$C53 -> 0 | BF55: =BF53*$C53 -> 0 | BJ55: =BJ53*$C53 -> 0 | BN55: =BN53*$C53 -> 0 | BR55: =BR53*$C53 -> 0 | BV55: =BV53*$C53 -> 0 | BZ55: =BZ53*$C53 -> 0 | CD55: =CD53*$C53 -> 0 | CH55: =CH53*$C53 -> 0 | CL55: =CL53*$C53 -> 0 | CP55: =CP53*$C53 -> 0 | CT55: =CT53*$C53 -> 0 | CX55: =CX53*$C53 -> 0 | DB55: =DB53*$C53 -> 0 | DF55: =DF53*$C53 -> 0 | DJ55: =DJ53*$C53 -> 0 | DN55: =DN53*$C53 -> 0 | DR55: =DR53*$C53 -> 0 | DV55: =DV53*$C53 -> 0 | DZ55: =DZ53*$C53 -> 0 | ED55: =ED53*$C53 -> 0 | EH55: =EH53*$C53 -> 0 | EL55: =EL53*$C53 -> 0 | EP55: =EP53*$C53 -> 0 | ET55: =ET53*$C53 -> 0 | EX55: =EX53*$C53 -> 0 | FB55: =FB53*$C53 -> 0 | FF55: =FF53*$C53 -> 0 | FJ55: =FJ53*$C53 -> 0 | FN55: =FN53*$C53 -> 0 | FS55: =SUM(F55:FQ55) -> 13273.51 | FU55: =FS55-C53 -> 0
A56: 16 | B56: =IF(A56<>0,INDEX(RESUMO!$A$10:$H$486,MATCH(A56,RESUMO!$A$10:$A$486,0),2),0) -> INSTALAÇÕES HIDRÁULICAS - REDE DE CAPTAÇÃO DE ÁGUAS PLUVIAIS | C56: =IF(A56<>0,INDEX(RESUMO!$A$10:$H$486,MATCH(A56,RESUMO!$A$10:$A$486,0),5),0) -> 14037.39 | D56: =IF(A56<>0,INDEX(RESUMO!$A$10:$H$486,MATCH(A56,RESUMO!$A$10:$A$486,0),8),0) -> 0.015 | E56: =IF(A56<>0,INDEX(RESUMO!$A$10:$I$486,MATCH(A56,RESUMO!$A$10:$A$486,0),8),0) -> 0.015 | Z56: 0.2 | AD56: 0.55 | AH56: 0.25 | FS56: =SUM(F56:FQ56) -> 1
Z57: A | AA57: A | AB57: A | AC57: A | AD57: A | AE57: A | AF57: A | AG57: A | AH57: A | AI57: A | AJ57: A | AK57: A
F58: =F56*$C56 -> 0 | H58: =H56*$C56 -> 0 | J58: =J56*$C56 -> 0 | N58: =N56*$C56 -> 0 | R58: =R56*$C56 -> 0 | V58: =V56*$C56 -> 0 | Z58: =Z56*$C56 -> 2807.48 | AD58: =AD56*$C56 -> 7720.56 | AH58: =AH56*$C56 -> 3509.35 | AL58: =AL56*$C56 -> 0 | AP58: =AP56*$C56 -> 0 | AT58: =AT56*$C56 -> 0 | AX58: =AX56*$C56 -> 0 | BB58: =BB56*$C56 -> 0 | BF58: =BF56*$C56 -> 0 | BJ58: =BJ56*$C56 -> 0 | BN58: =BN56*$C56 -> 0 | BR58: =BR56*$C56 -> 0 | BV58: =BV56*$C56 -> 0 | BZ58: =BZ56*$C56 -> 0 | CD58: =CD56*$C56 -> 0 | CH58: =CH56*$C56 -> 0 | CL58: =CL56*$C56 -> 0 | CP58: =CP56*$C56 -> 0 | CT58: =CT56*$C56 -> 0 | CX58: =CX56*$C56 -> 0 | DB58: =DB56*$C56 -> 0 | DF58: =DF56*$C56 -> 0 | DJ58: =DJ56*$C56 -> 0 | DN58: =DN56*$C56 -> 0 | DR58: =DR56*$C56 -> 0 | DV58: =DV56*$C56 -> 0 | DZ58: =DZ56*$C56 -> 0 | ED58: =ED56*$C56 -> 0 | EH58: =EH56*$C56 -> 0 | EL58: =EL56*$C56 -> 0 | EP58: =EP56*$C56 -> 0 | ET58: =ET56*$C56 -> 0 | EX58: =EX56*$C56 -> 0 | FB58: =FB56*$C56 -> 0 | FF58: =FF56*$C56 -> 0 | FJ58: =FJ56*$C56 -> 0 | FN58: =FN56*$C56 -> 0 | FS58: =SUM(F58:FQ58) -> 14037.39 | FU58: =FS58-C56 -> 0
A59: 17 | B59: =IF(A59<>0,INDEX(RESUMO!$A$10:$H$486,MATCH(A59,RESUMO!$A$10:$A$486,0),2),0) -> ACABAMENTOS | C59: =IF(A59<>0,INDEX(RESUMO!$A$10:$H$486,MATCH(A59,RESUMO!$A$10:$A$486,0),5),0) -> 50607.8 | D59: =IF(A59<>0,INDEX(RESUMO!$A$10:$H$486,MATCH(A59,RESUMO!$A$10:$A$486,0),8),0) -> 0.054 | E59: =IF(A59<>0,INDEX(RESUMO!$A$10:$I$486,MATCH(A59,RESUMO!$A$10:$A$486,0),8),0) -> 0.054 | AD59: 0.1 | AH59: 0.35 | AL59: 0.4 | AP59: 0.15 | FS59: =SUM(F59:FQ59) -> 1
AD60: A | AE60: A | AF60: A | AG60: A | AH60: A | AI60: A | AJ60: A | AK60: A | AL60: A | AM60: A | AN60: A | AO60: A | AP60: A | AQ60: A | AR60: A | AS60: A
F61: =F59*$C59 -> 0 | H61: =H59*$C59 -> 0 | J61: =J59*$C59 -> 0 | N61: =N59*$C59 -> 0 | R61: =R59*$C59 -> 0 | AD61: =AD59*$C59 -> 5060.78 | AH61: =AH59*$C59 -> 17712.73 | AL61: =AL59*$C59 -> 20243.12 | AP61: =AP59*$C59 -> 7591.17 | AX61: =AX59*$C59 -> 0 | BB61: =BB59*$C59 -> 0 | BF61: =BF59*$C59 -> 0 | BJ61: =BJ59*$C59 -> 0 | BN61: =BN59*$C59 -> 0 | BR61: =BR59*$C59 -> 0 | BV61: =BV59*$C59 -> 0 | BZ61: =BZ59*$C59 -> 0 | CD61: =CD59*$C59 -> 0 | CH61: =CH59*$C59 -> 0 | CL61: =CL59*$C59 -> 0 | CP61: =CP59*$C59 -> 0 | CT61: =CT59*$C59 -> 0 | CX61: =CX59*$C59 -> 0 | DB61: =DB59*$C59 -> 0 | DF61: =DF59*$C59 -> 0 | DJ61: =DJ59*$C59 -> 0 | DN61: =DN59*$C59 -> 0 | DR61: =DR59*$C59 -> 0 | DV61: =DV59*$C59 -> 0 | DZ61: =DZ59*$C59 -> 0 | ED61: =ED59*$C59 -> 0 | EH61: =EH59*$C59 -> 0 | EL61: =EL59*$C59 -> 0 | EP61: =EP59*$C59 -> 0 | ET61: =ET59*$C59 -> 0 | EX61: =EX59*$C59 -> 0 | FB61: =FB59*$C59 -> 0 | FF61: =FF59*$C59 -> 0 | FJ61: =FJ59*$C59 -> 0 | FN61: =FN59*$C59 -> 0 | FS61: =SUM(F61:FQ61) -> 50607.8 | FU61: =FS61-C59 -> 0
A62: 18 | B62: =IF(A62<>0,INDEX(RESUMO!$A$10:$H$486,MATCH(A62,RESUMO!$A$10:$A$486,0),2),0) -> PORTAS E JANELAS | C62: =IF(A62<>0,INDEX(RESUMO!$A$10:$H$486,MATCH(A62,RESUMO!$A$10:$A$486,0),5),0) -> 43362.66 | D62: =IF(A62<>0,INDEX(RESUMO!$A$10:$H$486,MATCH(A62,RESUMO!$A$10:$A$486,0),8),0) -> 0.046 | E62: =IF(A62<>0,INDEX(RESUMO!$A$10:$I$486,MATCH(A62,RESUMO!$A$10:$A$486,0),8),0) -> 0.046 | AD62: 0.2 | AH62: 0.5 | AL62: 0.3 | FS62: =SUM(F62:FQ62) -> 1
AD63: A | AE63: A | AF63: A | AG63: A | AH63: A | AI63: A | AJ63: A | AK63: A | AL63: A | AM63: A | AN63: A | AO63: A
F64: =F62*$C62 -> 0 | H64: =H62*$C62 -> 0 | J64: =J62*$C62 -> 0 | N64: =N62*$C62 -> 0 | AD64: =AD62*$C62 -> 8672.53 | AH64: =AH62*$C62 -> 21681.33 | AL64: =AL62*$C62 -> 13008.8 | AP64: =AP62*$C62 -> 0 | AT64: =AT62*$C62 -> 0 | AX64: =AX62*$C62 -> 0 | BB64: =BB62*$C62 -> 0 | BF64: =BF62*$C62 -> 0 | BJ64: =BJ62*$C62 -> 0 | BN64: =BN62*$C62 -> 0 | BR64: =BR62*$C62 -> 0 | BV64: =BV62*$C62 -> 0 | BZ64: =BZ62*$C62 -> 0 | CD64: =CD62*$C62 -> 0 | CH64: =CH62*$C62 -> 0 | CL64: =CL62*$C62 -> 0 | CP64: =CP62*$C62 -> 0 | CT64: =CT62*$C62 -> 0 | CX64: =CX62*$C62 -> 0 | DB64: =DB62*$C62 -> 0 | DF64: =DF62*$C62 -> 0 | DJ64: =DJ62*$C62 -> 0 | DN64: =DN62*$C62 -> 0 | DR64: =DR62*$C62 -> 0 | DV64: =DV62*$C62 -> 0 | DZ64: =DZ62*$C62 -> 0 | ED64: =ED62*$C62 -> 0 | EH64: =EH62*$C62 -> 0 | EL64: =EL62*$C62 -> 0 | EP64: =EP62*$C62 -> 0 | ET64: =ET62*$C62 -> 0 | EX64: =EX62*$C62 -> 0 | FB64: =FB62*$C62 -> 0 | FF64: =FF62*$C62 -> 0 | FJ64: =FJ62*$C62 -> 0 | FN64: =FN62*$C62 -> 0 | FS64: =SUM(F64:FQ64) -> 43362.66 | FU64: =FS64-C62 -> 0
A65: 19 | B65: =IF(A65<>0,INDEX(RESUMO!$A$10:$H$486,MATCH(A65,RESUMO!$A$10:$A$486,0),2),0) -> LOUÇAS E METAIS | C65: =IF(A65<>0,INDEX(RESUMO!$A$10:$H$486,MATCH(A65,RESUMO!$A$10:$A$486,0),5),0) -> 10211.39 | D65: =IF(A65<>0,INDEX(RESUMO!$A$10:$H$486,MATCH(A65,RESUMO!$A$10:$A$486,0),8),0) -> 0.011 | E65: =IF(A65<>0,INDEX(RESUMO!$A$10:$I$486,MATCH(A65,RESUMO!$A$10:$A$486,0),8),0) -> 0.011 | AL65: 0.425 | AP65: 0.35 | AT65: 0.225 | FS65: =SUM(F65:FQ65) -> 1
AL66: A | AM66: A | AN66: A | AO66: A | AP66: A | AQ66: A | AR66: A | AS66: A | AT66: A | AU66: A | AV66: A | AW66: A
F67: =F65*$C65 -> 0 | H67: =H65*$C65 -> 0 | J67: =J65*$C65 -> 0 | N67: =N65*$C65 -> 0 | R67: =R65*$C65 -> 0 | AL67: =AL65*$C65 -> 4339.84 | AP67: =AP65*$C65 -> 3573.99 | AT67: =AT65*$C65 -> 2297.56 | AX67: =AX65*$C65 -> 0 | BB67: =BB65*$C65 -> 0 | BF67: =BF65*$C65 -> 0 | BJ67: =BJ65*$C65 -> 0 | BN67: =BN65*$C65 -> 0 | BR67: =BR65*$C65 -> 0 | BV67: =BV65*$C65 -> 0 | BZ67: =BZ65*$C65 -> 0 | CD67: =CD65*$C65 -> 0 | CH67: =CH65*$C65 -> 0 | CL67: =CL65*$C65 -> 0 | CP67: =CP65*$C65 -> 0 | CT67: =CT65*$C65 -> 0 | CX67: =CX65*$C65 -> 0 | DB67: =DB65*$C65 -> 0 | DF67: =DF65*$C65 -> 0 | DJ67: =DJ65*$C65 -> 0 | DN67: =DN65*$C65 -> 0 | DR67: =DR65*$C65 -> 0 | DV67: =DV65*$C65 -> 0 | DZ67: =DZ65*$C65 -> 0 | ED67: =ED65*$C65 -> 0 | EH67: =EH65*$C65 -> 0 | EL67: =EL65*$C65 -> 0 | EP67: =EP65*$C65 -> 0 | ET67: =ET65*$C65 -> 0 | EX67: =EX65*$C65 -> 0 | FB67: =FB65*$C65 -> 0 | FF67: =FF65*$C65 -> 0 | FJ67: =FJ65*$C65 -> 0 | FN67: =FN65*$C65 -> 0 | FS67: =SUM(F67:FQ67) -> 10211.39 | FU67: =FS67-C65 -> 0
A68: 20 | B68: =IF(A68<>0,INDEX(RESUMO!$A$10:$H$486,MATCH(A68,RESUMO!$A$10:$A$486,0),2),0) -> COMBATE A INCÊNDIO | C68: =IF(A68<>0,INDEX(RESUMO!$A$10:$H$486,MATCH(A68,RESUMO!$A$10:$A$486,0),5),0) -> 7141.46 | D68: =IF(A68<>0,INDEX(RESUMO!$A$10:$H$486,MATCH(A68,RESUMO!$A$10:$A$486,0),8),0) -> 0.008 | E68: =IF(A68<>0,INDEX(RESUMO!$A$10:$I$486,MATCH(A68,RESUMO!$A$10:$A$486,0),8),0) -> 0.008 | AT68: 0.55 | AX68: 0.45 | FS68: =SUM(F68:FQ68) -> 1
AT69: A | AU69: A | AV69: A | AW69: A | AX69: A | AY69: A | AZ69: A | BA69: A
